Workbook
Name CIT見込額: ②売上計画!$D$55
Name JICA社員報酬額: ③JICA用報酬計算!$L$60
Name JICA借上報酬額: ③JICA用報酬計算!$L$61
Name PIT社員: ⑤経費!$J$273
Name PIT社員通貨1: ⑤経費!$M$273
Name PIT社員通貨2: ⑤経費!$P$273
Name PIT社員通貨3: ⑤経費!$S$273
Name PIT社員通貨4: ⑤経費!$V$273
Name PIT借上: ⑤経費!$J$291
Name PIT借上_通貨1: ⑤経費!$M$291
Name PIT借上_通貨2: ⑤経費!$P$291
Name PIT借上_通貨3: ⑤経費!$S$291
Name PIT借上_通貨4: ⑤経費!$V$291
Name TL: ①基本条件!$C$11
Name WBS: ①基本条件!$C$4
Name プロジェクトコード: ①基本条件!$C$3
Name プロジェクト件名: ①基本条件!$C$5
Name リエゾン担当: ①基本条件!$C$14
Name 課長: ①基本条件!$C$13
Name 会議費計: ⑤経費!$J$146
Name 外注委託費計: ⑤経費!$J$54
Name 完成基準: ①基本条件!$C$16
Name 完成年度: ①基本条件!$C$15
Name 完成予定日: ①基本条件!$C$10
Name 経費_借上外注費及びPIT: ⑥経費一覧表!$D$19
Name 経費_人件費及びPIT: ⑥経費一覧表!$D$14
Name 経費売上額: ②売上計画!$D$48
Name 減価償却費計: ⑤経費!$J$229
Name 個人所得税計_借上分: ⑤経費!$J$291
Name 交際費計: ⑤経費!$J$158
Name 工期開始日: ①基本条件!$C$8
Name 工期終了日: ①基本条件!$C$9
Name 材料費計: ⑤経費!$J$28
Name 雑費計: ⑤経費!$J$318
Name 事務手数料計: ⑤経費!$J$302
Name 事務用品複写費計: ⑤経費!$J$122
Name 社員報酬額: ②売上計画!$D$16
Name 社員報酬売上高: ③人件費!$F$60
Name 借上外注費計: ④借上外注費!$N$152
Name 借上報酬額: ②売上計画!$D$22
Name 借上報酬額_通貨1: ④借上外注費!$E$37
Name 借上報酬額_通貨2: ④借上外注費!$D$75
Name 借上報酬額_通貨2_円: ④借上外注費!$E$75
Name 借上報酬額_通貨3: ④借上外注費!$D$108
Name 借上報酬額_通貨3_円: ④借上外注費!$E$108
Name 借上報酬額_通貨4: ④借上外注費!$D$141
Name 借上報酬額_通貨4_円: ④借上外注費!$E$141
Name 主管部: ①基本条件!$C$6
Name 修繕維持費計: ⑤経費!$J$169
Name 所長: ①基本条件!$C$12
Name 諸賃借料計: ⑤経費!$J$195
Name 人件費計: ③人件費!$N$57
Name 租税公課計: ⑤経費!$J$255
Name 地代家賃計: ⑤経費!$J$242
Name 通貨1: ①基本条件!$C$19
Name 通貨1レート: ①基本条件!$C$20
Name 通貨1単位: ①基本条件!$C$21
Name 通貨2: ①基本条件!$D$19
Name 通貨2レート: ①基本条件!$D$20
Name 通貨2単位: ①基本条件!$D$21

Sheet ①基本条件
B2: プロジェクト基本情報入力
B3: プロジェクトコード | C3: JA15R1003P | E3: ※黄色いセルを入力してください。
B4: WBS | C4: JA15R1003
B5: プロジェクト件名 | C5: ハノイ環状3号線マイジック～南タンロン区間実施設計
B6: 主管部 | C6: KR
B7: 分担部 | C7: KR
B8: 工期開始日
B9: 工期終了日
B10: 完成予定日
B11: TL | C11: 石本 一鶴
B12: 所長 | C12: 前田 哲哉
B13: 課長 | C13: 野末康博
B14: リエゾン担当 | C14: なし
B15: 完成年度 | C15: 2017年度
B16: 完成基準 | C16: 出来高
C18: 通貨1 | D18: 通貨2 | E18: 通貨3 | F18: 通貨4
B19: 種類 | C19: YEN
B20: 前年度月末レート | C20: =IF(通貨1="",0,VLOOKUP(通貨1,T_為替[[#All],[CODE]:[JUN]],2,FALSE)) -> 1 | D20: =IF(通貨2="",0,VLOOKUP(通貨2,T_為替[[#All],[CODE]:[JUN]],2,FALSE)) -> 0 | E20: =IF(通貨3="",0,VLOOKUP(通貨3,T_為替[[#All],[CODE]:[JUN]],2,FALSE)) -> 0 | F20: =IF(通貨4="",0,VLOOKUP(通貨4,T_為替[[#All],[CODE]:[JUN]],2,FALSE)) -> 0
B21: 表示単位 | C21: =IF(通貨1レート=0,0,IF(通貨1<0.01,1000,1)) -> 1 | D21: =IF(通貨2レート=0,0,IF(通貨2レート<0.01,1000,1)) -> 0 | E21: =IF(通貨3レート=0,0,IF(通貨3レート<0.01,1000,1)) -> 0 | F21: =IF(通貨4レート=0,0,IF(通貨4レート<0.01,1000,1)) -> 0
B22: ※通貨は、最大で４つまで指定できます。不要な通貨はブランクとしておいて下さい。 ※レートは別のシートから自動で検索します。 ※レートが0.01以下の場合は1000通貨単位で表示するようにします。 ※シートはエラー防止のためにロックしています。パスワードはかけていません。Alt-H-O-Pで解除できます。

Sheet ②売上計画
B2: 売上計画 | D2: 分担部 | E2: =分担部 -> KR | F2: WBS： | G2: =WBS -> JA15R1003
D3: 件名： | E3: =プロジェクト件名 -> ハノイ環状3号線マイジック～南タンロン区間実施設計
B5: ※黄色いセルに入力してください。 ※オレンジ色のセルは、他のシートとリンクしていますが、正しく表示されない場合には、直接入力して、上書きしてください。 | E5: 通貨1 | F5: 通貨2 | G5: 通貨3 | H5: 通貨4
D6: 通貨種類 | E6: =IF(通貨1="","",通貨1) -> YEN | F6: =IF(通貨2="","",通貨2) | G6: =IF(通貨3="","",通貨3) | H6: =IF(通貨4="","",通貨4)
D7: レート | E7: =通貨1レート -> 1 | F7: =通貨2レート -> 0 | G7: =通貨3レート -> 0 | H7: =通貨4レート -> 0
D8: 表示単位 | E8: =通貨1単位 -> 1 | F8: =通貨2単位 -> 0 | G8: =通貨3単位 -> 0 | H8: =通貨4単位 -> 0
B10: 報酬内訳 | D10: ※報酬額を社員と借上要員分に分けて合計額を入力してください。
B11: No. | C11: 項 目 | D11: 円換算値 | E11: =IF(通貨1="","",通貨1&"金額") -> YEN金額 | F11: =IF(通貨2="","",通貨2&"金額") | G11: =IF(通貨3="","",通貨3&"金額") | H11: =IF(通貨4="","",通貨4&"金額")
B12: 01 | C12: 社員報酬額（人件費シートより） | D12: =SUMPRODUCT(E$7:H$7,E$8:H$8,E12:H12) -> 0 | E12: =社員報酬売上高 -> 0
B13: 参考 | C13: 社員報酬額（JICA用報酬計算シートより） 計算には加えていません、検算用です。 | D13: =SUMPRODUCT(E$7:H$7,E$8:H$8,E13:H13) -> 0 | E13: =JICA社員報酬額 -> 0
B14: 02 | C14: 手入力 | D14: =SUMPRODUCT(E$7:H$7,E$8:H$8,E14:H14) -> 20866300 | E14: =17500000+3366300 -> 20866300
B15: 03 | C15: 端数調整 | D15: =SUMPRODUCT(E$7:H$7,E$8:H$8,E15:H15) -> 0 | E15: 0
C16: 社員報酬額 計 | D16: =SUM(D12:D15)-D13 -> 20866300 | E16: =SUM(E12:E15)-E13 -> 20866300 | F16: =SUM(F12:F15)-F13 -> 0 | G16: =SUM(G12:G15)-G13 -> 0 | H16: =SUM(H12:H15)-H13 -> 0
B18: 04 | C18: 借上報酬額（借上外注費シートより） | D18: =SUMPRODUCT(E$7:H$7,E$8:H$8,E18:H18) -> 0 | E18: =借上報酬額_通貨1 -> 0 | F18: =借上報酬額_通貨2 -> 0 | G18: =借上報酬額_通貨3 -> 0 | H18: =借上報酬額_通貨4 -> 0
B19: 参考 | C19: 借上報酬額（JICA用報酬計算シートより） 計算には加えていません、検算用です。 | D19: =SUMPRODUCT(E$7:H$7,E$8:H$8,E19:H19) -> 0 | E19: =JICA借上報酬額 -> 0
B20: 05 | C20: 手入力 | D20: =SUMPRODUCT(E$7:H$7,E$8:H$8,E20:H20) -> 20982500 | E20: 20982500
B21: 06 | C21: 端数調整 | D21: =SUMPRODUCT(E$7:H$7,E$8:H$8,E21:H21) -> 0
C22: 借上報酬額 計 | D22: =SUMPRODUCT(E$7:H$7,E$8:H$8,E22:H22) -> 20982500 | E22: =SUM(E18:E21)-E19 -> 20982500 | F22: =SUM(F18:F21)-F19 -> 0 | G22: =SUM(G18:G21)-G19 -> 0 | H22: =SUM(H18:H21)-H19 -> 0
C23: 報酬売上高 合計 | D23: =D22+D16 -> 41848800 | E23: =E22+E16 -> 41848800 | F23: =F22+F16 -> 0 | G23: =G22+G16 -> 0 | H23: =H22+H16 -> 0
B25: 契約MM内訳 | D25: ※報酬に対応するMMを社員と借上要員に分けて入力してください。
B26: No. | C26: 項 目 | D26: 契約MM計 | E26: =IF(通貨1="","",通貨1&"部分") -> YEN部分 | F26: =IF(通貨2="","",通貨2&"部分") | G26: =IF(通貨3="","",通貨3&"部分") | H26: =IF(通貨4="","",通貨4&"部分")
B27: 01 | C27: 社員分 | D27: =SUM(E27:H27) -> 10 | E27: 10
B28: 02 | C28: 借上分 | D28: =SUM(E28:H28) -> 12 | E28: 12 | F28: =④借上外注費!G71 -> 0 | G28: =④借上外注費!G104 -> 0 | H28: =④借上外注費!G137 -> 0
C29: 合 計 | D29: =SUM(D27:D28) -> 22 | E29: =SUM(E27:E28) -> 22 | F29: =SUM(F27:F28) -> 0 | G29: =SUM(G27:G28) -> 0 | H29: =SUM(H27:H28) -> 0
B31: 経費内訳 | D31: ※売上の内、経費部分に相当する金額を入力してください。
B32: No. | C32: 項 目 | D32: 円換算値 | E32: =IF(通貨1="","",通貨1&"金額") -> YEN金額 | F32: =IF(通貨2="","",通貨2&"金額") | G32: =IF(通貨3="","",通貨3&"金額") | H32: =IF(通貨4="","",通貨4&"金額")
B33: 01 | C33: 旅費（航空賃） | D33: =SUMPRODUCT(E$7:H$7,E$8:H$8,E33:H33) -> 2758000 | E33: 2758000
B34: 02 | C34: 旅費（その他：日当宿泊費、戦争特約保険料、特別手当） | D34: =SUMPRODUCT(E$7:H$7,E$8:H$8,E34:H34) -> 8202000 | E34: =8004000+198000 -> 8202000
B35: 03 | C35: 一般業務費 | D35: =SUMPRODUCT(E$7:H$7,E$8:H$8,E35:H35) -> 0
B36: 04 | C36: 成果品作成費 | D36: =SUMPRODUCT(E$7:H$7,E$8:H$8,E36:H36) -> 0
B37: 05 | C37: 機材費（機材購入費） | D37: =SUMPRODUCT(E$7:H$7,E$8:H$8,E37:H37) -> 0
B38: 06 | C38: 機材費（機材送料） | D38: =SUMPRODUCT(E$7:H$7,E$8:H$8,E38:H38) -> 0
B39: 07 | C39: 再委託費（現地再委託費） | D39: =SUMPRODUCT(E$7:H$7,E$8:H$8,E39:H39) -> 0
B40: 08 | C40: 再委託費（国内再委託費） | D40: =SUMPRODUCT(E$7:H$7,E$8:H$8,E40:H40) -> 0
B41: 09 | C41: 国内研修費（国別研修費） | D41: =SUMPRODUCT(E$7:H$7,E$8:H$8,E41:H41) -> 0
B42: 10 | C42: 国内研修費（国内ワークショップ等開催費） | D42: =SUMPRODUCT(E$7:H$7,E$8:H$8,E42:H42) -> 0
B43: 11 | C43: CIT （NK全体） | D43: =SUMPRODUCT(E$7:H$7,E$8:H$8,E43:H43) -> 4735237 | E43: 4735237
B44: 12 | D44: =SUMPRODUCT(E$7:H$7,E$8:H$8,E44:H44) -> 0
B45: 13 | D45: =SUMPRODUCT(E$7:H$7,E$8:H$8,E45:H45) -> 0
B46: 14 | D46: =SUMPRODUCT(E$7:H$7,E$8:H$8,E46:H46) -> 0
B47: 15 | D47: =SUMPRODUCT(E$7:H$7,E$8:H$8,E47:H47) -> 0
C48: 合 計 | D48: =SUM(D33:D47) -> 15695237 | E48: =SUM(E33:E47) -> 15695237 | F48: =SUM(F33:F47) -> 0 | G48: =SUM(G33:G47) -> 0 | H48: =SUM(H33:H47) -> 0
B50: CIT見込額 | D50: ※CITの金額が分かる場合には、CITを入力してください。
B51: No. | C51: 項 目 | D51: 円換算値 | E51: =IF(通貨1="","",通貨1&"金額") -> YEN金額 | F51: =IF(通貨2="","",通貨2&"金額") | G51: =IF(通貨3="","",通貨3&"金額") | H51: =IF(通貨4="","",通貨4&"金額")
B52: 01 | C52: 報酬部分にかかる場合 | D52: =SUMPRODUCT(E$7:H$7,E$8:H$8,E52:H52) -> 0
B53: 02 | C53: 全体にかかる場合 | D53: =SUMPRODUCT(E$7:H$7,E$8:H$8,E53:H53) -> 4735237 | E53: 4735237
B54: 03 | D54: =SUMPRODUCT(E$7:H$7,E$8:H$8,E54:H54) -> 0
C55: 合 計 | D55: =SUM(D52:D54) -> 4735237 | E55: =SUM(E52:E54) -> 4735237 | F55: =SUM(F52:F54) -> 0 | G55: =SUM(G52:G54) -> 0 | H55: =SUM(H52:H54) -> 0
D57: 報酬売上額 | E57: =D23 -> 41848800
D58: 経費売上額 | E58: =経費売上額 -> 15695237 | F58: 内、CIT見込額
D59: 売上高合計 | E59: =E57+E58 -> 57544037 | F59: =CIT見込額 -> 4735237

Sheet ③JICA用報酬計算
B1: JICA用B/R計算シート | G1: 分担部 | H1: =分担部 -> KR | J1: WBS： | L1: =WBS -> JA15R1003
G2: 件名： | H2: =プロジェクト件名 -> ハノイ環状3号線マイジック～南タンロン区間実施設計
B4: 氏名 | C4: 社員・借上 等区分 | D4: 格付 | E4: 月額単価 | F4: 派遣 期間 | G4: 直接人件費 | H4: 諸経 費率 | I4: 諸経費 | J4: 技術 経費率 | K4: 技術経費 | L4: 報酬額 | M4: B/R
E5: =IF(D5="",0,VLOOKUP(D5,テーブル9[[格付]:[採用単価]],2,FALSE)) -> 0 | G5: =E5*F5 -> 0 | I5: =G5*H5 -> 0 | K5: =(G5+I5)*J5 -> 0 | L5: =G5+I5+K5 -> 0 | M5: =IF(F5=0,0,L5/F5) -> 0
E6: =IF(D6="",0,VLOOKUP(D6,テーブル9[[格付]:[採用単価]],2,FALSE)) -> 0 | G6: =E6*F6 -> 0 | I6: =G6*H6 -> 0 | K6: =(G6+I6)*J6 -> 0 | L6: =G6+I6+K6 -> 0 | M6: =IF(F6=0,0,L6/F6) -> 0
E7: =IF(D7="",0,VLOOKUP(D7,テーブル9[[格付]:[採用単価]],2,FALSE)) -> 0 | G7: =E7*F7 -> 0 | I7: =G7*H7 -> 0 | K7: =(G7+I7)*J7 -> 0 | L7: =G7+I7+K7 -> 0 | M7: =IF(F7=0,0,L7/F7) -> 0
E8: =IF(D8="",0,VLOOKUP(D8,テーブル9[[格付]:[採用単価]],2,FALSE)) -> 0 | G8: =E8*F8 -> 0 | I8: =G8*H8 -> 0 | K8: =(G8+I8)*J8 -> 0 | L8: =G8+I8+K8 -> 0 | M8: =IF(F8=0,0,L8/F8) -> 0
E9: =IF(D9="",0,VLOOKUP(D9,テーブル9[[格付]:[採用単価]],2,FALSE)) -> 0 | G9: =E9*F9 -> 0 | I9: =G9*H9 -> 0 | K9: =(G9+I9)*J9 -> 0 | L9: =G9+I9+K9 -> 0 | M9: =IF(F9=0,0,L9/F9) -> 0
E10: =IF(D10="",0,VLOOKUP(D10,テーブル9[[格付]:[採用単価]],2,FALSE)) -> 0 | G10: =E10*F10 -> 0 | I10: =G10*H10 -> 0 | K10: =(G10+I10)*J10 -> 0 | L10: =G10+I10+K10 -> 0 | M10: =IF(F10=0,0,L10/F10) -> 0
E11: =IF(D11="",0,VLOOKUP(D11,テーブル9[[格付]:[採用単価]],2,FALSE)) -> 0 | G11: =E11*F11 -> 0 | I11: =G11*H11 -> 0 | K11: =(G11+I11)*J11 -> 0 | L11: =G11+I11+K11 -> 0 | M11: =IF(F11=0,0,L11/F11) -> 0
E12: =IF(D12="",0,VLOOKUP(D12,テーブル9[[格付]:[採用単価]],2,FALSE)) -> 0 | G12: =E12*F12 -> 0 | I12: =G12*H12 -> 0 | K12: =(G12+I12)*J12 -> 0 | L12: =G12+I12+K12 -> 0 | M12: =IF(F12=0,0,L12/F12) -> 0
E13: =IF(D13="",0,VLOOKUP(D13,テーブル9[[格付]:[採用単価]],2,FALSE)) -> 0 | G13: =E13*F13 -> 0 | I13: =G13*H13 -> 0 | K13: =(G13+I13)*J13 -> 0 | L13: =G13+I13+K13 -> 0 | M13: =IF(F13=0,0,L13/F13) -> 0
E14: =IF(D14="",0,VLOOKUP(D14,テーブル9[[格付]:[採用単価]],2,FALSE)) -> 0 | G14: =E14*F14 -> 0 | I14: =G14*H14 -> 0 | K14: =(G14+I14)*J14 -> 0 | L14: =G14+I14+K14 -> 0 | M14: =IF(F14=0,0,L14/F14) -> 0
E15: =IF(D15="",0,VLOOKUP(D15,テーブル9[[格付]:[採用単価]],2,FALSE)) -> 0 | G15: =E15*F15 -> 0 | I15: =G15*H15 -> 0 | K15: =(G15+I15)*J15 -> 0 | L15: =G15+I15+K15 -> 0 | M15: =IF(F15=0,0,L15/F15) -> 0
E16: =IF(D16="",0,VLOOKUP(D16,テーブル9[[格付]:[採用単価]],2,FALSE)) -> 0 | G16: =E16*F16 -> 0 | I16: =G16*H16 -> 0 | K16: =(G16+I16)*J16 -> 0 | L16: =G16+I16+K16 -> 0 | M16: =IF(F16=0,0,L16/F16) -> 0
... E21: =IF(D21="",0,VLOOKUP(D21,テーブル9[[格付]:[採用単価]],2,FALSE)) -> 0 | G21: =E21*F21 -> 0 | I21: =G21*H21 -> 0 | K21: =(G21+I21)*J21 -> 0 | L21: =G21+I21+K21 -> 0 | M21: =IF(F21=0,0,L21/F21) -> 0
E22: =IF(D22="",0,VLOOKUP(D22,テーブル9[[格付]:[採用単価]],2,FALSE)) -> 0 | G22: =E22*F22 -> 0 | I22: =G22*H22 -> 0 | K22: =(G22+I22)*J22 -> 0 | L22: =G22+I22+K22 -> 0 | M22: =IF(F22=0,0,L22/F22) -> 0 | O22: 格 付 | P22: このシートの採用単価 | Q22: 基準月額（円）
E23: =IF(D23="",0,VLOOKUP(D23,テーブル9[[格付]:[採用単価]],2,FALSE)) -> 0 | G23: =E23*F23 -> 0 | I23: =G23*H23 -> 0 | K23: =(G23+I23)*J23 -> 0 | L23: =G23+I23+K23 -> 0 | M23: =IF(F23=0,0,L23/F23) -> 0 | Q23: 2013年度 | R23: 2014年度 | S23: 2015年度 | T23: 2016年度 | U23: 2017年度 | V23: 2018年度
E24: =IF(D24="",0,VLOOKUP(D24,テーブル9[[格付]:[採用単価]],2,FALSE)) -> 0 | G24: =E24*F24 -> 0 | I24: =G24*H24 -> 0 | K24: =(G24+I24)*J24 -> 0 | L24: =G24+I24+K24 -> 0 | M24: =IF(F24=0,0,L24/F24) -> 0 | O24: 格付 | P24: 採用単価 | Q24: 2013年度 | R24: 2014年度 | S24: 2015年度 | T24: 2016年度 | U24: 2017年度 | V24: 2018年度
E25: =IF(D25="",0,VLOOKUP(D25,テーブル9[[格付]:[採用単価]],2,FALSE)) -> 0 | G25: =E25*F25 -> 0 | I25: =G25*H25 -> 0 | K25: =(G25+I25)*J25 -> 0 | L25: =G25+I25+K25 -> 0 | M25: =IF(F25=0,0,L25/F25) -> 0 | O25: 特 | P25: 1094000 | Q25: 1094000 | R25: 1140000 | S25: 1202000
E26: =IF(D26="",0,VLOOKUP(D26,テーブル9[[格付]:[採用単価]],2,FALSE)) -> 0 | G26: =E26*F26 -> 0 | I26: =G26*H26 -> 0 | K26: =(G26+I26)*J26 -> 0 | L26: =G26+I26+K26 -> 0 | M26: =IF(F26=0,0,L26/F26) -> 0 | O26: 1 | P26: 1016000 | Q26: 1016000 | R26: 1058000 | S26: 1116000
E27: =IF(D27="",0,VLOOKUP(D27,テーブル9[[格付]:[採用単価]],2,FALSE)) -> 0 | G27: =E27*F27 -> 0 | I27: =G27*H27 -> 0 | K27: =(G27+I27)*J27 -> 0 | L27: =G27+I27+K27 -> 0 | M27: =IF(F27=0,0,L27/F27) -> 0 | O27: 2 | P27: 894000 | Q27: 894000 | R27: 940000 | S27: 990000
E28: =IF(D28="",0,VLOOKUP(D28,テーブル9[[格付]:[採用単価]],2,FALSE)) -> 0 | G28: =E28*F28 -> 0 | I28: =G28*H28 -> 0 | K28: =(G28+I28)*J28 -> 0 | L28: =G28+I28+K28 -> 0 | M28: =IF(F28=0,0,L28/F28) -> 0 | O28: 3 | P28: 778000 | Q28: 778000 | R28: 820000 | S28: 856000
E29: =IF(D29="",0,VLOOKUP(D29,テーブル9[[格付]:[採用単価]],2,FALSE)) -> 0 | G29: =E29*F29 -> 0 | I29: =G29*H29 -> 0 | K29: =(G29+I29)*J29 -> 0 | L29: =G29+I29+K29 -> 0 | M29: =IF(F29=0,0,L29/F29) -> 0 | O29: 4 | P29: 630000 | Q29: 630000 | R29: 668000 | S29: 702000
E30: =IF(D30="",0,VLOOKUP(D30,テーブル9[[格付]:[採用単価]],2,FALSE)) -> 0 | G30: =E30*F30 -> 0 | I30: =G30*H30 -> 0 | K30: =(G30+I30)*J30 -> 0 | L30: =G30+I30+K30 -> 0 | M30: =IF(F30=0,0,L30/F30) -> 0 | O30: 5 | P30: 524000 | Q30: 524000 | R30: 542000 | S30: 568000
E31: =IF(D31="",0,VLOOKUP(D31,テーブル9[[格付]:[採用単価]],2,FALSE)) -> 0 | G31: =E31*F31 -> 0 | I31: =G31*H31 -> 0 | K31: =(G31+I31)*J31 -> 0 | L31: =G31+I31+K31 -> 0 | M31: =IF(F31=0,0,L31/F31) -> 0 | O31: 6 | P31: 436000 | Q31: 436000 | R31: 452000 | S31: 476000
E32: =IF(D32="",0,VLOOKUP(D32,テーブル9[[格付]:[採用単価]],2,FALSE)) -> 0 | G32: =E32*F32 -> 0 | I32: =G32*H32 -> 0 | K32: =(G32+I32)*J32 -> 0 | L32: =G32+I32+K32 -> 0 | M32: =IF(F32=0,0,L32/F32) -> 0
E33: =IF(D33="",0,VLOOKUP(D33,テーブル9[[格付]:[採用単価]],2,FALSE)) -> 0 | G33: =E33*F33 -> 0 | I33: =G33*H33 -> 0 | K33: =(G33+I33)*J33 -> 0 | L33: =G33+I33+K33 -> 0 | M33: =IF(F33=0,0,L33/F33) -> 0
E34: =IF(D34="",0,VLOOKUP(D34,テーブル9[[格付]:[採用単価]],2,FALSE)) -> 0 | G34: =E34*F34 -> 0 | I34: =G34*H34 -> 0 | K34: =(G34+I34)*J34 -> 0 | L34: =G34+I34+K34 -> 0 | M34: =IF(F34=0,0,L34/F34) -> 0
E35: =IF(D35="",0,VLOOKUP(D35,テーブル9[[格付]:[採用単価]],2,FALSE)) -> 0 | G35: =E35*F35 -> 0 | I35: =G35*H35 -> 0 | K35: =(G35+I35)*J35 -> 0 | L35: =G35+I35+K35 -> 0 | M35: =IF(F35=0,0,L35/F35) -> 0
E36: =IF(D36="",0,VLOOKUP(D36,テーブル9[[格付]:[採用単価]],2,FALSE)) -> 0 | G36: =E36*F36 -> 0 | I36: =G36*H36 -> 0 | K36: =(G36+I36)*J36 -> 0 | L36: =G36+I36+K36 -> 0 | M36: =IF(F36=0,0,L36/F36) -> 0
E37: =IF(D37="",0,VLOOKUP(D37,テーブル9[[格付]:[採用単価]],2,FALSE)) -> 0 | G37: =E37*F37 -> 0 | I37: =G37*H37 -> 0 | K37: =(G37+I37)*J37 -> 0 | L37: =G37+I37+K37 -> 0 | M37: =IF(F37=0,0,L37/F37) -> 0
E38: =IF(D38="",0,VLOOKUP(D38,テーブル9[[格付]:[採用単価]],2,FALSE)) -> 0 | G38: =E38*F38 -> 0 | I38: =G38*H38 -> 0 | K38: =(G38+I38)*J38 -> 0 | L38: =G38+I38+K38 -> 0 | M38: =IF(F38=0,0,L38/F38) -> 0
E39: =IF(D39="",0,VLOOKUP(D39,テーブル9[[格付]:[採用単価]],2,FALSE)) -> 0 | G39: =E39*F39 -> 0 | I39: =G39*H39 -> 0 | K39: =(G39+I39)*J39 -> 0 | L39: =G39+I39+K39 -> 0 | M39: =IF(F39=0,0,L39/F39) -> 0
E40: =IF(D40="",0,VLOOKUP(D40,テーブル9[[格付]:[採用単価]],2,FALSE)) -> 0 | G40: =E40*F40 -> 0 | I40: =G40*H40 -> 0 | K40: =(G40+I40)*J40 -> 0 | L40: =G40+I40+K40 -> 0 | M40: =IF(F40=0,0,L40/F40) -> 0
E41: =IF(D41="",0,VLOOKUP(D41,テーブル9[[格付]:[採用単価]],2,FALSE)) -> 0 | G41: =E41*F41 -> 0 | I41: =G41*H41 -> 0 | K41: =(G41+I41)*J41 -> 0 | L41: =G41+I41+K41 -> 0 | M41: =IF(F41=0,0,L41/F41) -> 0
E42: =IF(D42="",0,VLOOKUP(D42,テーブル9[[格付]:[採用単価]],2,FALSE)) -> 0 | G42: =E42*F42 -> 0 | I42: =G42*H42 -> 0 | K42: =(G42+I42)*J42 -> 0 | L42: =G42+I42+K42 -> 0 | M42: =IF(F42=0,0,L42/F42) -> 0
E43: =IF(D43="",0,VLOOKUP(D43,テーブル9[[格付]:[採用単価]],2,FALSE)) -> 0 | G43: =E43*F43 -> 0 | I43: =G43*H43 -> 0 | K43: =(G43+I43)*J43 -> 0 | L43: =G43+I43+K43 -> 0 | M43: =IF(F43=0,0,L43/F43) -> 0
... E55: =IF(D55="",0,VLOOKUP(D55,テーブル9[[格付]:[採用単価]],2,FALSE)) -> 0 | G55: =E55*F55 -> 0 | I55: =G55*H55 -> 0 | K55: =(G55+I55)*J55 -> 0 | L55: =G55+I55+K55 -> 0 | M55: =IF(F55=0,0,L55/F55) -> 0
B56: 計 | F56: =SUM(F5:F55) -> 0 | G56: =SUM(G5:G55) -> 0 | I56: =SUM(I5:I55) -> 0 | K56: =SUM(K5:K55) -> 0 | L56: =SUM(L5:L55) -> 0 | M56: =SUM(M5:M55) -> 0
B57: 改め | E57: 端数切捨 | G57: =ROUNDDOWN(G56,-3) -> 0 | I57: =ROUNDDOWN(I56,-3) -> 0 | K57: =ROUNDDOWN(K56,-3) -> 0 | L57: =ROUNDDOWN(L56,-3) -> 0 | M57: =ROUNDDOWN(M56,-3) -> 0
F59: MM | G59: 直接人件費 | I59: 諸経費 | K59: 技術経費 | L59: 報酬額 | M59: B/R | O59: 間接費
E60: 社員 | F60: =SUMIFS(F$5:F$55,C$5:C$55,E60) -> 0 | G60: =SUMIFS(G$5:G$55,C$5:C$55,E60) -> 0 | I60: =SUMIFS(I$5:I$55,C$5:C$55,E60) -> 0 | K60: =SUMIFS(K$5:K$55,C$5:C$55,E60) -> 0 | L60: =SUMIFS(L$5:L$55,C$5:C$55,E60) -> 0 | M60: =IF(F60=0,0,L60/F60) -> 0 | O60: =I60+K60 -> 0
E61: 借上 | F61: =SUMIFS(F$5:F$55,C$5:C$55,E61) -> 0 | G61: =SUMIFS(G$5:G$55,C$5:C$55,E61) -> 0 | I61: =SUMIFS(I$5:I$55,C$5:C$55,E61) -> 0 | K61: =SUMIFS(K$5:K$55,C$5:C$55,E61) -> 0 | L61: =SUMIFS(L$5:L$55,C$5:C$55,E61) -> 0 | M61: =IF(F61=0,0,L61/F61) -> 0 | O61: =I61+K61 -> 0
E62: JV先 | F62: =SUMIFS(F$5:F$55,C$5:C$55,E62) -> 0 | G62: =SUMIFS(G$5:G$55,C$5:C$55,E62) -> 0 | I62: =SUMIFS(I$5:I$55,C$5:C$55,E62) -> 0 | K62: =SUMIFS(K$5:K$55,C$5:C$55,E62) -> 0 | L62: =SUMIFS(L$5:L$55,C$5:C$55,E62) -> 0 | M62: =IF(F62=0,0,L62/F62) -> 0 | O62: =I62+K62 -> 0
E63: 未記入 | F63: =F56-SUM(F60:F62) -> 0 | G63: =G56-SUM(G60:G62) -> 0 | I63: =I56-SUM(I60:I62) -> 0 | K63: =K56-SUM(K60:K62) -> 0 | L63: =L56-SUM(L60:L62) -> 0 | M63: =IF(F63=0,0,L63/F63) -> 0 | O63: =I63+K63 -> 0
E64: 合計 | F64: =SUM(F60:F63) -> 0 | G64: =SUM(G60:G63) -> 0 | I64: =SUM(I60:I63) -> 0 | K64: =SUM(K60:K63) -> 0 | L64: =SUM(L60:L63) -> 0 | M64: =IF(F64=0,0,L64/F64) -> 0 | O64: =SUM(O60:O63) -> 0

Sheet ③人件費
B1: 社員人件費内訳表 | H1: 分担部 | I1: =分担部 -> KR | K1: WBS： | M1: =WBS -> JA15R1003
H2: 件名： | I2: =プロジェクト件名 -> ハノイ環状3号線マイジック～南タンロン区間実施設計
B4: 番号 | C4: 社員番号 | D4: 氏名 | E4: 所属 | F4: 資格 | G4: 受注B/R | H4: 社内賃率 | I4: MM | N4: 人件費
I5: 契約 | J5: 金額 | K5: 非契約 | L5: 金額 | M5: 合計
B6: 01 | D6: =IF(C6="","",VLOOKUP(C6,T_従業員[],2,FALSE)) | E6: =IF(C6="","",VLOOKUP(C6,T_従業員[],5,FALSE)) | F6: =IF(C6="","",VLOOKUP(C6,T_従業員[],8,FALSE)) | H6: =IF(F6="",0,VLOOKUP(F6,T_資格[[資格名称]:[月間賃率]],2,FALSE)) -> 0 | J6: =$H6*I6 -> 0 | L6: =$H6*K6 -> 0 | M6: =I6+K6 -> 0 | N6: =$H6*M6 -> 0
B7: 02 | D7: =IF(C7="","",VLOOKUP(C7,T_従業員[],2,FALSE)) | E7: =IF(C7="","",VLOOKUP(C7,T_従業員[],5,FALSE)) | F7: =IF(C7="","",VLOOKUP(C7,T_従業員[],8,FALSE)) | H7: =IF(F7="",0,VLOOKUP(F7,T_資格[[資格名称]:[月間賃率]],2,FALSE)) -> 0 | J7: =$H7*I7 -> 0 | L7: =$H7*K7 -> 0 | M7: =I7+K7 -> 0 | N7: =H7*M7 -> 0
B8: 03 | D8: =IF(C8="","",VLOOKUP(C8,T_従業員[],2,FALSE)) | E8: =IF(C8="","",VLOOKUP(C8,T_従業員[],5,FALSE)) | F8: =IF(C8="","",VLOOKUP(C8,T_従業員[],8,FALSE)) | H8: =IF(F8="",0,VLOOKUP(F8,T_資格[[資格名称]:[月間賃率]],2,FALSE)) -> 0 | J8: =$H8*I8 -> 0 | L8: =$H8*K8 -> 0 | M8: =I8+K8 -> 0 | N8: =H8*M8 -> 0
B9: 04 | D9: =IF(C9="","",VLOOKUP(C9,T_従業員[],2,FALSE)) | E9: =IF(C9="","",VLOOKUP(C9,T_従業員[],5,FALSE)) | F9: =IF(C9="","",VLOOKUP(C9,T_従業員[],8,FALSE)) | H9: =IF(F9="",0,VLOOKUP(F9,T_資格[[資格名称]:[月間賃率]],2,FALSE)) -> 0 | J9: =$H9*I9 -> 0 | L9: =$H9*K9 -> 0 | M9: =I9+K9 -> 0 | N9: =H9*M9 -> 0
B10: 05 | D10: =IF(C10="","",VLOOKUP(C10,T_従業員[],2,FALSE)) | E10: =IF(C10="","",VLOOKUP(C10,T_従業員[],5,FALSE)) | F10: =IF(C10="","",VLOOKUP(C10,T_従業員[],8,FALSE)) | H10: =IF(F10="",0,VLOOKUP(F10,T_資格[[資格名称]:[月間賃率]],2,FALSE)) -> 0 | J10: =$H10*I10 -> 0 | L10: =$H10*K10 -> 0 | M10: =I10+K10 -> 0 | N10: =H10*M10 -> 0
B11: 06 | D11: =IF(C11="","",VLOOKUP(C11,T_従業員[],2,FALSE)) | E11: =IF(C11="","",VLOOKUP(C11,T_従業員[],5,FALSE)) | F11: =IF(C11="","",VLOOKUP(C11,T_従業員[],8,FALSE)) | H11: =IF(F11="",0,VLOOKUP(F11,T_資格[[資格名称]:[月間賃率]],2,FALSE)) -> 0 | J11: =$H11*I11 -> 0 | L11: =$H11*K11 -> 0 | M11: =I11+K11 -> 0 | N11: =H11*M11 -> 0
B12: 07 | D12: =IF(C12="","",VLOOKUP(C12,T_従業員[],2,FALSE)) | E12: =IF(C12="","",VLOOKUP(C12,T_従業員[],5,FALSE)) | F12: =IF(C12="","",VLOOKUP(C12,T_従業員[],8,FALSE)) | H12: =IF(F12="",0,VLOOKUP(F12,T_資格[[資格名称]:[月間賃率]],2,FALSE)) -> 0 | J12: =$H12*I12 -> 0 | L12: =$H12*K12 -> 0 | M12: =I12+K12 -> 0 | N12: =H12*M12 -> 0
B13: 08 | D13: =IF(C13="","",VLOOKUP(C13,T_従業員[],2,FALSE)) | E13: =IF(C13="","",VLOOKUP(C13,T_従業員[],5,FALSE)) | F13: =IF(C13="","",VLOOKUP(C13,T_従業員[],8,FALSE)) | H13: =IF(F13="",0,VLOOKUP(F13,T_資格[[資格名称]:[月間賃率]],2,FALSE)) -> 0 | J13: =$H13*I13 -> 0 | L13: =$H13*K13 -> 0 | M13: =I13+K13 -> 0 | N13: =H13*M13 -> 0
B14: 09 | D14: =IF(C14="","",VLOOKUP(C14,T_従業員[],2,FALSE)) | E14: =IF(C14="","",VLOOKUP(C14,T_従業員[],5,FALSE)) | F14: =IF(C14="","",VLOOKUP(C14,T_従業員[],8,FALSE)) | H14: =IF(F14="",0,VLOOKUP(F14,T_資格[[資格名称]:[月間賃率]],2,FALSE)) -> 0 | J14: =$H14*I14 -> 0 | L14: =$H14*K14 -> 0 | M14: =I14+K14 -> 0 | N14: =H14*M14 -> 0
B15: 10 | D15: =IF(C15="","",VLOOKUP(C15,T_従業員[],2,FALSE)) | E15: =IF(C15="","",VLOOKUP(C15,T_従業員[],5,FALSE)) | F15: =IF(C15="","",VLOOKUP(C15,T_従業員[],8,FALSE)) | H15: =IF(F15="",0,VLOOKUP(F15,T_資格[[資格名称]:[月間賃率]],2,FALSE)) -> 0 | J15: =$H15*I15 -> 0 | L15: =$H15*K15 -> 0 | M15: =I15+K15 -> 0 | N15: =H15*M15 -> 0
B16: 11 | D16: =IF(C16="","",VLOOKUP(C16,T_従業員[],2,FALSE)) | E16: =IF(C16="","",VLOOKUP(C16,T_従業員[],5,FALSE)) | F16: =IF(C16="","",VLOOKUP(C16,T_従業員[],8,FALSE)) | H16: =IF(F16="",0,VLOOKUP(F16,T_資格[[資格名称]:[月間賃率]],2,FALSE)) -> 0 | J16: =$H16*I16 -> 0 | L16: =$H16*K16 -> 0 | M16: =I16+K16 -> 0 | N16: =H16*M16 -> 0
B17: 12 | D17: =IF(C17="","",VLOOKUP(C17,T_従業員[],2,FALSE)) | E17: =IF(C17="","",VLOOKUP(C17,T_従業員[],5,FALSE)) | F17: =IF(C17="","",VLOOKUP(C17,T_従業員[],8,FALSE)) | H17: =IF(F17="",0,VLOOKUP(F17,T_資格[[資格名称]:[月間賃率]],2,FALSE)) -> 0 | J17: =$H17*I17 -> 0 | L17: =$H17*K17 -> 0 | M17: =I17+K17 -> 0 | N17: =H17*M17 -> 0
B18: 13 | D18: =IF(C18="","",VLOOKUP(C18,T_従業員[],2,FALSE)) | E18: =IF(C18="","",VLOOKUP(C18,T_従業員[],5,FALSE)) | F18: =IF(C18="","",VLOOKUP(C18,T_従業員[],8,FALSE)) | H18: =IF(F18="",0,VLOOKUP(F18,T_資格[[資格名称]:[月間賃率]],2,FALSE)) -> 0 | J18: =$H18*I18 -> 0 | L18: =$H18*K18 -> 0 | M18: =I18+K18 -> 0 | N18: =H18*M18 -> 0
... B55: 50 | D55: =IF(C55="","",VLOOKUP(C55,T_従業員[],2,FALSE)) | E55: =IF(C55="","",VLOOKUP(C55,T_従業員[],5,FALSE)) | F55: =IF(C55="","",VLOOKUP(C55,T_従業員[],8,FALSE)) | H55: =IF(F55="",0,VLOOKUP(F55,T_資格[[資格名称]:[月間賃率]],2,FALSE)) -> 0 | J55: =$H55*I55 -> 0 | L55: =$H55*K55 -> 0 | M55: =I55+K55 -> 0 | N55: =H55*M55 -> 0
C56: ※行を追加する必要がある場合には、この行の上に追加してください。
D57: 合計 | I57: =SUM(I6:I56) -> 0 | J57: =SUM(J6:J56) -> 0 | K57: =SUM(K6:K56) -> 0 | L57: =SUM(L6:L56) -> 0 | M57: =SUM(M6:M56) -> 0 | N57: =SUM(N6:N56) -> 0
D59: 項目 | F59: 金額 | G59: 社員報酬 利益率 | H59: 項目 | I59: MM | J59: 金額 | K59: 持出 MM率 | L59: 項目 | N59: 金額
D60: 報酬売上 | F60: =SUMPRODUCT(I6:I55,G6:G55) -> 0 | H60: 契 約 | I60: =I57 -> 0 | J60: =J57 -> 0 | L60: 平均賃率 | M60: 契 約 | N60: =IF(I57<>0,J57/I57,0) -> 0
D61: 人件費 | F61: =人件費計 -> 0 | H61: 非契約 | I61: =K57 -> 0 | J61: =L57 -> 0 | K61: =IF(J60=0,0,J61/J60) -> 0 | M61: 非契約 | N61: =IF(K57<>0,L57/K57,0) -> 0
D62: 報酬利益 | F62: =F60-F61 -> 0 | G62: =IF(F62=0,0,F62/F60) -> 0 | H62: 合 計 | I62: =I60+I61 -> 0 | J62: =J60+J61 -> 0 | M62: 全 体 | N62: =IF(M57<>0,人件費計/M57,0) -> 0
D64: ③JICA用報酬計算シートで入力した売上高は次のとおりです。
D65: =JICA社員報酬額 -> 0

Sheet ④借上外注費
B1: 借上外注費内訳表 | I1: 分担部 | K1: =分担部 -> KR | M1: WBS： | O1: =WBS -> JA15R1003
I2: 件名： | K2: =プロジェクト件名 -> ハノイ環状3号線マイジック～南タンロン区間実施設計
B4: 借上外注費内訳（通貨1） | F4: 通貨1: | H4: =通貨1 -> YEN | J4: 通貨1レート: | L4: =通貨1レート -> 1 | M4: 通貨1表示単位: | O4: =通貨1単位 -> 1
B6: 番号 | C6: 氏名 | D6: 所属 | E6: 受注BR | F6: 契約MM | J6: 非契約MM | M6: 発注額計
F7: 発注単価 | G7: MM | H7: 発注金額 | I7: 発注率 | J7: 発注単価 | K7: MM | L7: 発注金額 | M7: MM | N7: 発注金額計 | O7: 実質 発注単価 | P7: 実質 発注率
B8: 01 | H8: =F8*G8 -> 0 | I8: =IF(E8=0,0,F8/E8) -> 0 | L8: =J8*K8 -> 0 | M8: =G8+K8 -> 0 | N8: =H8+L8 -> 0 | O8: =IF(G8=0,0,N8/G8) -> 0 | P8: =IF(E8=0,0,O8/E8) -> 0
B9: 02 | H9: =F9*G9 -> 0 | I9: =IF(E9=0,0,F9/E9) -> 0 | L9: =J9*K9 -> 0 | M9: =G9+K9 -> 0 | N9: =H9+L9 -> 0 | O9: =IF(G9=0,0,N9/G9) -> 0 | P9: =IF(E9=0,0,O9/E9) -> 0
B10: 03 | H10: =F10*G10 -> 0 | I10: =IF(E10=0,0,F10/E10) -> 0 | L10: =J10*K10 -> 0 | M10: =G10+K10 -> 0 | N10: =H10+L10 -> 0 | O10: =IF(G10=0,0,N10/G10) -> 0 | P10: =IF(E10=0,0,O10/E10) -> 0
B11: 04 | H11: =F11*G11 -> 0 | I11: =IF(E11=0,0,F11/E11) -> 0 | L11: =J11*K11 -> 0 | M11: =G11+K11 -> 0 | N11: =H11+L11 -> 0 | O11: =IF(G11=0,0,N11/G11) -> 0 | P11: =IF(E11=0,0,O11/E11) -> 0
B12: 05 | H12: =F12*G12 -> 0 | I12: =IF(E12=0,0,F12/E12) -> 0 | L12: =J12*K12 -> 0 | M12: =G12+K12 -> 0 | N12: =H12+L12 -> 0 | O12: =IF(G12=0,0,N12/G12) -> 0 | P12: =IF(E12=0,0,O12/E12) -> 0
B13: 06 | H13: =F13*G13 -> 0 | I13: =IF(E13=0,0,F13/E13) -> 0 | L13: =J13*K13 -> 0 | M13: =G13+K13 -> 0 | N13: =H13+L13 -> 0 | O13: =IF(G13=0,0,N13/G13) -> 0 | P13: =IF(E13=0,0,O13/E13) -> 0
B14: 07 | H14: =F14*G14 -> 0 | I14: =IF(E14=0,0,F14/E14) -> 0 | L14: =J14*K14 -> 0 | M14: =G14+K14 -> 0 | N14: =H14+L14 -> 0 | O14: =IF(G14=0,0,N14/G14) -> 0 | P14: =IF(E14=0,0,O14/E14) -> 0
B15: 08 | H15: =F15*G15 -> 0 | I15: =IF(E15=0,0,F15/E15) -> 0 | L15: =J15*K15 -> 0 | M15: =G15+K15 -> 0 | N15: =H15+L15 -> 0 | O15: =IF(G15=0,0,N15/G15) -> 0 | P15: =IF(E15=0,0,O15/E15) -> 0
B16: 09 | H16: =F16*G16 -> 0 | I16: =IF(E16=0,0,F16/E16) -> 0 | L16: =J16*K16 -> 0 | M16: =G16+K16 -> 0 | N16: =H16+L16 -> 0 | O16: =IF(G16=0,0,N16/G16) -> 0 | P16: =IF(E16=0,0,O16/E16) -> 0
B17: 10 | H17: =F17*G17 -> 0 | I17: =IF(E17=0,0,F17/E17) -> 0 | L17: =J17*K17 -> 0 | M17: =G17+K17 -> 0 | N17: =H17+L17 -> 0 | O17: =IF(G17=0,0,N17/G17) -> 0 | P17: =IF(E17=0,0,O17/E17) -> 0
B18: 11 | H18: =F18*G18 -> 0 | I18: =IF(E18=0,0,F18/E18) -> 0 | L18: =J18*K18 -> 0 | M18: =G18+K18 -> 0 | N18: =H18+L18 -> 0 | O18: =IF(G18=0,0,N18/G18) -> 0 | P18: =IF(E18=0,0,O18/E18) -> 0
B19: 12 | H19: =F19*G19 -> 0 | I19: =IF(E19=0,0,F19/E19) -> 0 | L19: =J19*K19 -> 0 | M19: =G19+K19 -> 0 | N19: =H19+L19 -> 0 | O19: =IF(G19=0,0,N19/G19) -> 0 | P19: =IF(E19=0,0,O19/E19) -> 0
... B32: 25 | H32: =F32*G32 -> 0 | I32: =IF(E32=0,0,F32/E32) -> 0 | L32: =J32*K32 -> 0 | M32: =G32+K32 -> 0 | N32: =H32+L32 -> 0 | O32: =IF(G32=0,0,N32/G32) -> 0 | P32: =IF(E32=0,0,O32/E32) -> 0
C33: ※行を追加する必要がある場合には、この行の上に追加してください。
C34: 合計 | D34: 円貨 | G34: =SUM(G8:G33) -> 0 | H34: =SUM(H8:H33) -> 0 | K34: =SUM(K8:K33) -> 0 | L34: =SUM(L8:L33) -> 0 | M34: =SUM(M8:M33) -> 0 | N34: =SUM(N8:N33) -> 0
E36: 金額 | F36: 率 | J36: 金額 | K36: 率 | O36: 金額等
D37: 売上総額 | E37: =SUMPRODUCT($E$8:$E$33,$G$8:$G$33)*L4*O4 -> 0 | I37: 契約平均BR | J37: =IF(G34=0,0,SUMPRODUCT(E8:E33,G8:G33)/G34) -> 0 | N37: 契約平均BR | O37: =J37 -> 0
D38: 発注総額 | E38: =N34 -> 0 | F38: =IF(E37=0,0,E38/E37) -> 0 | I38: 契約平均発注単価 | J38: =IF(G34=0,0,H34/G34) -> 0 | K38: =IF(J37=0,0,J38/J37) -> 0 | N38: 実質発注単価 | O38: =IF(G34=0,0,N34/G34) -> 0
D39: 売上利益 | E39: =E37-E38 -> 0 | F39: =IF(E37=0,0,E39/E37) -> 0 | I39: 非契約平均発注単価 | J39: =IF(K34=0,0,L34/K34) -> 0 | K39: =IF(J37=0,0,J39/J37) -> 0 | N39: 実質発注率 | O39: =IF(O37=0,0,O38/O37) -> 0
B41: 借上外注費内訳（通貨2） | G41: 通貨2： | H41: =IF(通貨2="","",通貨2) | J41: 通貨2レート: | L41: =通貨2レート -> 0 | M41: 通貨2表示単位: | O41: =通貨2単位 -> 0
B43: 番号 | C43: 氏名 | D43: 所属 | E43: 受注BR | F43: 契約MM | J43: 非契約MM | M43: 発注額計
F44: 発注単価 | G44: MM | H44: 金額 | I44: 発注率 | J44: 発注単価 | K44: MM | L44: 金額 | M44: MM | N44: 金額計 | O44: 実質 発注単価 | P44: 実質 発注率
B45: 01 | H45: =F45*G45 -> 0 | I45: =IF(E45=0,0,F45/E45) -> 0 | L45: =J45*K45 -> 0 | M45: =G45+K45 -> 0 | N45: =H45+L45 -> 0 | O45: =IF(G45=0,0,N45/G45) -> 0 | P45: =IF(E45=0,0,O45/E45) -> 0
B46: 02 | H46: =F46*G46 -> 0 | I46: =IF(E46=0,0,F46/E46) -> 0 | L46: =J46*K46 -> 0 | M46: =G46+K46 -> 0 | N46: =H46+L46 -> 0 | O46: =IF(G46=0,0,N46/G46) -> 0 | P46: =IF(E46=0,0,O46/E46) -> 0
B47: 03 | H47: =F47*G47 -> 0 | I47: =IF(E47=0,0,F47/E47) -> 0 | L47: =J47*K47 -> 0 | M47: =G47+K47 -> 0 | N47: =H47+L47 -> 0 | O47: =IF(G47=0,0,N47/G47) -> 0 | P47: =IF(E47=0,0,O47/E47) -> 0
B48: 04 | H48: =F48*G48 -> 0 | I48: =IF(E48=0,0,F48/E48) -> 0 | L48: =J48*K48 -> 0 | M48: =G48+K48 -> 0 | N48: =H48+L48 -> 0 | O48: =IF(G48=0,0,N48/G48) -> 0 | P48: =IF(E48=0,0,O48/E48) -> 0
B49: 05 | H49: =F49*G49 -> 0 | I49: =IF(E49=0,0,F49/E49) -> 0 | L49: =J49*K49 -> 0 | M49: =G49+K49 -> 0 | N49: =H49+L49 -> 0 | O49: =IF(G49=0,0,N49/G49) -> 0 | P49: =IF(E49=0,0,O49/E49) -> 0
B50: 06 | H50: =F50*G50 -> 0 | I50: =IF(E50=0,0,F50/E50) -> 0 | L50: =J50*K50 -> 0 | M50: =G50+K50 -> 0 | N50: =H50+L50 -> 0 | O50: =IF(G50=0,0,N50/G50) -> 0 | P50: =IF(E50=0,0,O50/E50) -> 0
B51: 07 | H51: =F51*G51 -> 0 | I51: =IF(E51=0,0,F51/E51) -> 0 | L51: =J51*K51 -> 0 | M51: =G51+K51 -> 0 | N51: =H51+L51 -> 0 | O51: =IF(G51=0,0,N51/G51) -> 0 | P51: =IF(E51=0,0,O51/E51) -> 0
B52: 08 | H52: =F52*G52 -> 0 | I52: =IF(E52=0,0,F52/E52) -> 0 | L52: =J52*K52 -> 0 | M52: =G52+K52 -> 0 | N52: =H52+L52 -> 0 | O52: =IF(G52=0,0,N52/G52) -> 0 | P52: =IF(E52=0,0,O52/E52) -> 0
B53: 09 | H53: =F53*G53 -> 0 | I53: =IF(E53=0,0,F53/E53) -> 0 | L53: =J53*K53 -> 0 | M53: =G53+K53 -> 0 | N53: =H53+L53 -> 0 | O53: =IF(G53=0,0,N53/G53) -> 0 | P53: =IF(E53=0,0,O53/E53) -> 0
B54: 10 | H54: =F54*G54 -> 0 | I54: =IF(E54=0,0,F54/E54) -> 0 | L54: =J54*K54 -> 0 | M54: =G54+K54 -> 0 | N54: =H54+L54 -> 0 | O54: =IF(G54=0,0,N54/G54) -> 0 | P54: =IF(E54=0,0,O54/E54) -> 0
B55: 11 | H55: =F55*G55 -> 0 | I55: =IF(E55=0,0,F55/E55) -> 0 | L55: =J55*K55 -> 0 | M55: =G55+K55 -> 0 | N55: =H55+L55 -> 0 | O55: =IF(G55=0,0,N55/G55) -> 0 | P55: =IF(E55=0,0,O55/E55) -> 0
B56: 12 | H56: =F56*G56 -> 0 | I56: =IF(E56=0,0,F56/E56) -> 0 | L56: =J56*K56 -> 0 | M56: =G56+K56 -> 0 | N56: =H56+L56 -> 0 | O56: =IF(G56=0,0,N56/G56) -> 0 | P56: =IF(E56=0,0,O56/E56) -> 0
... B69: 25 | H69: =F69*G69 -> 0 | I69: =IF(E69=0,0,F69/E69) -> 0 | L69: =J69*K69 -> 0 | M69: =G69+K69 -> 0 | N69: =H69+L69 -> 0 | O69: =IF(G69=0,0,N69/G69) -> 0 | P69: =IF(E69=0,0,O69/E69) -> 0
C70: ※行を追加する必要がある場合には、この行の上に追加してください。
C71: 合計 | D71: =IF(通貨2="","通貨2",通貨2) -> 通貨2 | G71: =SUM(G45:G70) -> 0 | H71: =SUM(H45:H70) -> 0 | K71: =SUM(K45:K70) -> 0 | L71: =SUM(L45:L70) -> 0 | M71: =SUM(M45:M70) -> 0 | N71: =SUM(N45:N70) -> 0
C72: 合計 | D72: 円換算額 | G72: =G71 -> 0 | H72: =H71*$L41*$O41 -> 0 | K72: =K71 -> 0 | L72: =L71*$L41*$O41 -> 0 | M72: =M71 -> 0 | N72: =N71*$L41*$O41 -> 0
D74: =IF(通貨2="","通貨2",通貨2) -> 通貨2 | E74: 円貨 | F74: 率 | J74: 金額 | K74: 率 | O74: 金額等
C75: 売上総額 | D75: =SUMPRODUCT($E45:$E70,$G45:$G70) -> 0 | E75: =D75*L41*O41 -> 0 | I75: 契約平均BR | J75: =IF(G71=0,0,SUMPRODUCT(E45:E69,G45:G69)/G71) -> 0 | N75: 契約平均BR | O75: =J75 -> 0
C76: 発注総額 | D76: =N71 -> 0 | E76: =N72 -> 0 | F76: =IF(E75=0,0,E76/E75) -> 0 | I76: 契約平均発注単価 | J76: =IF(G71=0,0,H71/G71) -> 0 | K76: =IF(J75=0,0,J76/J75) -> 0 | N76: 実質発注単価 | O76: =IF(G71=0,0,N71/G71) -> 0
C77: 売上利益 | D77: =D75-D76 -> 0 | E77: =E75-E76 -> 0 | F77: =IF(E75=0,0,E77/E75) -> 0 | I77: 非契約平均発注単価 | J77: =IF(K71=0,0,L71/K71) -> 0 | K77: =IF(J75=0,0,J77/J75) -> 0 | N77: 実質発注率 | O77: =IF(O75=0,0,O76/O75) -> 0
B79: 借上外注費内訳（外貨3） | G79: 通貨3： | H79: =IF(通貨3="","",通貨3) | J79: 通貨3レート: | L79: =通貨3レート -> 0 | M79: 通貨3表示単位: | O79: =通貨3単位 -> 0
B81: 番号 | C81: 氏名 | D81: 所属 | E81: 受注BR | F81: 契約MM | J81: 非契約MM | M81: 発注額計
F82: 発注単価 | G82: MM | H82: 金額 | I82: 発注率 | J82: 発注単価 | K82: MM | L82: 金額 | M82: MM | N82: 金額計 | O82: 実質 発注単価 | P82: 実質 発注率
B83: 01 | H83: =F83*G83 -> 0 | I83: =IF(E83=0,0,F83/E83) -> 0 | L83: =J83*K83 -> 0 | M83: =G83+K83 -> 0 | N83: =H83+L83 -> 0 | O83: =IF(G83=0,0,N83/G83) -> 0 | P83: =IF(E83=0,0,O83/E83) -> 0
B84: 02 | H84: =F84*G84 -> 0 | I84: =IF(E84=0,0,F84/E84) -> 0 | L84: =J84*K84 -> 0 | M84: =G84+K84 -> 0 | N84: =H84+L84 -> 0 | O84: =IF(G84=0,0,N84/G84) -> 0 | P84: =IF(E84=0,0,O84/E84) -> 0
B85: 03 | H85: =F85*G85 -> 0 | I85: =IF(E85=0,0,F85/E85) -> 0 | L85: =J85*K85 -> 0 | M85: =G85+K85 -> 0 | N85: =H85+L85 -> 0 | O85: =IF(G85=0,0,N85/G85) -> 0 | P85: =IF(E85=0,0,O85/E85) -> 0
B86: 04 | H86: =F86*G86 -> 0 | I86: =IF(E86=0,0,F86/E86) -> 0 | L86: =J86*K86 -> 0 | M86: =G86+K86 -> 0 | N86: =H86+L86 -> 0 | O86: =IF(G86=0,0,N86/G86) -> 0 | P86: =IF(E86=0,0,O86/E86) -> 0
B87: 05 | H87: =F87*G87 -> 0 | I87: =IF(E87=0,0,F87/E87) -> 0 | L87: =J87*K87 -> 0 | M87: =G87+K87 -> 0 | N87: =H87+L87 -> 0 | O87: =IF(G87=0,0,N87/G87) -> 0 | P87: =IF(E87=0,0,O87/E87) -> 0
B88: 06 | H88: =F88*G88 -> 0 | I88: =IF(E88=0,0,F88/E88) -> 0 | L88: =J88*K88 -> 0 | M88: =G88+K88 -> 0 | N88: =H88+L88 -> 0 | O88: =IF(G88=0,0,N88/G88) -> 0 | P88: =IF(E88=0,0,O88/E88) -> 0
B89: 07 | H89: =F89*G89 -> 0 | I89: =IF(E89=0,0,F89/E89) -> 0 | L89: =J89*K89 -> 0 | M89: =G89+K89 -> 0 | N89: =H89+L89 -> 0 | O89: =IF(G89=0,0,N89/G89) -> 0 | P89: =IF(E89=0,0,O89/E89) -> 0
B90: 08 | H90: =F90*G90 -> 0 | I90: =IF(E90=0,0,F90/E90) -> 0 | L90: =J90*K90 -> 0 | M90: =G90+K90 -> 0 | N90: =H90+L90 -> 0 | O90: =IF(G90=0,0,N90/G90) -> 0 | P90: =IF(E90=0,0,O90/E90) -> 0
B91: 09 | H91: =F91*G91 -> 0 | I91: =IF(E91=0,0,F91/E91) -> 0 | L91: =J91*K91 -> 0 | M91: =G91+K91 -> 0 | N91: =H91+L91 -> 0 | O91: =IF(G91=0,0,N91/G91) -> 0 | P91: =IF(E91=0,0,O91/E91) -> 0
B92: 10 | H92: =F92*G92 -> 0 | I92: =IF(E92=0,0,F92/E92) -> 0 | L92: =J92*K92 -> 0 | M92: =G92+K92 -> 0 | N92: =H92+L92 -> 0 | O92: =IF(G92=0,0,N92/G92) -> 0 | P92: =IF(E92=0,0,O92/E92) -> 0
B93: 11 | H93: =F93*G93 -> 0 | I93: =IF(E93=0,0,F93/E93) -> 0 | L93: =J93*K93 -> 0 | M93: =G93+K93 -> 0 | N93: =H93+L93 -> 0 | O93: =IF(G93=0,0,N93/G93) -> 0 | P93: =IF(E93=0,0,O93/E93) -> 0
B94: 12 | H94: =F94*G94 -> 0 | I94: =IF(E94=0,0,F94/E94) -> 0 | L94: =J94*K94 -> 0 | M94: =G94+K94 -> 0 | N94: =H94+L94 -> 0 | O94: =IF(G94=0,0,N94/G94) -> 0 | P94: =IF(E94=0,0,O94/E94) -> 0
... B102: 20 | H102: =F102*G102 -> 0 | I102: =IF(E102=0,0,F102/E102) -> 0 | L102: =J102*K102 -> 0 | M102: =G102+K102 -> 0 | N102: =H102+L102 -> 0 | O102: =IF(G102=0,0,N102/G102) -> 0 | P102: =IF(E102=0,0,O102/E102) -> 0
C103: ※行を追加する必要がある場合には、この行の上に追加してください。
C104: 合計 | D104: =IF(通貨3="","通貨3",通貨3) -> 通貨3 | G104: =SUM(G83:G103) -> 0 | H104: =SUM(H83:H103) -> 0 | K104: =SUM(K83:K103) -> 0 | L104: =SUM(L83:L103) -> 0 | M104: =SUM(M83:M103) -> 0 | N104: =SUM(N83:N103) -> 0
C105: 合計 | D105: 円換算額 | G105: =G104 -> 0 | H105: =H104*$L79*$O79 -> 0 | K105: =K104 -> 0 | L105: =L104*$L79*$O79 -> 0 | M105: =M104 -> 0 | N105: =N104*$L79*$O79 -> 0
D107: =IF(通貨3="","通貨3",通貨3) -> 通貨3 | E107: 円貨 | F107: 率 | J107: 金額 | K107: 率 | O107: 金額等
C108: 売上総額 | D108: =SUMPRODUCT($E83:$E103,$G83:$G103) -> 0 | E108: =D108*L79*O79 -> 0 | I108: 契約平均BR | J108: =IF(G104=0,0,SUMPRODUCT(E83:E102,G83:G102)/G104) -> 0 | N108: 契約平均BR | O108: =J108 -> 0
C109: 発注総額 | D109: =N104 -> 0 | E109: =N105 -> 0 | F109: =IF(E108=0,0,E109/E108) -> 0 | I109: 契約平均発注単価 | J109: =IF(G104=0,0,H104/G104) -> 0 | K109: =IF(J108=0,0,J109/J108) -> 0 | N109: 実質発注単価 | O109: =IF(G104=0,0,N104/G104) -> 0
C110: 売上利益 | D110: =D108-D109 -> 0 | E110: =E108-E109 -> 0 | F110: =IF(E108=0,0,E110/E108) -> 0 | I110: 非契約平均発注単価 | J110: =IF(K104=0,0,L104/K104) -> 0 | K110: =IF(J108=0,0,J110/J108) -> 0 | N110: 実質発注率 | O110: =IF(O108=0,0,O109/O108) -> 0
B112: 借上外注費内訳（外貨4） | G112: 通貨4： | H112: =IF(通貨4="","",通貨4) | J112: 通貨4レート: | L112: =通貨4レート -> 0 | M112: 通貨4表示単位: | O112: =通貨4単位 -> 0
B114: 番号 | C114: 氏名 | D114: 所属 | E114: 受注BR | F114: 契約MM | J114: 非契約MM | M114: 発注額計
F115: 発注単価 | G115: MM | H115: 金額 | I115: 発注率 | J115: 発注単価 | K115: MM | L115: 金額 | M115: MM | N115: 金額計 | O115: 実質 発注単価 | P115: 実質 発注率
B116: 01 | H116: =F116*G116 -> 0 | I116: =IF(E116=0,0,F116/E116) -> 0 | L116: =J116*K116 -> 0 | M116: =G116+K116 -> 0 | N116: =H116+L116 -> 0 | O116: =IF(G116=0,0,N116/G116) -> 0 | P116: =IF(E116=0,0,O116/E116) -> 0
B117: 02 | H117: =F117*G117 -> 0 | I117: =IF(E117=0,0,F117/E117) -> 0 | L117: =J117*K117 -> 0 | M117: =G117+K117 -> 0 | N117: =H117+L117 -> 0 | O117: =IF(G117=0,0,N117/G117) -> 0 | P117: =IF(E117=0,0,O117/E117) -> 0
B118: 03 | H118: =F118*G118 -> 0 | I118: =IF(E118=0,0,F118/E118) -> 0 | L118: =J118*K118 -> 0 | M118: =G118+K118 -> 0 | N118: =H118+L118 -> 0 | O118: =IF(G118=0,0,N118/G118) -> 0 | P118: =IF(E118=0,0,O118/E118) -> 0
B119: 04 | H119: =F119*G119 -> 0 | I119: =IF(E119=0,0,F119/E119) -> 0 | L119: =J119*K119 -> 0 | M119: =G119+K119 -> 0 | N119: =H119+L119 -> 0 | O119: =IF(G119=0,0,N119/G119) -> 0 | P119: =IF(E119=0,0,O119/E119) -> 0
B120: 05 | H120: =F120*G120 -> 0 | I120: =IF(E120=0,0,F120/E120) -> 0 | L120: =J120*K120 -> 0 | M120: =G120+K120 -> 0 | N120: =H120+L120 -> 0 | O120: =IF(G120=0,0,N120/G120) -> 0 | P120: =IF(E120=0,0,O120/E120) -> 0
B121: 06 | H121: =F121*G121 -> 0 | I121: =IF(E121=0,0,F121/E121) -> 0 | L121: =J121*K121 -> 0 | M121: =G121+K121 -> 0 | N121: =H121+L121 -> 0 | O121: =IF(G121=0,0,N121/G121) -> 0 | P121: =IF(E121=0,0,O121/E121) -> 0
B122: 07 | H122: =F122*G122 -> 0 | I122: =IF(E122=0,0,F122/E122) -> 0 | L122: =J122*K122 -> 0 | M122: =G122+K122 -> 0 | N122: =H122+L122 -> 0 | O122: =IF(G122=0,0,N122/G122) -> 0 | P122: =IF(E122=0,0,O122/E122) -> 0
B123: 08 | H123: =F123*G123 -> 0 | I123: =IF(E123=0,0,F123/E123) -> 0 | L123: =J123*K123 -> 0 | M123: =G123+K123 -> 0 | N123: =H123+L123 -> 0 | O123: =IF(G123=0,0,N123/G123) -> 0 | P123: =IF(E123=0,0,O123/E123) -> 0
B124: 09 | H124: =F124*G124 -> 0 | I124: =IF(E124=0,0,F124/E124) -> 0 | L124: =J124*K124 -> 0 | M124: =G124+K124 -> 0 | N124: =H124+L124 -> 0 | O124: =IF(G124=0,0,N124/G124) -> 0 | P124: =IF(E124=0,0,O124/E124) -> 0
B125: 10 | H125: =F125*G125 -> 0 | I125: =IF(E125=0,0,F125/E125) -> 0 | L125: =J125*K125 -> 0 | M125: =G125+K125 -> 0 | N125: =H125+L125 -> 0 | O125: =IF(G125=0,0,N125/G125) -> 0 | P125: =IF(E125=0,0,O125/E125) -> 0
B126: 11 | H126: =F126*G126 -> 0 | I126: =IF(E126=0,0,F126/E126) -> 0 | L126: =J126*K126 -> 0 | M126: =G126+K126 -> 0 | N126: =H126+L126 -> 0 | O126: =IF(G126=0,0,N126/G126) -> 0 | P126: =IF(E126=0,0,O126/E126) -> 0
B127: 12 | H127: =F127*G127 -> 0 | I127: =IF(E127=0,0,F127/E127) -> 0 | L127: =J127*K127 -> 0 | M127: =G127+K127 -> 0 | N127: =H127+L127 -> 0 | O127: =IF(G127=0,0,N127/G127) -> 0 | P127: =IF(E127=0,0,O127/E127) -> 0
... B134: 19 | H134: =F134*G134 -> 0 | I134: =IF(E134=0,0,F134/E134) -> 0 | L134: =J134*K134 -> 0 | M134: =G134+K134 -> 0 | N134: =H134+L134 -> 0 | O134: =IF(G134=0,0,N134/G134) -> 0 | P134: =IF(E134=0,0,O134/E134) -> 0
B135: 20 | H135: =F135*G135 -> 0 | I135: =IF(E135=0,0,F135/E135) -> 0 | L135: =J135*K135 -> 0 | M135: =G135+K135 -> 0 | N135: =H135+L135 -> 0 | O135: =IF(G131=0,0,N131/G131) -> 0 | P135: =IF(E135=0,0,O135/E135) -> 0
C136: ※行を追加する必要がある場合には、この行の上に追加してください。
C137: 合計 | D137: =IF(通貨4="","通貨4",通貨4) -> 通貨4 | G137: =SUM(G116:G136) -> 0 | H137: =SUM(H116:H136) -> 0 | K137: =SUM(K116:K136) -> 0 | L137: =SUM(L116:L136) -> 0 | M137: =SUM(M116:M136) -> 0 | N137: =SUM(N116:N136) -> 0
C138: 合計 | D138: 円換算額 | G138: =G137 -> 0 | H138: =H137*$L112*$O112 -> 0 | K138: =K137 -> 0 | L138: =L137*$L112*$O112 -> 0 | M138: =M137 -> 0 | N138: =N137*$L112*$O112 -> 0
D140: =IF(通貨4="","通貨4",通貨4) -> 通貨4 | E140: 円貨 | F140: 率 | J140: 金額 | K140: 率 | O140: 金額等
C141: 売上総額 | D141: =SUMPRODUCT($E116:$E136,$G116:$G136) -> 0 | E141: =D141*L112*O112 -> 0 | I141: 契約平均BR | J141: =IF(G137=0,0,SUMPRODUCT(E116:E135,G116:G135)/G137) -> 0 | N141: 契約平均BR | O141: =J141 -> 0
C142: 発注総額 | D142: =N137 -> 0 | E142: =N138 -> 0 | F142: =IF(E141=0,0,E142/E141) -> 0 | I142: 契約平均発注単価 | J142: =IF(G137=0,0,H137/G137) -> 0 | K142: =IF(J141=0,0,J142/J141) -> 0 | N142: 実質発注単価 | O142: =IF(G137=0,0,N137/G137) -> 0
C143: 売上利益 | D143: =D141-D142 -> 0 | E143: =E141-E142 -> 0 | F143: =IF(E141=0,0,E143/E141) -> 0 | I143: 非契約平均発注単価 | J143: =IF(K137=0,0,L137/K137) -> 0 | K143: =IF(J141=0,0,J143/J141) -> 0 | N143: 実質発注率 | O143: =IF(O141=0,0,O142/O141) -> 0
B145: 外注費総括表
C146: 項目 | E146: 円換算 売上額 | F146: 通貨 | G146: 契約MM | K146: 非契約MM | M146: 合計
G147: MM | H147: 金額 | K147: MM | L147: 金額 | M147: MM | N147: 金額計
C148: 借上外注費 通貨1 | E148: =借上報酬額_通貨1 -> 0 | F148: =通貨1 -> YEN | G148: =G34 -> 0 | H148: =H34 -> 0 | K148: =K34 -> 0 | L148: =L34 -> 0 | M148: =M34 -> 0 | N148: =N34 -> 0
C149: 借上外注費 通貨2 | E149: =借上報酬額_通貨2_円 -> 0 | F149: =通貨2 -> 0 | G149: =G72 -> 0 | H149: =H72 -> 0 | K149: =K72 -> 0 | L149: =L72 -> 0 | M149: =M72 -> 0 | N149: =N72 -> 0
C150: 借上外注費 通貨3 | E150: =借上報酬額_通貨3_円 -> 0 | F150: =通貨3 -> 0 | G150: =G105 -> 0 | H150: =H105 -> 0 | K150: =K105 -> 0 | L150: =L105 -> 0 | M150: =M105 -> 0 | N150: =N105 -> 0
...

Sheet ⑤経費
B2: 直接原価費目内訳表(円貨） | K2: 分担部 | M2: =分担部 -> KR | O2: WBS： | Q2: =WBS -> JA15R1003
K3: 件名： | M3: =プロジェクト件名 -> ハノイ環状3号線マイジック～南タンロン区間実施設計
L5: 通貨1： | M5: =通貨1 -> YEN | O5: 通貨2： | P5: =通貨2 -> 0 | R5: 通貨3： | S5: =通貨3 -> 0 | U5: 通貨4： | V5: =通貨4 -> 0
L6: 通貨1レート： | M6: =通貨1レート -> 1 | O6: 通貨2レート： | P6: =通貨2レート -> 0 | R6: 通貨3レート： | S6: =通貨3レート -> 0 | U6: 通貨4レート： | V6: =通貨4レート -> 0
L7: 通貨1表示単位： | M7: =通貨1単位 -> 1 | O7: 通貨2表示単位： | P7: =通貨2単位 -> 0 | R7: 通貨3表示単位： | S7: =通貨3単位 -> 0 | U7: 通貨4表示単位： | V7: =通貨4単位 -> 0
B8: 3 | C8: 材料費
B9: No. | D9: 項 目 | E9: 摘 要 | F9: 単位 | G9: 請求 区分 | H9: 円換算値 | L9: 通貨1： | M9: =通貨1 -> YEN | O9: 通貨2： | P9: =IF(通貨2="","",通貨2) | R9: 通貨3： | S9: =IF(通貨3="","",通貨3) | U9: 通貨4： | V9: =IF(通貨4="","",通貨4)
H10: 換算単価 | I10: 数量 | J10: 金額 | K10: 単価 | L10: 数量 | M10: 金額 | N10: 単価 | O10: 数量 | P10: 金額 | Q10: 単価 | R10: 数量 | S10: 金額 | T10: 単価 | U10: 数量 | V10: 金額
B11: 1 | D11: 納入機材
C12: 1) | D12: 国内調達、現地納入機材 | E12: パソコン | F12: 台 | G12: 請求 | H12: =IF(I12=0,0,J12/I12) -> 0 | I12: =L12+O12+R12+U12 -> 0 | J12: =M$6*M$7*M12+P$6*P$7*P12+S$6*S$7*S12+V$6*V$7*V12 -> 0 | M12: =K12*L12 -> 0 | P12: =N12*O12 -> 0 | S12: =Q12*R12 -> 0 | V12: =T12*U12 -> 0
C13: 2) | E13: ソフトウェア | F13: 台 | G13: 請求 | H13: =IF(I13=0,0,J13/I13) -> 0 | I13: =L13+O13+R13+U13 -> 0 | J13: =M$6*M$7*M13+P$6*P$7*P13+S$6*S$7*S13+V$6*V$7*V13 -> 0 | M13: =K13*L13 -> 0 | P13: =N13*O13 -> 0 | S13: =Q13*R13 -> 0 | V13: =T13*U13 -> 0
C14: 3) | E14: 調査機器 | F14: 台 | G14: 持出 | H14: =IF(I14=0,0,J14/I14) -> 0 | I14: =L14+O14+R14+U14 -> 0 | J14: =M$6*M$7*M14+P$6*P$7*P14+S$6*S$7*S14+V$6*V$7*V14 -> 0 | M14: =K14*L14 -> 0 | P14: =N14*O14 -> 0 | S14: =Q14*R14 -> 0 | V14: =T14*U14 -> 0
C15: 4) | H15: =IF(I15=0,0,J15/I15) -> 0 | I15: =L15+O15+R15+U15 -> 0 | J15: =M$6*M$7*M15+P$6*P$7*P15+S$6*S$7*S15+V$6*V$7*V15 -> 0 | M15: =K15*L15 -> 0 | P15: =N15*O15 -> 0 | S15: =Q15*R15 -> 0 | V15: =T15*U15 -> 0
C16: 5) | D16: 海外調達、現地納入機材 | E16: 調査機器 | F16: 台 | G16: 請求 | H16: =IF(I16=0,0,J16/I16) -> 0 | I16: =L16+O16+R16+U16 -> 0 | J16: =M$6*M$7*M16+P$6*P$7*P16+S$6*S$7*S16+V$6*V$7*V16 -> 0 | M16: =K16*L16 -> 0 | P16: =N16*O16 -> 0 | S16: =Q16*R16 -> 0 | V16: =T16*U16 -> 0
C17: 6) | H17: =IF(I17=0,0,J17/I17) -> 0 | I17: =L17+O17+R17+U17 -> 0 | J17: =M$6*M$7*M17+P$6*P$7*P17+S$6*S$7*S17+V$6*V$7*V17 -> 0 | M17: =K17*L17 -> 0 | P17: =N17*O17 -> 0 | S17: =Q17*R17 -> 0 | V17: =T17*U17 -> 0
C18: 7) | G18: 持出 | H18: =IF(I18=0,0,J18/I18) -> 0 | I18: =L18+O18+R18+U18 -> 0 | J18: =M$6*M$7*M18+P$6*P$7*P18+S$6*S$7*S18+V$6*V$7*V18 -> 0 | M18: =K18*L18 -> 0 | P18: =N18*O18 -> 0 | S18: =Q18*R18 -> 0 | V18: =T18*U18 -> 0
C19: 8) | H19: =IF(I19=0,0,J19/I19) -> 0 | I19: =L19+O19+R19+U19 -> 0 | J19: =M$6*M$7*M19+P$6*P$7*P19+S$6*S$7*S19+V$6*V$7*V19 -> 0 | M19: =K19*L19 -> 0 | P19: =N19*O19 -> 0 | S19: =Q19*R19 -> 0 | V19: =T19*U19 -> 0
C20: 9) | H20: =IF(I20=0,0,J20/I20) -> 0 | I20: =L20+O20+R20+U20 -> 0 | J20: =M$6*M$7*M20+P$6*P$7*P20+S$6*S$7*S20+V$6*V$7*V20 -> 0 | M20: =K20*L20 -> 0 | P20: =N20*O20 -> 0 | S20: =Q20*R20 -> 0 | V20: =T20*U20 -> 0
C21: 10) | H21: =IF(I21=0,0,J21/I21) -> 0 | I21: =L21+O21+R21+U21 -> 0 | J21: =M$6*M$7*M21+P$6*P$7*P21+S$6*S$7*S21+V$6*V$7*V21 -> 0 | M21: =K21*L21 -> 0 | P21: =N21*O21 -> 0 | S21: =Q21*R21 -> 0 | V21: =T21*U21 -> 0
D22: ※行を追加する必要がある場合には、この行の上に追加してください。 | H22: =IF(I22=0,0,J22/I22) -> 0 | I22: =L22+O22+R22+U22 -> 0 | J22: =M$6*M$7*M22+P$6*P$7*P22+S$6*S$7*S22+V$6*V$7*V22 -> 0 | M22: =K22*L22 -> 0 | P22: =N22*O22 -> 0 | S22: =Q22*R22 -> 0 | V22: =T22*U22 -> 0
B23: 2 | D23: 工事用消耗品
C24: 1) | D24: 工事用消耗品 | E24: 工具等 | F24: 一式 | G24: 持出 | H24: =IF(I24=0,0,J24/I24) -> 0 | I24: =L24+O24+R24+U24 -> 0 | J24: =M$6*M$7*M24+P$6*P$7*P24+S$6*S$7*S24+V$6*V$7*V24 -> 0 | M24: =K24*L24 -> 0 | P24: =N24*O24 -> 0 | S24: =Q24*R24 -> 0 | V24: =T24*U24 -> 0
C25: 2) | H25: =IF(I25=0,0,J25/I25) -> 0 | I25: =L25+O25+R25+U25 -> 0 | J25: =M$6*M$7*M25+P$6*P$7*P25+S$6*S$7*S25+V$6*V$7*V25 -> 0 | M25: =K25*L25 -> 0 | P25: =N25*O25 -> 0 | S25: =Q25*R25 -> 0 | V25: =T25*U25 -> 0
C26: 3) | H26: =IF(I26=0,0,J26/I26) -> 0 | I26: =L26+O26+R26+U26 -> 0 | J26: =M$6*M$7*M26+P$6*P$7*P26+S$6*S$7*S26+V$6*V$7*V26 -> 0 | M26: =K26*L26 -> 0 | P26: =N26*O26 -> 0 | S26: =Q26*R26 -> 0 | V26: =T26*U26 -> 0
D27: ※行を追加する必要がある場合には、この行の上に追加してください。 | H27: =IF(I27=0,0,J27/I27) -> 0 | I27: =L27+O27+R27+U27 -> 0 | J27: =M$6*M$7*M27+P$6*P$7*P27+S$6*S$7*S27+V$6*V$7*V27 -> 0 | M27: =K27*L27 -> 0 | P27: =N27*O27 -> 0 | S27: =Q27*R27 -> 0 | V27: =T27*U27 -> 0
D28: 合 計 | F28: 0 | J28: =SUBTOTAL(9,J11:J27) -> 0 | M28: =SUBTOTAL(9,M11:M27) -> 0 | P28: =SUBTOTAL(9,P11:P27) -> 0 | S28: =SUBTOTAL(9,S11:S27) -> 0 | V28: =SUBTOTAL(9,V11:V27) -> 0
E29: 内、請求予定 | G29: 請求 | J29: =SUMIFS(J12:J22,$G12:$G22,$G29)+SUMIFS(J24:J27,$G24:$G27,$G29) -> 0 | M29: =SUMIFS(M12:M22,$G12:$G22,$G29)+SUMIFS(M24:M27,$G24:$G27,$G29) -> 0 | P29: =SUMIFS(P12:P22,$G12:$G22,$G29)+SUMIFS(P24:P27,$G24:$G27,$G29) -> 0 | S29: =SUMIFS(S12:S22,$G12:$G22,$G29)+SUMIFS(S24:S27,$G24:$G27,$G29) -> 0 | V29: =SUMIFS(V12:V22,$G12:$G22,$G29)+SUMIFS(V24:V27,$G24:$G27,$G29) -> 0
E30: 内、持出予定 | G30: 持出 | J30: =SUMIFS(J12:J22,$G12:$G22,$G30)+SUMIFS(J24:J27,$G24:$G27,$G30) -> 0 | M30: =SUMIFS(M12:M22,$G12:$G22,$G30)+SUMIFS(M24:M27,$G24:$G27,$G30) -> 0 | P30: =SUMIFS(P12:P22,$G12:$G22,$G30)+SUMIFS(P24:P27,$G24:$G27,$G30) -> 0 | S30: =SUMIFS(S12:S22,$G12:$G22,$G30)+SUMIFS(S24:S27,$G24:$G27,$G30) -> 0 | V30: =SUMIFS(V12:V22,$G12:$G22,$G30)+SUMIFS(V24:V27,$G24:$G27,$G30) -> 0
E31: =IF(J31<>0,"未区分","") | J31: =J28-J29-J30 -> 0 | M31: =M28-M29-M30 -> 0 | P31: =P28-P29-P30 -> 0 | S31: =S28-S29-S30 -> 0 | V31: =V28-V29-V30 -> 0
B32: 4 | C32: 外注委託費
B33: No. | D33: 項 目 | E33: 摘 要 | F33: 単位 | G33: 請求 区分 | H33: 円換算値 | L33: 通貨1： | M33: =通貨1 -> YEN | O33: 通貨2： | P33: =IF(通貨2="","",通貨2) | R33: 通貨3： | S33: =IF(通貨3="","",通貨3) | U33: 通貨4： | V33: =IF(通貨4="","",通貨4)
H34: 換算単価 | I34: 数量 | J34: 金額 | K34: 単価 | L34: 数量 | M34: 金額 | N34: 単価 | O34: 数量 | P34: 金額 | Q34: 単価 | R34: 数量 | S34: 金額 | T34: 単価 | U34: 数量 | V34: 金額
B35: 1 | D35: 国内再委託
C36: 1) | D36: 設計計算 | F36: 一式 | H36: =IF(I36=0,0,J36/I36) -> 0 | I36: =L36+O36+R36+U36 -> 0 | J36: =M$6*M$7*M36+P$6*P$7*P36+S$6*S$7*S36+V$6*V$7*V36 -> 0 | M36: =K36*L36 -> 0 | P36: =N36*O36 -> 0 | S36: =Q36*R36 -> 0 | V36: =T36*U36 -> 0
C37: 2) | H37: =IF(I37=0,0,J37/I37) -> 0 | I37: =L37+O37+R37+U37 -> 0 | J37: =M$6*M$7*M37+P$6*P$7*P37+S$6*S$7*S37+V$6*V$7*V37 -> 0 | M37: =K37*L37 -> 0 | P37: =N37*O37 -> 0 | S37: =Q37*R37 -> 0 | V37: =T37*U37 -> 0
C38: 3) | H38: =IF(I38=0,0,J38/I38) -> 0 | I38: =L38+O38+R38+U38 -> 0 | J38: =M$6*M$7*M38+P$6*P$7*P38+S$6*S$7*S38+V$6*V$7*V38 -> 0 | M38: =K38*L38 -> 0 | P38: =N38*O38 -> 0 | S38: =Q38*R38 -> 0 | V38: =T38*U38 -> 0
C39: 4) | H39: =IF(I39=0,0,J39/I39) -> 0 | I39: =L39+O39+R39+U39 -> 0 | J39: =M$6*M$7*M39+P$6*P$7*P39+S$6*S$7*S39+V$6*V$7*V39 -> 0 | M39: =K39*L39 -> 0 | P39: =N39*O39 -> 0 | S39: =Q39*R39 -> 0 | V39: =T39*U39 -> 0
C40: 5) | H40: =IF(I40=0,0,J40/I40) -> 0 | I40: =L40+O40+R40+U40 -> 0 | J40: =M$6*M$7*M40+P$6*P$7*P40+S$6*S$7*S40+V$6*V$7*V40 -> 0 | M40: =K40*L40 -> 0 | P40: =N40*O40 -> 0 | S40: =Q40*R40 -> 0 | V40: =T40*U40 -> 0
D41: ※行を追加する必要がある場合には、この行の上に追加してください。 | H41: =IF(I41=0,0,J41/I41) -> 0 | I41: =L41+O41+R41+U41 -> 0 | J41: =M$6*M$7*M41+P$6*P$7*P41+S$6*S$7*S41+V$6*V$7*V41 -> 0 | M41: =K41*L41 -> 0 | P41: =N41*O41 -> 0 | S41: =Q41*R41 -> 0 | V41: =T41*U41 -> 0
B42: 2 | D42: 現地再委託
C43: 1) | D43: 設計計算 | F43: 一式 | H43: =IF(I43=0,0,J43/I43) -> 0 | I43: =L43+O43+R43+U43 -> 0 | J43: =M$6*M$7*M43+P$6*P$7*P43+S$6*S$7*S43+V$6*V$7*V43 -> 0 | M43: =K43*L43 -> 0 | P43: =N43*O43 -> 0 | S43: =Q43*R43 -> 0 | V43: =T43*U43 -> 0
C44: 2) | D44: 交通調査 | F44: 一式 | G44: 持出 | H44: =IF(I44=0,0,J44/I44) -> 0 | I44: =L44+O44+R44+U44 -> 0 | J44: =M$6*M$7*M44+P$6*P$7*P44+S$6*S$7*S44+V$6*V$7*V44 -> 0 | M44: =K44*L44 -> 0 | P44: =N44*O44 -> 0 | S44: =Q44*R44 -> 0 | V44: =T44*U44 -> 0
C45: 3) | D45: 翻訳 | F45: 一式 | H45: =IF(I45=0,0,J45/I45) -> 0 | I45: =L45+O45+R45+U45 -> 0 | J45: =M$6*M$7*M45+P$6*P$7*P45+S$6*S$7*S45+V$6*V$7*V45 -> 0 | M45: =K45*L45 -> 0 | P45: =N45*O45 -> 0 | S45: =Q45*R45 -> 0 | V45: =T45*U45 -> 0
C46: 4) | H46: =IF(I46=0,0,J46/I46) -> 0 | I46: =L46+O46+R46+U46 -> 0 | J46: =M$6*M$7*M46+P$6*P$7*P46+S$6*S$7*S46+V$6*V$7*V46 -> 0 | M46: =K46*L46 -> 0 | P46: =N46*O46 -> 0 | S46: =Q46*R46 -> 0 | V46: =T46*U46 -> 0
C47: 5) | H47: =IF(I47=0,0,J47/I47) -> 0 | I47: =L47+O47+R47+U47 -> 0 | J47: =M$6*M$7*M47+P$6*P$7*P47+S$6*S$7*S47+V$6*V$7*V47 -> 0 | M47: =K47*L47 -> 0 | P47: =N47*O47 -> 0 | S47: =Q47*R47 -> 0 | V47: =T47*U47 -> 0
C48: 6) | H48: =IF(I48=0,0,J48/I48) -> 0 | I48: =L48+O48+R48+U48 -> 0 | J48: =M$6*M$7*M48+P$6*P$7*P48+S$6*S$7*S48+V$6*V$7*V48 -> 0 | M48: =K48*L48 -> 0 | P48: =N48*O48 -> 0 | S48: =Q48*R48 -> 0 | V48: =T48*U48 -> 0
C49: 7) | H49: =IF(I49=0,0,J49/I49) -> 0 | I49: =L49+O49+R49+U49 -> 0 | J49: =M$6*M$7*M49+P$6*P$7*P49+S$6*S$7*S49+V$6*V$7*V49 -> 0 | M49: =K49*L49 -> 0 | P49: =N49*O49 -> 0 | S49: =Q49*R49 -> 0 | V49: =T49*U49 -> 0
C50: 8) | H50: =IF(I50=0,0,J50/I50) -> 0 | I50: =L50+O50+R50+U50 -> 0 | J50: =M$6*M$7*M50+P$6*P$7*P50+S$6*S$7*S50+V$6*V$7*V50 -> 0 | M50: =K50*L50 -> 0 | P50: =N50*O50 -> 0 | S50: =Q50*R50 -> 0 | V50: =T50*U50 -> 0
C51: 9) | H51: =IF(I51=0,0,J51/I51) -> 0 | I51: =L51+O51+R51+U51 -> 0 | J51: =M$6*M$7*M51+P$6*P$7*P51+S$6*S$7*S51+V$6*V$7*V51 -> 0 | M51: =K51*L51 -> 0 | P51: =N51*O51 -> 0 | S51: =Q51*R51 -> 0 | V51: =T51*U51 -> 0
C52: 10) | H52: =IF(I52=0,0,J52/I52) -> 0 | I52: =L52+O52+R52+U52 -> 0 | J52: =M$6*M$7*M52+P$6*P$7*P52+S$6*S$7*S52+V$6*V$7*V52 -> 0 | M52: =K52*L52 -> 0 | P52: =N52*O52 -> 0 | S52: =Q52*R52 -> 0 | V52: =T52*U52 -> 0
D53: ※行を追加する必要がある場合には、この行の上に追加してください。 | H53: =IF(I53=0,0,J53/I53) -> 0 | I53: =L53+O53+R53+U53 -> 0 | J53: =M$6*M$7*M53+P$6*P$7*P53+S$6*S$7*S53+V$6*V$7*V53 -> 0 | M53: =K53*L53 -> 0 | P53: =N53*O53 -> 0 | S53: =Q53*R53 -> 0 | V53: =T53*U53 -> 0
D54: 合 計 | F54: 0 | J54: =SUBTOTAL(9,J35:J53) -> 0 | M54: =SUBTOTAL(9,M35:M53) -> 0 | P54: =SUBTOTAL(9,P35:P53) -> 0 | S54: =SUBTOTAL(9,S35:S53) -> 0 | V54: =SUBTOTAL(9,V35:V53) -> 0
E55: 内、請求予定 | G55: 請求 | J55: =SUMIFS(J36:J41,$G36:$G41,$G55)+SUMIFS(J43:J53,$G43:$G53,$G55) -> 0 | M55: =SUMIFS(M36:M41,$G36:$G41,$G55)+SUMIFS(M43:M53,$G43:$G53,$G55) -> 0 | P55: =SUMIFS(P36:P41,$G36:$G41,$G55)+SUMIFS(P43:P53,$G43:$G53,$G55) -> 0 | S55: =SUMIFS(S36:S41,$G36:$G41,$G55)+SUMIFS(S43:S53,$G43:$G53,$G55) -> 0 | V55: =SUMIFS(V36:V41,$G36:$G41,$G55)+SUMIFS(V43:V53,$G43:$G53,$G55) -> 0
E56: 内、持出予定 | G56: 持出 | J56: =SUMIFS(J36:J41,$G36:$G41,$G56)+SUMIFS(J43:J53,$G43:$G53,$G56) -> 0 | M56: =SUMIFS(M36:M41,$G36:$G41,$G56)+SUMIFS(M43:M53,$G43:$G53,$G56) -> 0 | P56: =SUMIFS(P36:P41,$G36:$G41,$G56)+SUMIFS(P43:P53,$G43:$G53,$G56) -> 0 | S56: =SUMIFS(S36:S41,$G36:$G41,$G56)+SUMIFS(S43:S53,$G43:$G53,$G56) -> 0 | V56: =SUMIFS(V36:V41,$G36:$G41,$G56)+SUMIFS(V43:V53,$G43:$G53,$G56) -> 0
E57: =IF(J57<>0,"未区分","") | J57: =J54-J55-J56 -> 0 | M57: =M54-M55-M56 -> 0 | P57: =P54-P55-P56 -> 0 | S57: =S54-S55-S56 -> 0 | V57: =V54-V55-V56 -> 0
B58: 5 | C58: 労務費
B59: No. | D59: 項 目 | E59: 摘 要 | F59: 単位 | G59: 請求 区分 | H59: 円換算値 | L59: 通貨1： | M59: =通貨1 -> YEN | O59: 通貨2： | P59: =IF(通貨2="","",通貨2) | R59: 通貨3： | S59: =IF(通貨3="","",通貨3) | U59: 通貨4： | V59: =IF(通貨4="","",通貨4)
H60: 換算単価 | I60: 数量 | J60: 金額 | K60: 単価 | L60: 数量 | M60: 金額 | N60: 単価 | O60: 数量 | P60: 金額 | Q60: 単価 | R60: 数量 | S60: 金額 | T60: 単価 | U60: 数量 | V60: 金額
B61: 1 | D61: ローカルスタッフ賃金・'現地傭人費
C62: 1) | D62: ローカルエンジニア | F62: MM | H62: =IF(I62=0,0,J62/I62) -> 0 | I62: =L62+O62+R62+U62 -> 0 | J62: =M$6*M$7*M62+P$6*P$7*P62+S$6*S$7*S62+V$6*V$7*V62 -> 0 | M62: =K62*L62 -> 0 | P62: =N62*O62 -> 0 | S62: =Q62*R62 -> 0 | V62: =T62*U62 -> 0
C63: 2) | D63: 秘書 | F63: MM | H63: =IF(I63=0,0,J63/I63) -> 0 | I63: =L63+O63+R63+U63 -> 0 | J63: =M$6*M$7*M63+P$6*P$7*P63+S$6*S$7*S63+V$6*V$7*V63 -> 0 | M63: =K63*L63 -> 0 | P63: =N63*O63 -> 0 | S63: =Q63*R63 -> 0 | V63: =T63*U63 -> 0
C64: 3) | D64: 通訳 | F64: MM | H64: =IF(I64=0,0,J64/I64) -> 0 | I64: =L64+O64+R64+U64 -> 0 | J64: =M$6*M$7*M64+P$6*P$7*P64+S$6*S$7*S64+V$6*V$7*V64 -> 0 | M64: =K64*L64 -> 0 | P64: =N64*O64 -> 0 | S64: =Q64*R64 -> 0 | V64: =T64*U64 -> 0
C65: 4) | D65: CADオペレータ | F65: MM | H65: =IF(I65=0,0,J65/I65) -> 0 | I65: =L65+O65+R65+U65 -> 0 | J65: =M$6*M$7*M65+P$6*P$7*P65+S$6*S$7*S65+V$6*V$7*V65 -> 0 | M65: =K65*L65 -> 0 | P65: =N65*O65 -> 0 | S65: =Q65*R65 -> 0 | V65: =T65*U65 -> 0
C66: 5) | D66: ドライバー | F66: MM | H66: =IF(I66=0,0,J66/I66) -> 0 | I66: =L66+O66+R66+U66 -> 0 | J66: =M$6*M$7*M66+P$6*P$7*P66+S$6*S$7*S66+V$6*V$7*V66 -> 0 | M66: =K66*L66 -> 0 | P66: =N66*O66 -> 0 | S66: =Q66*R66 -> 0 | V66: =T66*U66 -> 0
C67: 6) | D67: ドライバー | F67: MM | H67: =IF(I67=0,0,J67/I67) -> 0 | I67: =L67+O67+R67+U67 -> 0 | J67: =M$6*M$7*M67+P$6*P$7*P67+S$6*S$7*S67+V$6*V$7*V67 -> 0 | M67: =K67*L67 -> 0 | P67: =N67*O67 -> 0 | S67: =Q67*R67 -> 0 | V67: =T67*U67 -> 0
C68: 7) | H68: =IF(I68=0,0,J68/I68) -> 0 | I68: =L68+O68+R68+U68 -> 0 | J68: =M$6*M$7*M68+P$6*P$7*P68+S$6*S$7*S68+V$6*V$7*V68 -> 0 | M68: =K68*L68 -> 0 | P68: =N68*O68 -> 0 | S68: =Q68*R68 -> 0 | V68: =T68*U68 -> 0
C69: 8) | H69: =IF(I69=0,0,J69/I69) -> 0 | I69: =L69+O69+R69+U69 -> 0 | J69: =M$6*M$7*M69+P$6*P$7*P69+S$6*S$7*S69+V$6*V$7*V69 -> 0 | M69: =K69*L69 -> 0 | P69: =N69*O69 -> 0 | S69: =Q69*R69 -> 0 | V69: =T69*U69 -> 0
C70: 9) | H70: =IF(I70=0,0,J70/I70) -> 0 | I70: =L70+O70+R70+U70 -> 0 | J70: =M$6*M$7*M70+P$6*P$7*P70+S$6*S$7*S70+V$6*V$7*V70 -> 0 | M70: =K70*L70 -> 0 | P70: =N70*O70 -> 0 | S70: =Q70*R70 -> 0 | V70: =T70*U70 -> 0
C71: 10) | H71: =IF(I71=0,0,J71/I71) -> 0 | I71: =L71+O71+R71+U71 -> 0 | J71: =M$6*M$7*M71+P$6*P$7*P71+S$6*S$7*S71+V$6*V$7*V71 -> 0 | M71: =K71*L71 -> 0 | P71: =N71*O71 -> 0 | S71: =Q71*R71 -> 0 | V71: =T71*U71 -> 0
C72: 11) | H72: =IF(I72=0,0,J72/I72) -> 0 | I72: =L72+O72+R72+U72 -> 0 | J72: =M$6*M$7*M72+P$6*P$7*P72+S$6*S$7*S72+V$6*V$7*V72 -> 0 | M72: =K72*L72 -> 0 | P72: =N72*O72 -> 0 | S72: =Q72*R72 -> 0 | V72: =T72*U72 -> 0
C73: 12) | H73: =IF(I73=0,0,J73/I73) -> 0 | I73: =L73+O73+R73+U73 -> 0 | J73: =M$6*M$7*M73+P$6*P$7*P73+S$6*S$7*S73+V$6*V$7*V73 -> 0 | M73: =K73*L73 -> 0 | P73: =N73*O73 -> 0 | S73: =Q73*R73 -> 0 | V73: =T73*U73 -> 0
C74: 13) | H74: =IF(I74=0,0,J74/I74) -> 0 | I74: =L74+O74+R74+U74 -> 0 | J74: =M$6*M$7*M74+P$6*P$7*P74+S$6*S$7*S74+V$6*V$7*V74 -> 0 | M74: =K74*L74 -> 0 | P74: =N74*O74 -> 0 | S74: =Q74*R74 -> 0 | V74: =T74*U74 -> 0
C75: 14) | H75: =IF(I75=0,0,J75/I75) -> 0 | I75: =L75+O75+R75+U75 -> 0 | J75: =M$6*M$7*M75+P$6*P$7*P75+S$6*S$7*S75+V$6*V$7*V75 -> 0 | M75: =K75*L75 -> 0 | P75: =N75*O75 -> 0 | S75: =Q75*R75 -> 0 | V75: =T75*U75 -> 0
C76: 15) | H76: =IF(I76=0,0,J76/I76) -> 0 | I76: =L76+O76+R76+U76 -> 0 | J76: =M$6*M$7*M76+P$6*P$7*P76+S$6*S$7*S76+V$6*V$7*V76 -> 0 | M76: =K76*L76 -> 0 | P76: =N76*O76 -> 0 | S76: =Q76*R76 -> 0 | V76: =T76*U76 -> 0
D77: ※行を追加する必要がある場合には、この行の上に追加してください。 | H77: =IF(I77=0,0,J77/I77) -> 0 | I77: =L77+O77+R77+U77 -> 0 | J77: =M$6*M$7*M77+P$6*P$7*P77+S$6*S$7*S77+V$6*V$7*V77 -> 0 | M77: =K77*L77 -> 0 | P77: =N77*O77 -> 0 | S77: =Q77*R77 -> 0 | V77: =T77*U77 -> 0
D78: 合 計 | F78: 0 | J78: =SUBTOTAL(9,J61:J77) -> 0 | M78: =SUBTOTAL(9,M61:M77) -> 0 | P78: =SUBTOTAL(9,P61:P77) -> 0 | S78: =SUBTOTAL(9,S61:S77) -> 0 | V78: =SUBTOTAL(9,V61:V77) -> 0
E79: 内、請求予定 | G79: 請求 | J79: =SUMIFS(J62:J77,$G62:$G77,$G79) -> 0 | M79: =SUMIFS(M62:M77,$G62:$G77,$G79) -> 0 | P79: =SUMIFS(P62:P77,$G62:$G77,$G79) -> 0 | S79: =SUMIFS(S62:S77,$G62:$G77,$G79) -> 0 | V79: =SUMIFS(V62:V77,$G62:$G77,$G79) -> 0
E80: 内、持出予定 | G80: 持出 | J80: =SUMIFS(J62:J77,$G62:$G77,$G80) -> 0 | M80: =SUMIFS(M62:M77,$G62:$G77,$G80) -> 0 | P80: =SUMIFS(P62:P77,$G62:$G77,$G80) -> 0 | S80: =SUMIFS(S62:S77,$G62:$G77,$G80) -> 0 | V80: =SUMIFS(V62:V77,$G62:$G77,$G80) -> 0
E81: =IF(J81<>0,"未区分","") | J81: =J78-J79-J80 -> 0 | M81: =M78-M79-M80 -> 0 | P81: =P78-P79-P80 -> 0 | S81: =S78-S79-S80 -> 0 | V81: =V78-V79-V80 -> 0
B82: 6 | C82: 通信交通費
B83: No. | D83: 項 目 | E83: 摘 要 | F83: 単位 | G83: 請求 区分 | H83: 円換算値 | L83: 通貨1： | M83: =通貨1 -> YEN | O83: 通貨2： | P83: =IF(通貨2="","",通貨2) | R83: 通貨3： | S83: =IF(通貨3="","",通貨3) | U83: 通貨4： | V83: =IF(通貨4="","",通貨4)
H84: 換算単価 | I84: 数量 | J84: 金額 | K84: 単価 | L84: 数量 | M84: 金額 | N84: 単価 | O84: 数量 | P84: 金額 | Q84: 単価 | R84: 数量 | S84: 金額 | T84: 単価 | U84: 数量 | V84: 金額
B85: 1 | D85: 平日日当 | F85: 日 | H85: =IF(I85=0,0,J85/I85) -> 0 | I85: =L85+O85+R85+U85 -> 0 | J85: =M$6*M$7*M85+P$6*P$7*P85+S$6*S$7*S85+V$6*V$7*V85 -> 0 | M85: =K85*L85 -> 0 | P85: =N85*O85 -> 0 | S85: =Q85*R85 -> 0 | V85: =T85*U85 -> 0
B86: 2 | D86: 加給日当 | F86: 日 | H86: =IF(I86=0,0,J86/I86) -> 0 | I86: =L86+O86+R86+U86 -> 0 | J86: =M$6*M$7*M86+P$6*P$7*P86+S$6*S$7*S86+V$6*V$7*V86 -> 0 | M86: =K86*L86 -> 0 | P86: =N86*O86 -> 0 | S86: =Q86*R86 -> 0 | V86: =T86*U86 -> 0
B87: 3 | D87: 休日日当 | F87: 日 | H87: =IF(I87=0,0,J87/I87) -> 0 | I87: =L87+O87+R87+U87 -> 0 | J87: =M$6*M$7*M87+P$6*P$7*P87+S$6*S$7*S87+V$6*V$7*V87 -> 0 | M87: =K87*L87 -> 0 | P87: =N87*O87 -> 0 | S87: =Q87*R87 -> 0 | V87: =T87*U87 -> 0
B88: 4 | D88: 宿泊費・ホテル代 | F88: 泊 | H88: =IF(I88=0,0,J88/I88) -> 0 | I88: =L88+O88+R88+U88 -> 0 | J88: =M$6*M$7*M88+P$6*P$7*P88+S$6*S$7*S88+V$6*V$7*V88 -> 0 | M88: =K88*L88 -> 0 | P88: =N88*O88 -> 0 | S88: =Q88*R88 -> 0 | V88: =T88*U88 -> 0
B89: 5 | D89: 国内旅費 | F89: TRIP | H89: =IF(I89=0,0,J89/I89) -> 0 | I89: =L89+O89+R89+U89 -> 0 | J89: =M$6*M$7*M89+P$6*P$7*P89+S$6*S$7*S89+V$6*V$7*V89 -> 0 | M89: =K89*L89 -> 0 | P89: =N89*O89 -> 0 | S89: =Q89*R89 -> 0 | V89: =T89*U89 -> 0
B90: 6 | D90: 航空運賃 日本発券 | F90: TRIP | H90: =IF(I90=0,0,J90/I90) -> 0 | I90: =L90+O90+R90+U90 -> 0 | J90: =M$6*M$7*M90+P$6*P$7*P90+S$6*S$7*S90+V$6*V$7*V90 -> 0 | M90: =K90*L90 -> 0 | P90: =N90*O90 -> 0 | S90: =Q90*R90 -> 0 | V90: =T90*U90 -> 0
B91: 7 | D91: 航空運賃 現地発券 | F91: TRIP | H91: =IF(I91=0,0,J91/I91) -> 0 | I91: =L91+O91+R91+U91 -> 0 | J91: =M$6*M$7*M91+P$6*P$7*P91+S$6*S$7*S91+V$6*V$7*V91 -> 0 | M91: =K91*L91 -> 0 | P91: =N91*O91 -> 0 | S91: =Q91*R91 -> 0 | V91: =T91*U91 -> 0
B92: 8 | D92: 渡航先 国内旅費 | H92: =IF(I92=0,0,J92/I92) -> 0 | I92: =L92+O92+R92+U92 -> 0 | J92: =M$6*M$7*M92+P$6*P$7*P92+S$6*S$7*S92+V$6*V$7*V92 -> 0 | M92: =K92*L92 -> 0 | P92: =N92*O92 -> 0 | S92: =Q92*R92 -> 0 | V92: =T92*U92 -> 0
B93: 9 | D93: 渡航諸費用 | H93: =IF(I93=0,0,J93/I93) -> 0 | I93: =L93+O93+R93+U93 -> 0 | J93: =M$6*M$7*M93+P$6*P$7*P93+S$6*S$7*S93+V$6*V$7*V93 -> 0 | M93: =K93*L93 -> 0 | P93: =N93*O93 -> 0 | S93: =Q93*R93 -> 0 | V93: =T93*U93 -> 0
B94: 10 | D94: 郵便料金 | H94: =IF(I94=0,0,J94/I94) -> 0 | I94: =L94+O94+R94+U94 -> 0 | J94: =M$6*M$7*M94+P$6*P$7*P94+S$6*S$7*S94+V$6*V$7*V94 -> 0 | M94: =K94*L94 -> 0 | P94: =N94*O94 -> 0 | S94: =Q94*R94 -> 0 | V94: =T94*U94 -> 0
B95: 11 | D95: 電信電話料金 | H95: =IF(I95=0,0,J95/I95) -> 0 | I95: =L95+O95+R95+U95 -> 0 | J95: =M$6*M$7*M95+P$6*P$7*P95+S$6*S$7*S95+V$6*V$7*V95 -> 0 | M95: =K95*L95 -> 0 | P95: =N95*O95 -> 0 | S95: =Q95*R95 -> 0 | V95: =T95*U95 -> 0
B96: 12 | D96: 運搬費 | H96: =IF(I96=0,0,J96/I96) -> 0 | I96: =L96+O96+R96+U96 -> 0 | J96: =M$6*M$7*M96+P$6*P$7*P96+S$6*S$7*S96+V$6*V$7*V96 -> 0 | M96: =K96*L96 -> 0 | P96: =N96*O96 -> 0 | S96: =Q96*R96 -> 0 | V96: =T96*U96 -> 0
B97: 13 | D97: エクセス代 | H97: =IF(I97=0,0,J97/I97) -> 0 | I97: =L97+O97+R97+U97 -> 0 | J97: =M$6*M$7*M97+P$6*P$7*P97+S$6*S$7*S97+V$6*V$7*V97 -> 0 | M97: =K97*L97 -> 0 | P97: =N97*O97 -> 0 | S97: =Q97*R97 -> 0 | V97: =T97*U97 -> 0
B98: 14 | H98: =IF(I98=0,0,J98/I98) -> 0 | I98: =L98+O98+R98+U98 -> 0 | J98: =M$6*M$7*M98+P$6*P$7*P98+S$6*S$7*S98+V$6*V$7*V98 -> 0 | M98: =K98*L98 -> 0 | P98: =N98*O98 -> 0 | S98: =Q98*R98 -> 0 | V98: =T98*U98 -> 0
B99: 15 | H99: =IF(I99=0,0,J99/I99) -> 0 | I99: =L99+O99+R99+U99 -> 0 | J99: =M$6*M$7*M99+P$6*P$7*P99+S$6*S$7*S99+V$6*V$7*V99 -> 0 | M99: =K99*L99 -> 0 | P99: =N99*O99 -> 0 | S99: =Q99*R99 -> 0 | V99: =T99*U99 -> 0
B100: 16 | H100: =IF(I100=0,0,J100/I100) -> 0 | I100: =L100+O100+R100+U100 -> 0 | J100: =M$6*M$7*M100+P$6*P$7*P100+S$6*S$7*S100+V$6*V$7*V100 -> 0 | M100: =K100*L100 -> 0 | P100: =N100*O100 -> 0 | S100: =Q100*R100 -> 0 | V100: =T100*U100 -> 0
B101: 17 | H101: =IF(I101=0,0,J101/I101) -> 0 | I101: =L101+O101+R101+U101 -> 0 | J101: =M$6*M$7*M101+P$6*P$7*P101+S$6*S$7*S101+V$6*V$7*V101 -> 0 | M101: =K101*L101 -> 0 | P101: =N101*O101 -> 0 | S101: =Q101*R101 -> 0 | V101: =T101*U101 -> 0
B102: 18 | H102: =IF(I102=0,0,J102/I102) -> 0 | I102: =L102+O102+R102+U102 -> 0 | J102: =M$6*M$7*M102+P$6*P$7*P102+S$6*S$7*S102+V$6*V$7*V102 -> 0 | M102: =K102*L102 -> 0 | P102: =N102*O102 -> 0 | S102: =Q102*R102 -> 0 | V102: =T102*U102 -> 0
...

Sheet ⑥経費一覧表
B1: 直接経費一覧表 | D1: 分担部 | E1: =分担部 -> KR | F1: WBS： | G1: =WBS -> JA15R1003
D2: 件名： | E2: =プロジェクト件名 -> ハノイ環状3号線マイジック～南タンロン区間実施設計
E4: 通貨1 | F4: 通貨2 | G4: 通貨3 | H4: 通貨4
D5: 通貨種類 | E5: =通貨1 -> YEN | F5: =通貨2 -> 0 | G5: =通貨3 -> 0 | H5: =通貨4 -> 0
D6: レート | E6: =通貨1レート -> 1 | F6: =通貨2レート -> 0 | G6: =通貨3レート -> 0 | H6: =通貨4レート -> 0
D7: 表示単位 | E7: =通貨1単位 -> 1 | F7: =通貨2単位 -> 0 | G7: =通貨3単位 -> 0 | H7: =通貨4単位 -> 0
B9: No. | C9: 項 目 | D9: 円換算値 | E9: 通貨1金額 | F9: 通貨2金額 | G9: 通貨3金額 | H9: 通貨4金額
E10: =IF(通貨1="","",IF(通貨1単位=1,通貨1,通貨1&通貨1単位)) -> YEN | F10: =IF(通貨2="","",IF(通貨2単位=1,通貨2,通貨2&通貨2単位)) | G10: =IF(通貨3="","",IF(通貨3単位=1,通貨3,通貨3&通貨3単位)) | H10: =IF(通貨4="","",IF(通貨4単位=1,通貨4,通貨4&通貨4単位))
B11: B1a.人件費及びPIT
B12: 01 | C12: 人件費 | D12: =SUMPRODUCT(E12:H12,E$6:H$6,E$7:H$7) -> 12447230 | E12: =12447230 -> 12447230
B13: 18 | C13: 社員分PIT | D13: =SUMPRODUCT(E13:H13,E$6:H$6,E$7:H$7) -> 0 | E13: =PIT社員通貨1 -> 0 | F13: =PIT社員通貨2 -> 0 | G13: =PIT社員通貨3 -> 0 | H13: =PIT社員通貨4 -> 0
C14: 小計（社員人件費＋PIT） | D14: =D12+D13 -> 12447230 | E14: =E12+E13 -> 12447230 | F14: =F12+F13 -> 0 | G14: =G12+G13 -> 0 | H14: =H12+H13 -> 0
B16: B1b.借上外注費及びPIT
B17: 02 | C17: 借上外注費 | D17: =SUMPRODUCT(E17:H17,E$6:H$6,E$7:H$7) -> 12792000 | E17: =12792000 -> 12792000 | F17: =④借上外注費!N71 -> 0 | G17: =④借上外注費!N104 -> 0 | H17: =④借上外注費!N137 -> 0
B18: 19 | C18: 借上分PIT | D18: =SUMPRODUCT(E18:H18,E$6:H$6,E$7:H$7) -> 0 | E18: =PIT借上_通貨1 -> 0 | F18: =PIT借上_通貨2 -> 0 | G18: =PIT社員通貨3 -> 0 | H18: =PIT借上_通貨4 -> 0
C19: 小計（借上外注費＋PIT） | D19: =D17+D18 -> 12792000 | E19: =E17+E18 -> 12792000 | F19: =F17+F18 -> 0 | G19: =G17+G18 -> 0 | H19: =H17+H18 -> 0
B21: B2.その他経費
B22: 03 | C22: =⑤経費!D326 -> 材料費 | D22: =SUMPRODUCT(E22:H22,E$6:H$6,E$7:H$7) -> 0 | E22: =⑤経費!M326 -> 0 | F22: =⑤経費!P326 -> 0 | G22: =⑤経費!S326 -> 0 | H22: =⑤経費!V326 -> 0
B23: 04 | C23: =⑤経費!D327 -> 外注委託費 | D23: =SUMPRODUCT(E23:H23,E$6:H$6,E$7:H$7) -> 0 | E23: =⑤経費!M327 -> 0 | F23: =⑤経費!P327 -> 0 | G23: =⑤経費!S327 -> 0 | H23: =⑤経費!V327 -> 0
B24: 05 | C24: =⑤経費!D328 -> 労務費 | D24: =SUMPRODUCT(E24:H24,E$6:H$6,E$7:H$7) -> 1000000 | E24: =1000000 -> 1000000 | F24: =⑤経費!P328 -> 0 | G24: =⑤経費!S328 -> 0 | H24: =⑤経費!V328 -> 0
B25: 06 | C25: =⑤経費!D329 -> 通信交通費 | D25: =SUMPRODUCT(E25:H25,E$6:H$6,E$7:H$7) -> 16416971 | E25: =16416971 -> 16416971 | F25: =⑤経費!P329 -> 0 | G25: =⑤経費!S329 -> 0 | H25: =⑤経費!V329 -> 0
B26: 07 | C26: =⑤経費!D330 -> 事務用品複写費 | D26: =SUMPRODUCT(E26:H26,E$6:H$6,E$7:H$7) -> 100000 | E26: =100000 -> 100000 | F26: =⑤経費!P330 -> 0 | G26: =⑤経費!S330 -> 0 | H26: =⑤経費!V330 -> 0
B27: 08 | C27: =⑤経費!D331 -> 福利厚生費 | D27: =SUMPRODUCT(E27:H27,E$6:H$6,E$7:H$7) -> 0 | E27: =⑤経費!M331 -> 0 | F27: =⑤経費!P331 -> 0 | G27: =⑤経費!S331 -> 0 | H27: =⑤経費!V331 -> 0
B28: 09 | C28: =⑤経費!D332 -> 会議費 | D28: =SUMPRODUCT(E28:H28,E$6:H$6,E$7:H$7) -> 150000 | E28: =150000 -> 150000 | F28: =⑤経費!P332 -> 0 | G28: =⑤経費!S332 -> 0 | H28: =⑤経費!V332 -> 0
B29: 10 | C29: =⑤経費!D333 -> 交際費 | D29: =SUMPRODUCT(E29:H29,E$6:H$6,E$7:H$7) -> 320000 | E29: =320000 -> 320000 | F29: =⑤経費!P333 -> 0 | G29: =⑤経費!S333 -> 0 | H29: =⑤経費!V333 -> 0
B30: 11 | C30: =⑤経費!D334 -> 修繕維持費 | D30: =SUMPRODUCT(E30:H30,E$6:H$6,E$7:H$7) -> 0 | E30: =⑤経費!M334 -> 0 | F30: =⑤経費!P334 -> 0 | G30: =⑤経費!S334 -> 0 | H30: =⑤経費!V334 -> 0
B31: 12 | C31: =⑤経費!D335 -> 動力用水光熱費 | D31: =SUMPRODUCT(E31:H31,E$6:H$6,E$7:H$7) -> 0 | E31: =⑤経費!M335 -> 0 | F31: =⑤経費!P335 -> 0 | G31: =⑤経費!S335 -> 0 | H31: =⑤経費!V335 -> 0
B32: 13 | C32: =⑤経費!D336 -> 諸賃借料 | D32: =SUMPRODUCT(E32:H32,E$6:H$6,E$7:H$7) -> 0 | E32: =⑤経費!M336 -> 0 | F32: =⑤経費!P336 -> 0 | G32: =⑤経費!S336 -> 0 | H32: =⑤経費!V336 -> 0
B33: 14 | C33: =⑤経費!D337 -> 保険料 | D33: =SUMPRODUCT(E33:H33,E$6:H$6,E$7:H$7) -> 250000 | E33: =250000 -> 250000 | F33: =⑤経費!P337 -> 0 | G33: =⑤経費!S337 -> 0 | H33: =⑤経費!V337 -> 0
B34: 15 | C34: =⑤経費!D338 -> 減価償却費 | D34: =SUMPRODUCT(E34:H34,E$6:H$6,E$7:H$7) -> 0 | E34: =⑤経費!M338 -> 0 | F34: =⑤経費!P338 -> 0 | G34: =⑤経費!S338 -> 0 | H34: =⑤経費!V338 -> 0
B35: 16 | C35: =⑤経費!D339 -> 地代家賃 | D35: =SUMPRODUCT(E35:H35,E$6:H$6,E$7:H$7) -> 0 | E35: =⑤経費!M339 -> 0 | F35: =⑤経費!P339 -> 0 | G35: =⑤経費!S339 -> 0 | H35: =⑤経費!V339 -> 0
B36: 17 | C36: =⑤経費!D340 -> 租税公課 | D36: =SUMPRODUCT(E36:H36,E$6:H$6,E$7:H$7) -> 0 | E36: =⑤経費!M340 -> 0 | F36: =⑤経費!P340 -> 0 | G36: =⑤経費!S340 -> 0 | H36: =⑤経費!V340 -> 0
B37: 21 | C37: =⑤経費!D341 -> 雑費 | D37: =SUMPRODUCT(E37:H37,E$6:H$6,E$7:H$7) -> 1330000 | E37: =275000+1055000 -> 1330000 | F37: =⑤経費!P341 -> 0 | G37: =⑤経費!S341 -> 0 | H37: =⑤経費!V341 -> 0
C38: 小計（3～17、21） | D38: =SUBTOTAL(9,D22:D37) -> 19566971 | E38: =SUBTOTAL(9,E22:E37) -> 19566971 | F38: =SUBTOTAL(9,F22:F37) -> 0 | G38: =SUBTOTAL(9,G22:G37) -> 0 | H38: =SUBTOTAL(9,H22:H37) -> 0
B40: 20 | C40: =⑤経費!D345 -> 事務手数料 | D40: =SUMPRODUCT(E40:H40,E$6:H$6,E$7:H$7) -> -1055000 | E40: -1055000 | F40: =⑤経費!P345 -> 0 | G40: =⑤経費!S345 -> 0 | H40: =⑤経費!V345 -> 0
C41: 小計（3～20） | D41: =SUBTOTAL(9,D22:D40) -> 18511971 | E41: =SUBTOTAL(9,E22:E40) -> 18511971 | F41: =SUBTOTAL(9,F22:F40) -> 0 | G41: =SUBTOTAL(9,G22:G40) -> 0 | H41: =SUBTOTAL(9,H22:H40) -> 0
C43: 他経費（除、事務手数料） | D43: =D38+経費_人件費及びPIT+経費_借上外注費及びPIT -> 44806201 | E43: =E38+経費_人件費及びPIT+経費_借上外注費及びPIT -> 44806201 | F43: =F38+経費_人件費及びPIT+経費_借上外注費及びPIT -> 25239230 | G43: =G38+経費_人件費及びPIT+経費_借上外注費及びPIT -> 25239230 | H43: =H38+経費_人件費及びPIT+経費_借上外注費及びPIT -> 25239230
C44: 他経費（含、事務手数料） | D44: =D38+D40+経費_人件費及びPIT+経費_借上外注費及びPIT -> 43751201 | E44: =E38+E40+経費_人件費及びPIT+経費_借上外注費及びPIT -> 43751201 | F44: =F38+F40+経費_人件費及びPIT+経費_借上外注費及びPIT -> 25239230 | G44: =G38+G40+経費_人件費及びPIT+経費_借上外注費及びPIT -> 25239230 | H44: =H38+H40+経費_人件費及びPIT+経費_借上外注費及びPIT -> 25239230

Sheet ⑦実行予算総括表
B2: 単年度実行予算総括表
B4: プロジェクトコード | D4: =プロジェクトコード -> JA15R1003P | E4: WBSコード | G4: =WBS -> JA15R1003 | J4: 件名 | K4: =プロジェクト件名 -> ハノイ環状3号線マイジック～南タンロン区間実施設計
B5: 主管部 | D5: =主管部 -> KR | E5: 工期（開始日） | G5: =工期開始日 -> 0
B6: 分担部 | D6: =分担部 -> KR | E6: 工期（終了日） | G6: =工期終了日 -> 0 | J6: TL | L6: =TL -> 石本 一鶴 | M6: 課長 | O6: =課長 -> 野末康博
B7: 完成年度 | D7: =完成年度 -> 2017年度 | E7: 完成予定日 | G7: =完成予定日 -> 0 | J7: NK所長 | L7: =所長 -> 前田 哲哉 | M7: リエゾン | O7: =リエゾン担当 -> なし
B8: 完繰基準 | D8: =完成基準 -> 出来高 | M8: 最終更新日
B10: MM総括表 | J10: 予算明細表 | P10: （単位:千円）
C11: 項 目 | E11: 今回予算 | F11: 対契約MM 比率 | G11: 前回予算 | H11: 対契約MM 比率 | J11: 番号 | K11: 経費明細 | M11: 今回予算額 | N11: 経費 割合 | O11: 前回予算額 | P11: 経費 割合
B12: ① | C12: 契約MM | E12: =SUM(E13:E14) -> 0 | G12: =SUM(G13:G14) -> 0 | J12: B1 | K12: 報酬分経費 | M12: =SUBTOTAL(9,M13:M18) -> 25239230 | N12: =IF(M$36=0,0,M12/M$36) -> 0.5632977 | O12: =SUBTOTAL(9,O13:O18) -> 0 | P12: =IF(O$36=0,0,O12/O$36) -> 0
C13: 社員分MM | E13: =③人件費!I57 -> 0 | J13: B1a | K13: 社員人件費及びPIT | M13: =SUBTOTAL(9,M14:M15) -> 12447230 | N13: =IF(M$36=0,0,M13/M$36) -> 0.2778015 | O13: =SUBTOTAL(9,O14:O15) -> 0 | P13: =IF(O$36=0,0,O13/O$36) -> 0
C14: 借上分MM | E14: =④借上外注費!G152 -> 0 | J14: 01 | K14: 人件費 | M14: =⑥経費一覧表!D12 -> 12447230 | N14: =IF(M$36=0,0,M14/M$36) -> 0.2778015 | P14: =IF(O$36=0,0,O14/O$36) -> 0
B15: ② | C15: 非契約MM | E15: =SUM(E16:E17) -> 0 | F15: =IF(E12=0,0,E15/E12) -> 0 | G15: =SUM(G16:G17) -> 0 | H15: =IF(G12=0,0,G15/G12) -> 0 | J15: 18 | K15: 社員分PIT | M15: =⑥経費一覧表!D13 -> 0 | N15: =IF(M$36=0,0,M15/M$36) -> 0 | P15: =IF(O$36=0,0,O15/O$36) -> 0
C16: 社員分MM | E16: =③人件費!K57 -> 0 | J16: B1b | K16: 借上要員費及びPIT | M16: =SUBTOTAL(9,M17:M18) -> 12792000 | N16: =IF(M$36=0,0,M16/M$36) -> 0.2854962 | O16: =SUBTOTAL(9,O17:O18) -> 0 | P16: =IF(O$36=0,0,O16/O$36) -> 0
C17: 借上分MM | E17: =④借上外注費!K152 -> 0 | J17: 02 | K17: 借上外注費 | M17: =⑥経費一覧表!D17 -> 12792000 | N17: =IF(M$36=0,0,M17/M$36) -> 0.2854962 | P17: =IF(O$36=0,0,O17/O$36) -> 0
B18: ③ | C18: 稼働MM（①＋②） | E18: =SUM(E19:E20) -> 0 | F18: =IF(E12=0,0,E18/E12) -> 0 | G18: =SUM(G19:G20) -> 0 | H18: =IF(G12=0,0,G18/G12) -> 0 | J18: 19 | K18: 借上分PIT | M18: =⑥経費一覧表!D18 -> 0 | N18: =IF(M$36=0,0,M18/M$36) -> 0 | P18: =IF(O$36=0,0,O18/O$36) -> 0
C19: 社員分MM | E19: =E13+E16 -> 0 | G19: =G13+G16 -> 0 | J19: B2 | K19: 他経費計 | M19: =SUBTOTAL(9,M20:M35) -> 19566971 | N19: =IF(M$36=0,0,M19/M$36) -> 0.4367023 | O19: =SUBTOTAL(9,O20:O35) -> 0 | P19: =IF(O$36=0,0,O19/O$36) -> 0
C20: 借上分MM | E20: =E14+E17 -> 0 | G20: =G14+G17 -> 0 | J20: 03 | K20: 材料費 | M20: =⑥経費一覧表!D22 -> 0 | N20: =IF(M$36=0,0,M20/M$36) -> 0 | P20: =IF(O$36=0,0,O20/O$36) -> 0
J21: 04 | K21: 外注委託費 | M21: =⑥経費一覧表!D23 -> 0 | N21: =IF(M$36=0,0,M21/M$36) -> 0 | P21: =IF(O$36=0,0,O21/O$36) -> 0
B22: 新予算総括表 | J22: 05 | K22: 労務費 | M22: =⑥経費一覧表!D24 -> 1000000 | N22: =IF(M$36=0,0,M22/M$36) -> 0.022318339 | P22: =IF(O$36=0,0,O22/O$36) -> 0
B23: 番号 | C23: 項 目 | E23: 今回予算額 | F23: 対売上 比率 | G23: 前回予算額 | H23: 対売上 比率 | J23: 06 | K23: 通信交通費 | M23: =⑥経費一覧表!D25 -> 16416971 | N23: =IF(M$36=0,0,M23/M$36) -> 0.36639953 | P23: =IF(O$36=0,0,O23/O$36) -> 0
C24: 売上高 | J24: 07 | K24: 事務用品・複写費 | M24: =⑥経費一覧表!D26 -> 100000 | N24: =IF(M$36=0,0,M24/M$36) -> 0.0022318339 | P24: =IF(O$36=0,0,O24/O$36) -> 0
B25: A1 | C25: 報酬売上額 | E25: =SUBTOTAL(9,E26:E27) -> 41848800 | F25: =IF(E$29=0,0,E25/E$29) -> 0.72724825 | G25: =SUBTOTAL(9,G26:G27) -> 0 | H25: =IF(G$29=0,0,G25/G$29) -> 0 | J25: 08 | K25: 福利厚生費 | M25: =⑥経費一覧表!D27 -> 0 | N25: =IF(M$36=0,0,M25/M$36) -> 0 | P25: =IF(O$36=0,0,O25/O$36) -> 0
B26: A1a | C26: 社員報酬額 | E26: =社員報酬額 -> 20866300 | F26: =IF(E$29=0,0,E26/E$29) -> 0.36261446 | H26: =IF(G$29=0,0,G26/G$29) -> 0 | J26: 09 | K26: 会議費 | M26: =⑥経費一覧表!D28 -> 150000 | N26: =IF(M$36=0,0,M26/M$36) -> 0.0033477509 | P26: =IF(O$36=0,0,O26/O$36) -> 0
B27: A1b | C27: 借上報酬額 | E27: =借上報酬額 -> 20982500 | F27: =IF(E$29=0,0,E27/E$29) -> 0.36463378 | H27: =IF(G$29=0,0,G27/G$29) -> 0 | J27: 10 | K27: 交際費 | M27: =⑥経費一覧表!D29 -> 320000 | N27: =IF(M$36=0,0,M27/M$36) -> 0.0071418686 | P27: =IF(O$36=0,0,O27/O$36) -> 0
B28: A2 | C28: 経費売上額 | E28: =経費売上額 -> 15695237 | F28: =IF(E$29=0,0,E28/E$29) -> 0.27275175 | H28: =IF(G$29=0,0,G28/G$29) -> 0 | J28: 11 | K28: 修繕維持費 | M28: =⑥経費一覧表!D30 -> 0 | N28: =IF(M$36=0,0,M28/M$36) -> 0 | P28: =IF(O$36=0,0,O28/O$36) -> 0
B29: A | C29: 売上額(CIT込,VAT除) 計 | E29: =SUBTOTAL(9,E25:E28) -> 57544037 | F29: =IF(E$29=0,0,E29/E$29) -> 1 | G29: =SUBTOTAL(9,G25:G28) -> 0 | H29: =IF(G$29=0,0,G29/G$29) -> 0 | J29: 12 | K29: 動力用水光熱費 | M29: =⑥経費一覧表!D31 -> 0 | N29: =IF(M$36=0,0,M29/M$36) -> 0 | P29: =IF(O$36=0,0,O29/O$36) -> 0
B30: K | C30: （内,CIT見込額） | E30: =CIT見込額 -> 4735237 | F30: =IF(E$29=0,0,E30/E$29) -> 0.082288926 | H30: =IF(G$29=0,0,G30/G$29) -> 0 | J30: 13 | K30: 諸賃借料 | M30: =⑥経費一覧表!D32 -> 0 | N30: =IF(M$36=0,0,M30/M$36) -> 0 | P30: =IF(O$36=0,0,O30/O$36) -> 0
J31: 14 | K31: 保険料 | M31: =⑥経費一覧表!D33 -> 250000 | N31: =IF(M$36=0,0,M31/M$36) -> 0.0055795848 | P31: =IF(O$36=0,0,O31/O$36) -> 0
C32: 直接経費 | F32: 対売上 比率 | H32: 対売上 比率 | J32: 15 | K32: 減価償却費 | M32: =⑥経費一覧表!D34 -> 0 | N32: =IF(M$36=0,0,M32/M$36) -> 0 | P32: =IF(O$36=0,0,O32/O$36) -> 0
B33: B1. | C33: 報酬分経費(B1a+B1b) | E33: =SUBTOTAL(9,E34:E35) -> 25239230 | F33: =IF(E$29=0,0,E33/E$29) -> 0.43860722 | G33: =SUBTOTAL(9,G34:G35) -> 0 | H33: =IF(G$29=0,0,G33/G$29) -> 0 | J33: 16 | K33: 地代家賃 | M33: =⑥経費一覧表!D35 -> 0 | N33: =IF(M$36=0,0,M33/M$36) -> 0 | P33: =IF(O$36=0,0,O33/O$36) -> 0
B34: B1a. | C34: 社員人件費及びPIT | E34: =M13 -> 12447230 | F34: =IF(E$29=0,0,E34/E$29) -> 0.2163079 | G34: =O13 -> 0 | H34: =IF(G$29=0,0,G34/G$29) -> 0 | J34: 17 | K34: 租税公課 | M34: =⑥経費一覧表!D36 -> 0 | N34: =IF(M$36=0,0,M34/M$36) -> 0 | P34: =IF(O$36=0,0,O34/O$36) -> 0
B35: B1b. | C35: 借上要員費及びPIT | E35: =M16 -> 12792000 | F35: =IF(E$29=0,0,E35/E$29) -> 0.22229931 | G35: =O16 -> 0 | H35: =IF(G$29=0,0,G35/G$29) -> 0 | J35: 21 | K35: 雑費 | M35: =⑥経費一覧表!D37 -> 1330000 | N35: =IF(M$36=0,0,M35/M$36) -> 0.029683391 | P35: =IF(O$36=0,0,O35/O$36) -> 0
B36: B2. | C36: 他経費計 | E36: =M19 -> 19566971 | F36: =IF(E$29=0,0,E36/E$29) -> 0.34003473 | G36: =O19 -> 0 | H36: =IF(G$29=0,0,G36/G$29) -> 0 | J36: B | K36: 直接経費1(B1+B2) | M36: =SUBTOTAL(9,M12:M35) -> 44806201 | N36: =IF(M$36=0,0,M36/M$36) -> 1 | O36: =SUBTOTAL(9,O12:O35) -> 0 | P36: =IF(O$36=0,0,O36/O$36) -> 0
B37: B. | C37: 直接経費1(B1+B2) 計 | E37: =SUBTOTAL(9,E33:E36) -> 44806201 | F37: =IF(E$29=0,0,E37/E$29) -> 0.77864195 | G37: =SUBTOTAL(9,G33:G36) -> 0 | H37: =IF(G$29=0,0,G37/G$29) -> 0 | J37: C | K37: 直接経費2(B1+B2,PIT除) | M37: =SUBTOTAL(9,M12:M35)-M15-M18 -> 44806201 | O37: =SUBTOTAL(9,O12:O35)-O15-O18 -> 0
J38: 20 | K38: 事務手数料 | M38: =⑥経費一覧表!D40 -> -1055000 | O38: =事務手数料計 -> 0
C39: 直接利益 | F39: 対売上 比率 | H39: 対売上 比率 | J39: D | K39: 直接経費3(B1+B2+B3) | M39: =SUBTOTAL(9,M12:M38) -> 43751201 | O39: =SUBTOTAL(9,O12:O38) -> 0
B40: E1. | C40: 報酬分利益(E1a+E1b) | E40: =SUBTOTAL(9,E41:E42) -> 16609570 | F40: =IF(E25=0,0,E40/E25) -> 0.39689477 | G40: =SUBTOTAL(9,G41:G42) -> 0 | H40: =IF(G25=0,0,G40/G25) -> 0
B41: E1a. | C41: 社員報酬利益(A1a-B1a) | E41: =E26-E34 -> 8419070 | F41: =IF(E26=0,0,E41/E26) -> 0.4034769 | G41: =G26-G34 -> 0 | H41: =IF(G26=0,0,G41/G26) -> 0 | J41: 管理指標
B42: E1b. | C42: 借上報酬利益(A1b-B1b) | E42: =E27-E35 -> 8190500 | F42: =IF(E27=0,0,E42/E27) -> 0.3903491 | G42: =G27-G35 -> 0 | H42: =IF(G27=0,0,G42/G27) -> 0 | J42: 番号 | K42: 指 標 | M42: 今回指標値 | O42: 今回指標値
B43: E2. | C43: 経費売上利益 | E43: =E28-E36 -> -3871734 | F43: =IF(E28=0,0,E43/E28) -> -0.2466821 | G43: =G28-G36 -> 0 | H43: =IF(G28=0,0,G43/G28) -> 0 | J43: a. | K43: 報酬売上額/契約MM | M43: =IF(E12=0,0,E25/E12) -> 0 | N43: B/R | O43: =IF(G12=0,0,G25/G12) -> 0 | P43: B/R
B44: E. | C44: 直接利益(E1+E2) 計 | E44: =SUBTOTAL(9,E40:E43) -> 12737836 | F44: =IF(E$29=0,0,E44/E$29) -> 0.22135805 | G44: =SUBTOTAL(9,G40:G43) -> 0 | H44: =IF(G$29=0,0,G44/G$29) -> 0 | J44: 01 | K44: 社員分 | M44: =IF(E13=0,0,E26/E13) -> 0 | N44: B/R | O44: =IF(G13=0,0,G26/G13) -> 0 | P44: B/R
B45: B3. | C45: 事務手数料 | E45: =-M38 -> 1055000 | F45: =IF(E$29=0,0,E45/E$29) -> 0.018333785 | G45: =-O38 -> 0 | H45: =IF(G$29=0,0,G45/G$29) -> 0 | J45: 02 | K45: 借上分 | M45: =IF(E14=0,0,E27/E14) -> 0 | N45: B/R | O45: =IF(G14=0,0,G27/G14) -> 0 | P45: B/R
B46: F. | C46: 直接利益(事手料込)(E-B3) | E46: =E44+E45 -> 13792836 | F46: =IF(E$29=0,0,E46/E$29) -> 0.23969184 | G46: =G44+G45 -> 0 | H46: =IF(G$29=0,0,G46/G$29) -> 0 | J46: b. | K46: 報酬利益額/契約MM | M46: =IF(E12=0,0,E40/E12) -> 0 | O46: =IF(G12=0,0,G40/G12) -> 0
J47: 01 | K47: 社員分 | M47: =IF(E13=0,0,E41/E13) -> 0 | O47: =IF(G13=0,0,G41/G13) -> 0
B48: 従来指標 | J48: 02 | K48: 借上分 | M48: =IF(E14=0,0,E42/E14) -> 0 | O48: =IF(G14=0,0,G42/G14) -> 0
C49: 項 目 | E49: 今回予算額 | F49: 対売上 比率 | G49: 前回予算額 | H49: 対売上 比率 | J49: c. | K49: 報酬分利益率 | M49: =F40 -> 0.39689477 | O49: =H40 -> 0
B50: A. | C50: 売上高 | E50: =E29 -> 57544037 | G50: =G29 -> 0 | J50: 01 | K50: 社員分 | M50: =F41 -> 0.4034769 | O50: =H41 -> 0
B51: F. | C51: 変動費 | E51: =M39-M14 -> 31303971 | F51: =IF(E$50=0,0,E51/E$50) -> 0.54400026 | G51: =O39-O14 -> 0 | H51: =IF(G$50=0,0,G51/G$50) -> 0 | J51: 02 | K51: 借上分 | M51: =F42 -> 0.3903491 | O51: =H42 -> 0
B52: G. | C52: 限界利益(=A-F) | E52: =E50-E51 -> 26240066 | F52: =IF(E$50=0,0,E52/E$50) -> 0.45599974 | G52: =G50-G51 -> 0 | H52: =IF(G$50=0,0,G52/G$50) -> 0 | J52: d. | K52: 経費分利益率 | M52: =F43 -> -0.2466821 | O52: =H43 -> 0
B53: H. | C53: 人件費 | E53: =M14 -> 12447230 | F53: =IF(E$50=0,0,E53/E$50) -> 0.2163079 | G53: =O14 -> 0 | H53: =IF(G$50=0,0,G53/G$50) -> 0 | J53: e. | K53: 直接利益(除,事手)/契約MM | M53: =IF(E12=0,0,E44/E12) -> 0 | O53: =IF(G12=0,0,G44/G12) -> 0
B54: I. | C54: 直接原価(=G+H) | E54: =E51+E53 -> 43751201 | F54: =IF(E$50=0,0,E54/E$50) -> 0.76030816 | G54: =G51+G53 -> 0 | H54: =IF(G$50=0,0,G54/G$50) -> 0 | J54: f. | K54: 直接利益(含,事手)/契約MM | M54: =IF(E12=0,0,E46/E12) -> 0 | O54: =IF(G12=0,0,G46/G12) -> 0
B55: J. | C55: 直接利益(=A-I) | E55: =E50-E54 -> 13792836 | F55: =IF(E$50=0,0,E55/E$50) -> 0.23969184 | G55: =G50-G54 -> 0 | H55: =IF(G$50=0,0,G55/G$50) -> 0 | J55: g. | K55: 交際費/契約MM | M55: =IF(E12=0,0,M27/E12) -> 0 | O55: =IF(G12=0,0,O27/G12) -> 0
B56: K. | C56: CIT | E56: =E30 -> 4735237 | F56: =IF(E$50=0,0,E56/E$50) -> 0.082288926 | G56: =G30 -> 0 | H56: =IF(G$50=0,0,G56/G$50) -> 0
B57: L. | C57: 直接利益(CIT引後) | E57: =E55-E56 -> 9057599 | F57: =IF(E$50=0,0,E57/E$50) -> 0.15740291 | G57: =G55-G56 -> 0 | H57: =IF(G$50=0,0,G57/G$50) -> 0 | J57: 売上・予算変更説明・備考
B58: M. | C58: 生産性(=G/H*1000) | E58: =IF(F53=0,0,E52/E53*1000) -> 2108.1049 | G58: =IF(H53=0,0,G52/G53*1000) -> 0
B60: プロジェクト概要

Sheet T_為替
B2: 2015年6月末レート | D2: ※海外業務部HPよりデータ取得し、データを抜粋、YENを追加
B3: CODE | C3: JUN | D3: COUNTRY | E3: CURRENCY
B4: USD | C4: 122.54 | D4: UNITED STATES | E4: UNITED STATES DOLLAR
B5: EUR | C5: 137.685 | D5: EUROLAND | E5: EURO
B6: DKK | C6: 18.4559 | D6: DENMARK | E6: DANISH KRONE
B7: CAD | C7: 98.805 | D7: CANADA | E7: CANADIAN DOLLAR
B8: GBP | C8: 192.86 | D8: UNITED KINGDOM | E8: BRITISH POUND
B9: CHF | C9: 132.49 | D9: SWITZERLAND | E9: SWISS FRANC
B10: AUD | C10: 94.1 | D10: AUSTRALIA | E10: AUSTRALIAN DOLLAR
B11: HKD | C11: 15.8068 | D11: HONG KONG | E11: HONG KONG DOLLAR
B12: SGD | C12: 91.03335 | D12: SINGAPORE | E12: SINGAPORE DOLLAR
B13: AED | C13: 33.36375 | D13: UNITED ARABIC EMIR. | E13: UAE DIRHAM
B14: THB | C14: 3.6308 | D14: THAILAND | E14: THAI BAHT
B15: MXN | C15: 7.81085 | D15: MEXICO | E15: MEXICAN PESO
... B132: YEN | C132: 1 | D132: JAPAN | E132: JAPANESE YEN

Sheet T_従業員
B1: 2015年７月時点社員番号表
B2: 社員番号 | C2: 氏名 | D2: 会社Code | E2: 会社名称 | F2: 組織Code | G2: 組織名称 | H2: 資格Code | I2: 資格名称
B3: A0058 | C3: 宮川 喜章 | D3: NK01 | E3: 日本工営株式会社 | F3: JC0100 | G3: 水資源事業部水資源エネルギー部 | H3: K300 | I3: 理事待遇
B4: A0217 | C4: 澄川 啓介 | D4: NK01 | E4: 日本工営株式会社 | F4: JA0000 | G4: コンサルタント海外事業本部 | H4: K030 | I4: 専務待遇
B5: A0236 | C5: 片桐 英夫 | D5: NK01 | E5: 日本工営株式会社 | F5: JN0100 | G5: 開発事業部道路橋梁部 | H5: G400 | I5: 副理事
B6: A0275 | C6: 神谷 保広 | D6: NK01 | E6: 日本工営株式会社 | F6: JA0000 | G6: コンサルタント海外事業本部 | H6: K300 | I6: 理事待遇
B7: A0286 | C7: 遠西 由明 | D7: NK01 | E7: 日本工営株式会社 | F7: PC0200 | G7: 建設事業部電力設備部 | H7: G611 | I7: 副参事１級 時間管理
B8: A0298 | C8: 大隅 進也 | D8: NK01 | E8: 日本工営株式会社 | F8: JN0400 | G8: 開発事業部開発計画部 | H8: G400 | I8: 副理事
B9: A0299 | C9: 丸山 彰偉 | D9: NK01 | E9: 日本工営株式会社 | F9: DC6700 | G9: 東京支店神奈川事務所 | H9: G400 | I9: 副理事
B10: A0303 | C10: 森岡 惇 | D10: NK01 | E10: 日本工営株式会社 | F10: JN0400 | G10: 開発事業部開発計画部 | H10: G510 | I10: 参事１級
B11: A0646 | C11: 中尾 憲治 | D11: NK01 | E11: 日本工営株式会社 | F11: PG5600 | G11: 福島事業所電力機器部 | H11: G520 | I11: 参事２級
B12: A0742 | C12: 新沢 正之 | D12: NK01 | E12: 日本工営株式会社 | F12: JC0100 | G12: 水資源事業部水資源エネルギー部 | H12: G400 | I12: 副理事
B13: A0810 | C13: 廣瀬 典昭 | D13: NK01 | E13: 日本工営株式会社 | F13: AA0000 | G13: 役員室 | H13: A100 | I13: 取締役会長
... B2808: D3390 | C2808: 小野 良臣 | D2808: NK01 | E2808: 日本工営株式会社 | F2808: DG0500 | G2808: 札幌支店技術第二部 | H2808: G900 | I2808: －
B2809: F0003 | C2809: 松木 布美子 | D2809: NK01 | E2809: 日本工営株式会社 | F2809: BA5100 | G2809: 情報企画部情報基盤センター
B2810: F0400 | C2810: 植田 千恵子 | D2810: NK01 | E2810: 日本工営株式会社 | F2810: JN0600 | G2810: 開発事業部港湾・空港部
B2811: F1057 | C2811: 江田 吉郎 | D2811: NK01 | E2811: 日本工営株式会社 | F2811: DC0620 | G2811: 流域・都市事業部上下水道部
B2812: F1103 | C2812: 久野 恵理子 | D2812: NK01 | E2812: 日本工営株式会社 | F2812: DC1100 | G2812: 流域・都市事業部河川・水工部
B2813: F1119 | C2813: 神田 亜紀 | D2813: NK01 | E2813: 日本工営株式会社 | F2813: DC1300 | G2813: 流域・都市事業部ダム・発電部
B2814: F3109 | C2814: 服部 千代恵 | D2814: NK01 | E2814: 日本工営株式会社 | F2814: DF0100 | G2814: 仙台支店営業企画部
B2815: F3412 | C2815: 芳賀 千恵子 | D2815: NK01 | E2815: 日本工営株式会社 | F2815: DJ0400 | G2815: 大阪支店技術第一部
B2816: F3623 | C2816: 藤丸 靖 | D2816: NK01 | E2816: 日本工営株式会社 | F2816: DH0500 | G2816: 福岡支店技術第二部
B2817: F3624 | C2817: 藤井 登 | D2817: NK01 | E2817: 日本工営株式会社 | F2817: DH0500 | G2817: 福岡支店技術第二部
B2818: F3626 | C2818: 宮脇 繁 | D2818: NK01 | E2818: 日本工営株式会社 | F2818: DH0500 | G2818: 福岡支店技術第二部
B2819: F9001 | C2819: ヘラ | D2819: NK01 | E2819: 日本工営株式会社 | F2819: JWID00 | G2819: アジア統轄事業部ジャカルタ事務所
B2820: F9005 | C2820: デウィ | D2820: NK01 | E2820: 日本工営株式会社 | F2820: JWID00 | G2820: アジア統轄事業部ジャカルタ事務所
... B3445: M0853 | C3445: Patrick John Ramos | D3445: NK01 | E3445: 日本工営株式会社 | F3445: JWPH00 | G3445: アジア統轄事業部マニラ事務所
B3446: P0001 | C3446: 進藤 貢 | D3446: QA01 | E3446: 玉野総合コンサルタント（株） | F3446: QN03D0 | G3446: 静岡支店 技術部建設技術課 | H3446: G90Q | I3446: －
B3447: P0003 | C3447: 佐藤 めぐみ | D3447: QA01 | E3447: 玉野総合コンサルタント（株） | F3447: QK03C0 | G3447: 東京支店 技術部まちづくり推進課 | H3447: G90Q | I3447: －
B3448: P0004 | C3448: 青柳 夏代子 | D3448: QA01 | E3448: 玉野総合コンサルタント（株） | F3448: QK03A0 | G3448: 東京支店 技術部都市整備課 | H3448: G90Q | I3448: －
B3449: P0005 | C3449: 岩崎 和江 | D3449: QA01 | E3449: 玉野総合コンサルタント（株） | F3449: QK03B0 | G3449: 東京支店 技術部都市調査課 | H3449: G90Q | I3449: －
B3450: P0009 | C3450: 丹生 麻代 | D3450: QA01 | E3450: 玉野総合コンサルタント（株） | F3450: QG04A0 | G3450: 統括事業部 都市整備部事業運営課 | H3450: G90Q | I3450: －
B3451: P0011 | C3451: 小川 ゆかり | D3451: QA01 | E3451: 玉野総合コンサルタント（株） | F3451: QG04C0 | G3451: 統括事業部 都市整備部換地課 | H3451: G90Q | I3451: －
B3452: P0014 | C3452: 田口 和美 | D3452: QA01 | E3452: 玉野総合コンサルタント（株） | F3452: QG04E0 | G3452: 統括事業部 都市整備部工務課 | H3452: G90Q | I3452: －
B3453: P0015 | C3453: 小央 由紀 | D3453: QA01 | E3453: 玉野総合コンサルタント（株） | F3453: QR04D0 | G3453: 大阪支店 技術部建設技術課 | H3453: G90Q | I3453: －
B3454: P0016 | C3454: 津坂 いずみ | D3454: QA01 | E3454: 玉野総合コンサルタント（株） | F3454: QG14D0 | G3454: 統括事業部 流域技術部河川砂防課 | H3454: G90Q | I3454: －
B3455: P0017 | C3455: 大山 友香 | D3455: QA01 | E3455: 玉野総合コンサルタント（株） | F3455: QG14B0 | G3455: 統括事業部 流域技術部上下水道課 | H3455: G90Q | I3455: －
B3456: P0018 | C3456: 山本 亜希 | D3456: QA01 | E3456: 玉野総合コンサルタント（株） | F3456: QG14B0 | G3456: 統括事業部 流域技術部上下水道課 | H3456: G90Q | I3456: －
B3457: P0019 | C3457: 柴 みちる | D3457: QA01 | E3457: 玉野総合コンサルタント（株） | F3457: QG1200 | G3457: 統括事業部地域マネジメント室 | H3457: G90Q | I3457: －
... B3575: P1611 | C3575: 鈴木 久美子 | D3575: QA01 | E3575: 玉野総合コンサルタント（株） | F3575: QK03A0 | G3575: 東京支店 技術部都市整備課 | H3575: G90Q | I3575: －
B3576: R4009 | C3576: 大木 巻夫 | D3576: NK01 | E3576: 日本工営株式会社 | F3576: BA0200 | G3576: 中央研究所総合技術開発部
B3577: R4010 | C3577: 鹿角 拡樹 | D3577: NK01 | E3577: 日本工営株式会社 | F3577: BA0200 | G3577: 中央研究所総合技術開発部
B3578: R4041 | C3578: 笠間 幹正 | D3578: NK01 | E3578: 日本工営株式会社 | F3578: BA0200 | G3578: 中央研究所総合技術開発部
B3579: R4042 | C3579: 吉原 幸仁 | D3579: NK01 | E3579: 日本工営株式会社 | F3579: BA0200 | G3579: 中央研究所総合技術開発部
B3580: T0495 | C3580: 田形 政行 | D3580: QA01 | E3580: 玉野総合コンサルタント（株） | F3580: QN03B0 | G3580: 静岡支店 技術部都市調査課 | H3580: G90Q | I3580: －
B3581: T0530 | C3581: 益田 一臣 | D3581: QA01 | E3581: 玉野総合コンサルタント（株） | F3581: QG10B0 | G3581: 統括事業部 空間情報部インフラ情報課 | H3581: K10R | I3581: 技師１等級扱
B3582: T0531 | C3582: 長尾 修 | D3582: QA01 | E3582: 玉野総合コンサルタント（株） | F3582: QG03C0 | G3582: 統括事業部 営業部営業二課 | H3582: K10Q | I3582: 主事１等級扱
B3583: T0601 | C3583: 柚原 正幸 | D3583: QA01 | E3583: 玉野総合コンサルタント（株） | F3583: QG10C0 | G3583: 統括事業部 空間情報部空間調査課 | H3583: K10R | I3583: 技師１等級扱
B3584: T0614 | C3584: 馬場 邦春 | D3584: QA01 | E3584: 玉野総合コンサルタント（株） | F3584: QR04C0 | G3584: 大阪支店 技術部都市調査課 | H3584: K10R | I3584: 技師１等級扱
B3585: T0621 | C3585: 岡本 久光 | D3585: QA01 | E3585: 玉野総合コンサルタント（株） | F3585: QG15C0 | G3585: 統括事業部 都市調査部用地補償課 | H3585: K10R | I3585: 技師１等級扱
B3586: T0661 | C3586: 小谷 清 | D3586: QA01 | E3586: 玉野総合コンサルタント（株） | F3586: QR0100 | G3586: 大阪支店積算室 | H3586: K10R | I3586: 技師１等級扱
B3587: T0662 | C3587: 丹羽 龍彦 | D3587: QA01 | E3587: 玉野総合コンサルタント（株） | F3587: QG07A0 | G3587: 統括事業部 建設技術部道路交通課 | H3587: K10R | I3587: 技師１等級扱
B3588: T0666 | C3588: 市川 孝彦 | D3588: QA01 | E3588: 玉野総合コンサルタント（株） | F3588: QK03B0 | G3588: 東京支店 技術部都市調査課 | H3588: K10R | I3588: 技師１等級扱
B3589: T0681 | C3589: 関 智 | D3589: QA01 | E3589: 玉野総合コンサルタント（株） | F3589: QD0300 | G3589: 本社機能経営企画部 | H3589: K02Q | I3589: 参事９等級扱
B3590: T0738 | C3590: 藤田 弘道 | D3590: QA01 | E3590: 玉野総合コンサルタント（株） | F3590: QG15A0 | G3590: 統括事業部 都市調査部測量課 | H3590: K10R | I3590: 技師１等級扱
B3591: T0744 | C3591: 須崎 章 | D3591: QA01 | E3591: 玉野総合コンサルタント（株） | F3591: QN03B0 | G3591: 静岡支店 技術部都市調査課 | H3591: K10R | I3591: 技師１等級扱
... B4309: T4269 | C4309: 小倉 一昭 | D4309: QA01 | E4309: 玉野総合コンサルタント（株） | F4309: QK03C0 | G4309: 東京支店 技術部まちづくり推進課 | H4309: G90Q | I4309: －
B4310: V0013 | C4310: 渡部 健 | D4310: NK01 | E4310: 日本工営株式会社 | F4310: DC0620 | G4310: 流域・都市事業部上下水道部
B4311: V0046 | C4311: 岡野 芳言 | D4311: NK01 | E4311: 日本工営株式会社 | F4311: BA0200 | G4311: 中央研究所総合技術開発部
B4312: V0053 | C4312: 赤沢 ユミ | D4312: NK01 | E4312: 日本工営株式会社 | F4312: DC0700 | G4312: 社会システム事業部環境部
B4313: V0109 | C4313: 上田 知子 | D4313: NK01 | E4313: 日本工営株式会社 | F4313: DH0400 | G4313: 福岡支店技術第一部
B4314: V0120 | C4314: 佐藤 由希子 | D4314: NK01 | E4314: 日本工営株式会社 | F4314: DF0100 | G4314: 仙台支店営業企画部
B4315: V0175 | C4315: 佐藤 裕美子 | D4315: NK01 | E4315: 日本工営株式会社 | F4315: DP0400 | G4315: 名古屋支店技術部
B4316: V0238 | C4316: 小泉 昭 | D4316: NK01 | E4316: 日本工営株式会社 | F4316: PG3100 | G4316: 福島事業所制御装置部
B4317: V0240 | C4317: 加藤 祐ニ | D4317: NK01 | E4317: 日本工営株式会社 | F4317: PG3100 | G4317: 福島事業所制御装置部
B4318: V0242 | C4318: 杉浦 正誉 | D4318: NK01 | E4318: 日本工営株式会社 | F4318: PG3100 | G4318: 福島事業所制御装置部
B4319: V0243 | C4319: 長谷川 宏 | D4319: NK01 | E4319: 日本工営株式会社 | F4319: PG3100 | G4319: 福島事業所制御装置部
B4320: V0250 | C4320: 新保 直也 | D4320: SG01 | E4320: （株）コーエイシステム | F4320: SG0400 | G4320: （株）コーエイシステム第二技術部
B4321: V0282 | C4321: 神保 康洋 | D4321: NK01 | E4321: 日本工営株式会社 | F4321: BA5100 | G4321: 情報企画部情報基盤センター
... B4348: Y9983 | C4348: 桜井 誠 | D4348: SG01 | E4348: （株）コーエイシステム | F4348: SG0300 | G4348: （株）コーエイシステム第一技術部

Sheet T_データ
B1: 平成27年度 標準賃率表 【ｺﾝｻﾙﾀﾝﾄ海外事業本部】
B2: ｸﾞﾚｰﾄﾞ | C2: 個人賃率 | D2: 資格区分 | E2: 時間賃率 | F2: １日賃率 | G2: 月間賃率 | H2: 年間賃率 | I2: 時間外単価 | K2: 資格Code | L2: 資格名称 | M2: 月間賃率 | O2: 組織Code | P2: 組織名称 | R2: 役職Code | S2: 役職名称 | U2: 従業員区分Code | V2: 従業員区分名称
B3: 0 | C3: 1 | D3: 取締役会長 | E3: 12980 | F3: 97290 | G3: 1962000 | H3: 23544000 | K3: A100 | L3: 取締役会長 | M3: =VLOOKUP(T_資格[[#This Row],[資格名称]],T_賃率表[[#All],[資格区分]:[時間外単価]],4,FALSE) -> 1962000 | O3: AA0000 | P3: 役員室 | R3: A900 | U3: A100 | V3: 役員
B4: 0 | C4: 1 | D4: 取締役副会長 | E4: 12980 | F4: 97290 | G4: 1962000 | H4: 23544000 | K4: A110 | L4: 取締役副会長 | M4: =VLOOKUP(T_資格[[#This Row],[資格名称]],T_賃率表[[#All],[資格区分]:[時間外単価]],4,FALSE) -> 1962000 | O4: AA0200 | P4: 監査役 | R4: C100 | S4: 本部長 | U4: G150 | V4: 特別顧問
B5: 0 | C5: 1 | D5: 取締役社長 | E5: 12980 | F5: 97290 | G5: 1962000 | H5: 23544000 | K5: A200 | L5: 取締役社長 | M5: =VLOOKUP(T_資格[[#This Row],[資格名称]],T_賃率表[[#All],[資格区分]:[時間外単価]],4,FALSE) -> 1962000 | O5: AA0500 | P5: 内部監査室 | R5: C200 | S5: 事業本部長 | U5: G160 | V5: 専門顧問
B6: 0 | C6: 1 | D6: 取締役副社長執行役員 | E6: 12980 | F6: 97290 | G6: 1962000 | H6: 23544000 | K6: A251 | L6: 取締役副社長執行役員 | M6: =VLOOKUP(T_資格[[#This Row],[資格名称]],T_賃率表[[#All],[資格区分]:[時間外単価]],4,FALSE) -> 1962000 | O6: AA0600 | P6: 技術監査室 | R6: D120 | S6: 副本部長 | U6: G170 | V6: 顧問
B7: 0 | C7: 1 | D7: 取締役常務執行役員 | E7: 12980 | F7: 97290 | G7: 1962000 | H7: 23544000 | K7: A451 | L7: 取締役常務執行役員 | M7: =VLOOKUP(T_資格[[#This Row],[資格名称]],T_賃率表[[#All],[資格区分]:[時間外単価]],4,FALSE) -> 1962000 | O7: AA1100 | P7: 本社室 | R7: D220 | S7: 副事業本部長 | U7: G300 | V7: 社員
B8: 0 | C8: 1 | D8: 取締役 | E8: 12980 | F8: 97290 | G8: 1962000 | H8: 23544000 | K8: A501 | L8: 取締役 | M8: =VLOOKUP(T_資格[[#This Row],[資格名称]],T_賃率表[[#All],[資格区分]:[時間外単価]],4,FALSE) -> 1962000 | O8: AD0000 | P8: コーポレート本部 | R8: F150 | S8: 事業所長 | U8: G310 | V8: 準社員
B9: 0 | C9: 1 | D9: 取締役待遇 | E9: 12980 | F9: 97290 | G9: 1962000 | H9: 23544000 | K9: A551 | L9: 取締役執行役員 | M9: =VLOOKUP(T_資格[[#This Row],[資格名称]],T_賃率表[[#All],[資格区分]:[時間外単価]],4,FALSE) -> 1962000 | O9: AD0200 | P9: コーポレート本部法務・コンプライアンス部 | R9: F200 | S9: 事業部長 | U9: G320 | V9: 社員見習
B10: 0 | C10: 1 | D10: 取締役執行役員 | E10: 12980 | F10: 97290 | G10: 1962000 | H10: 23544000 | K10: A700 | L10: 取締役相談役 | M10: =VLOOKUP(T_資格[[#This Row],[資格名称]],T_賃率表[[#All],[資格区分]:[時間外単価]],4,FALSE) -> 1962000 | O10: AD0300 | P10: コーポレート本部人事・総務部 | R10: F300 | S10: 支店長 | U10: G330 | V10: 社員
B11: 0 | C11: 1 | D11: 取締役相談役 | E11: 12980 | F11: 97290 | G11: 1962000 | H11: 23544000 | K11: A800 | L11: 常勤監査役 | M11: =VLOOKUP(T_資格[[#This Row],[資格名称]],T_賃率表[[#All],[資格区分]:[時間外単価]],4,FALSE) -> 1962000 | O11: AD0400 | P11: コーポレート本部財務・経理部 | R11: F400 | S11: 所長 | U11: G400 | V11: 嘱託
B12: 0 | C12: 1 | D12: 常勤監査役 | E12: 12980 | F12: 97290 | G12: 1962000 | H12: 23544000 | K12: A801 | L12: 監査役 | M12: =VLOOKUP(T_資格[[#This Row],[資格名称]],T_賃率表[[#All],[資格区分]:[時間外単価]],4,FALSE) -> 1962000 | O12: AD0500 | P12: コーポレート本部事務システム部 | R12: G120 | S12: 副本部長 | U12: G500 | V12: 嘱託
B13: 0 | C13: 1 | D13: 監査役 | E13: 12980 | F13: 97290 | G13: 1962000 | H13: 23544000 | K13: G030 | L13: 専務執行役員 | M13: =VLOOKUP(T_資格[[#This Row],[資格名称]],T_賃率表[[#All],[資格区分]:[時間外単価]],4,FALSE) -> 1459000 | O13: AD1100 | P13: コーポレート本部企画管理室 | R13: G170 | S13: 副事業所長 | U13: G540 | V13: 嘱託
B14: 1 | C14: 1 | D14: 専務執行役員 | E14: 9650 | F14: 72350 | G14: 1459000 | H14: 17508000 | K14: G040 | L14: 常務執行役員 | M14: =VLOOKUP(T_資格[[#This Row],[資格名称]],T_賃率表[[#All],[資格区分]:[時間外単価]],4,FALSE) -> 1459000 | O14: AD1200 | P14: コーポレート本部戦略開発室 | R14: G200 | S14: 事業部長代理 | U14: G610 | V14: 契約社員
B15: 1 | C15: 1 | D15: 常務執行役員 | E15: 9650 | F15: 72350 | G15: 1459000 | H15: 17508000 | K15: G050 | L15: 執行役員 | M15: =VLOOKUP(T_資格[[#This Row],[資格名称]],T_賃率表[[#All],[資格区分]:[時間外単価]],4,FALSE) -> 1459000 | O15: AD1300 | P15: コーポレート本部事業開発室 | R15: G220 | S15: 副事業部長 | U15: G610 | V15: 派遣社員(アソシエイト)
... B22: 3 | C22: 0 | D22: 副理事 | E22: 6970 | F22: 52270 | G22: 1054000 | H22: 12648000 | K22: G520 | L22: 参事２級 | M22: =VLOOKUP(T_資格[[#This Row],[資格名称]],T_賃率表[[#All],[資格区分]:[時間外単価]],4,FALSE) -> 924000 | O22: BA1000 | P22: 中央研究所 | R22: J30A | S22: 所長 | U22: R100 | V22: アルバイト
B23: 2 | C23: 0 | D23: 理事待遇 | E23: 8330 | F23: 62430 | G23: 1259000 | H23: 15108000 | K23: G530 | L23: 参事３級 | M23: =VLOOKUP(T_資格[[#This Row],[資格名称]],T_賃率表[[#All],[資格区分]:[時間外単価]],4,FALSE) -> 874000 | O23: BA2000 | P23: 中央研究所営業業務部 | R23: J30B | S23: 所長
B24: 3 | C24: 0 | D24: 副理事扱 | E24: 6970 | F24: 52270 | G24: 1054000 | H24: 12648000 | K24: G610 | L24: 副参事１級 | M24: =VLOOKUP(T_資格[[#This Row],[資格名称]],T_賃率表[[#All],[資格区分]:[時間外単価]],4,FALSE) -> 822000 | O24: BA5000 | P24: 情報企画部 | R24: J400 | S24: センター長
B25: 6 | C25: 0 | D25: 参事１級 | E25: 6390 | F25: 47860 | G25: 965000 | H25: 11580000 | K25: G611 | L25: 副参事１級Ｂ型 | M25: =VLOOKUP(T_資格[[#This Row],[資格名称]],T_賃率表[[#All],[資格区分]:[時間外単価]],4,FALSE) -> 0 | O25: BA5100 | P25: 情報企画部情報基盤センター | R25: J40A | S25: センター長
B26: 7 | C26: 0 | D26: 参事２級 | E26: 6110 | F26: 45820 | G26: 924000 | H26: 11088000 | K26: G615 | L26: 工師長１級 | M26: =VLOOKUP(T_資格[[#This Row],[資格名称]],T_賃率表[[#All],[資格区分]:[時間外単価]],4,FALSE) -> #N/A | O26: BA5400 | P26: 情報企画部知財マネジメント室 | R26: J40B | S26: センター長
B27: 8 | C27: 0 | D27: 参事３級 | E27: 5780 | F27: 43340 | G27: 874000 | H27: 10488000 | K27: G620 | L27: 副参事２級 | M27: =VLOOKUP(T_資格[[#This Row],[資格名称]],T_賃率表[[#All],[資格区分]:[時間外単価]],4,FALSE) -> 797000 | O27: BA7000 | P27: 技術企画部 | R27: K10A | S27: 部長代理
B28: 6 | C28: 0 | D28: 参事１級扱 | E28: 6390 | F28: 47860 | G28: 965000 | H28: 11580000 | K28: G621 | L28: 副参事２級Ｂ型 | M28: =VLOOKUP(T_資格[[#This Row],[資格名称]],T_賃率表[[#All],[資格区分]:[時間外単価]],4,FALSE) -> 0 | O28: BA7100 | P28: 技術企画部技術企画室 | R28: K10B | S28: 部長代理
B29: 7 | C29: 0 | D29: 参事２級扱 | E29: 6110 | F29: 45820 | G29: 924000 | H29: 11088000 | K29: G630 | L29: 副参事３級 | M29: =VLOOKUP(T_資格[[#This Row],[資格名称]],T_賃率表[[#All],[資格区分]:[時間外単価]],4,FALSE) -> 752000 | O29: BA7200 | P29: 技術企画部ＰＭ技術室 | R29: K20A | S29: 室長代理
B30: 8 | C30: 0 | D30: 参事３級扱 | E30: 5780 | F30: 43340 | G30: 874000 | H30: 10488000 | K30: G631 | L30: 副参事３級Ｂ型 | M30: =VLOOKUP(T_資格[[#This Row],[資格名称]],T_賃率表[[#All],[資格区分]:[時間外単価]],4,FALSE) -> 633000 | O30: DA0000 | P30: コンサルタント国内事業本部 | R30: K20B | S30: 室長代理
B31: 9 | C31: 0 | D31: 副参事１級 | E31: 5440 | F31: 40770 | G31: 822000 | H31: 9864000 | I31: 3320 | K31: G710 | L31: 主事１級 | M31: =VLOOKUP(T_資格[[#This Row],[資格名称]],T_賃率表[[#All],[資格区分]:[時間外単価]],4,FALSE) -> 573000 | O31: DA0100 | P31: コンサルタント国内事業本部事業企画室 | R31: K30A | S31: 所長代理
B32: 10 | C32: 0 | D32: 副参事２級 | E32: 5270 | F32: 39530 | G32: 797000 | H32: 9564000 | I32: 3280 | K32: G713 | L32: 技師１級 | M32: =VLOOKUP(T_資格[[#This Row],[資格名称]],T_賃率表[[#All],[資格区分]:[時間外単価]],4,FALSE) -> 573000 | O32: DA0200 | P32: コンサルタント国内事業本部営業企画室 | R32: K30B | S32: 所長代理
B33: 11 | C33: 0 | D33: 副参事３級 | E33: 4980 | F33: 37290 | G33: 752000 | H33: 9024000 | I33: 3150 | K33: G715 | L33: 工師１級 | M33: =VLOOKUP(T_資格[[#This Row],[資格名称]],T_賃率表[[#All],[資格区分]:[時間外単価]],4,FALSE) -> #N/A | O33: DA0300 | P33: コンサルタント国内事業本部技術戦略室 | R33: K500 | S33: 次長
B34: 9 | C34: 0 | D34: 副参事１級扱 | E34: 5440 | F34: 40770 | G34: 822000 | H34: 9864000 | I34: 3320 | K34: G720 | L34: 主事２級 | M34: =VLOOKUP(T_資格[[#This Row],[資格名称]],T_賃率表[[#All],[資格区分]:[時間外単価]],4,FALSE) -> 512000 | O34: DA0600 | P34: コンサルタント国内事業本部コンプライアンス室 | R34: M150 | S34: 課長
B35: 10 | C35: 0 | D35: 副参事２級扱 | E35: 5270 | F35: 39530 | G35: 797000 | H35: 9564000 | I35: 3280 | K35: G723 | L35: 技師２級 | M35: =VLOOKUP(T_資格[[#This Row],[資格名称]],T_賃率表[[#All],[資格区分]:[時間外単価]],4,FALSE) -> 512000 | O35: DA0700 | P35: コンサルタント国内事業本部プロポーザル統括室 | R35: M200 | S35: 主査
B36: 11 | C36: 0 | D36: 副参事３級扱 | E36: 4980 | F36: 37290 | G36: 752000 | H36: 9024000 | I36: 3150 | K36: G730 | L36: 主事３級 | M36: =VLOOKUP(T_資格[[#This Row],[資格名称]],T_賃率表[[#All],[資格区分]:[時間外単価]],4,FALSE) -> 455000 | O36: DA1400 | P36: コンサルタント国内事業本部品質・環境管理室 | R36: M300 | S36: 所長
B37: 33 | C37: 0 | D37: 副参事１級Ｂ型 | E37: 0 | F37: 0 | G37: 0 | H37: 0 | I37: 0 | K37: G733 | L37: 技師３級 | M37: =VLOOKUP(T_資格[[#This Row],[資格名称]],T_賃率表[[#All],[資格区分]:[時間外単価]],4,FALSE) -> 455000 | O37: DA1600 | P37: コンサルタント国内事業本部技術管理室 | R37: M30B | S37: 所長
B38: 34 | C38: 0 | D38: 副参事２級Ｂ型 | E38: 0 | F38: 0 | G38: 0 | H38: 0 | I38: 0 | K38: G740 | L38: 主事補 | M38: =VLOOKUP(T_資格[[#This Row],[資格名称]],T_賃率表[[#All],[資格区分]:[時間外単価]],4,FALSE) -> 424000 | O38: DC0200 | P38: 東京支店営業企画部 | R38: N300 | S38: 所長代理
B39: 35 | C39: 0 | D39: 副参事３級Ｂ型 | E39: 4190 | F39: 31390 | G39: 633000 | H39: 7596000 | I39: 3220 | K39: G743 | L39: 技師補 | M39: =VLOOKUP(T_資格[[#This Row],[資格名称]],T_賃率表[[#All],[資格区分]:[時間外単価]],4,FALSE) -> 424000 | O39: DC0510 | P39: 交通運輸事業部道路橋梁部 | R39: Q100 | S39: 技師長
B40: 12 | C40: 0 | D40: 主事１級 | E40: 3790 | F40: 28420 | G40: 573000 | H40: 6876000 | I40: 2820 | K40: G900 | L40: － | M40: =VLOOKUP(T_資格[[#This Row],[資格名称]],T_賃率表[[#All],[資格区分]:[時間外単価]],4,FALSE) -> 373000 | O40: DC0620 | P40: 流域・都市事業部上下水道部 | R40: Q200 | S40: 副技師長
B41: 13 | C41: 0 | D41: 主事２級 | E41: 3390 | F41: 25390 | G41: 512000 | H41: 6144000 | I41: 2580 | K41: K021 | L41: 副社長待遇 | M41: =VLOOKUP(T_資格[[#This Row],[資格名称]],T_賃率表[[#All],[資格区分]:[時間外単価]],4,FALSE) -> #N/A | O41: DC0700 | P41: 社会システム事業部環境部 | R41: S100 | S41: 専門部長
B42: 14 | C42: 0 | D42: 主事３級 | E42: 3010 | F42: 22570 | G42: 455000 | H42: 5460000 | I42: 2340 | K42: K030 | L42: 専務待遇 | M42: =VLOOKUP(T_資格[[#This Row],[資格名称]],T_賃率表[[#All],[資格区分]:[時間外単価]],4,FALSE) -> #N/A | O42: DC0720 | P42: 流域・都市事業部農村施設室 | R42: X250 | S42: 付
B43: 15 | C43: 0 | D43: 主事補 | E43: 2810 | F43: 21030 | G43: 424000 | H43: 5088000 | I43: 2230 | K43: K040 | L43: 常務待遇 | M43: =VLOOKUP(T_資格[[#This Row],[資格名称]],T_賃率表[[#All],[資格区分]:[時間外単価]],4,FALSE) -> #N/A | O43: DC0800 | P43: 社会システム事業部統合情報技術部 | R43: X400 | S43: 安全担当
B44: 12 | C44: 0 | D44: 技師１級 | E44: 3790 | F44: 28420 | G44: 573000 | H44: 6876000 | I44: 2820 | K44: K050 | L44: 取締役待遇 | M44: =VLOOKUP(T_資格[[#This Row],[資格名称]],T_賃率表[[#All],[資格区分]:[時間外単価]],4,FALSE) -> 1962000 | O44: DC1100 | P44: 流域・都市事業部河川・水工部 | R44: Z000
B45: 13 | C45: 0 | D45: 技師２級 | E45: 3390 | F45: 25390 | G45: 512000 | H45: 6144000 | I45: 2580 | K45: K060 | L45: 執行役員待遇 | M45: =VLOOKUP(T_資格[[#This Row],[資格名称]],T_賃率表[[#All],[資格区分]:[時間外単価]],4,FALSE) -> 1459000 | O45: DC1210 | P45: 国土保全事業部防災部
B46: 14 | C46: 0 | D46: 技師３級 | E46: 3010 | F46: 22570 | G46: 455000 | H46: 5460000 | I46: 2340 | K46: K300 | L46: 理事待遇 | M46: =VLOOKUP(T_資格[[#This Row],[資格名称]],T_賃率表[[#All],[資格区分]:[時間外単価]],4,FALSE) -> 1259000 | O46: DC1230 | P46: 国土保全事業部砂防部
B47: 15 | C47: 0 | D47: 技師補 | E47: 2810 | F47: 21030 | G47: 424000 | H47: 5088000 | I47: 2230 | K47: K400 | L47: 副理事扱 | M47: =VLOOKUP(T_資格[[#This Row],[資格名称]],T_賃率表[[#All],[資格区分]:[時間外単価]],4,FALSE) -> 1054000 | O47: DC1300 | P47: 流域・都市事業部ダム・発電部
B48: 12 | C48: 0 | D48: 主事１級扱 | E48: 3790 | F48: 28420 | G48: 573000 | H48: 6876000 | I48: 2820 | K48: K510 | L48: 参事１級扱 | M48: =VLOOKUP(T_資格[[#This Row],[資格名称]],T_賃率表[[#All],[資格区分]:[時間外単価]],4,FALSE) -> 965000 | O48: DC1600 | P48: 東京支店積算管理室
B49: 13 | C49: 0 | D49: 主事２級扱 | E49: 3390 | F49: 25390 | G49: 512000 | H49: 6144000 | I49: 2580 | K49: K530 | L49: 参事３級扱 | M49: =VLOOKUP(T_資格[[#This Row],[資格名称]],T_賃率表[[#All],[資格区分]:[時間外単価]],4,FALSE) -> 874000 | O49: DC1700 | P49: 東京支店プロポーザル推進室
B50: 14 | C50: 0 | D50: 主事３級扱 | E50: 3010 | F50: 22570 | G50: 455000 | H50: 5460000 | I50: 2340 | K50: K610 | L50: 副参事１級扱 | M50: =VLOOKUP(T_資格[[#This Row],[資格名称]],T_賃率表[[#All],[資格区分]:[時間外単価]],4,FALSE) -> 822000 | O50: DC2000 | P50: 社会システム事業部ＣＩＭ推進センター
B51: 15 | C51: 0 | D51: 主事補扱 | E51: 2810 | F51: 21030 | G51: 424000 | H51: 5088000 | I51: 2230 | K51: K620 | L51: 副参事２級扱 | M51: =VLOOKUP(T_資格[[#This Row],[資格名称]],T_賃率表[[#All],[資格区分]:[時間外単価]],4,FALSE) -> 797000 | O51: DC2100 | P51: インフラマネジメント事業部アセットマネジメント技術部
B52: 12 | C52: 0 | D52: 技師１級扱 | E52: 3790 | F52: 28420 | G52: 573000 | H52: 6876000 | I52: 2820 | K52: K630 | L52: 副参事３級扱 | M52: =VLOOKUP(T_資格[[#This Row],[資格名称]],T_賃率表[[#All],[資格区分]:[時間外単価]],4,FALSE) -> 752000 | O52: DC2190 | P52: インフラマネジメント事業部統合マネジメント技術室
B53: 13 | C53: 0 | D53: 技師２級扱 | E53: 3390 | F53: 25390 | G53: 512000 | H53: 6144000 | I53: 2580 | K53: K710 | L53: 主事１級扱 | M53: =VLOOKUP(T_資格[[#This Row],[資格名称]],T_賃率表[[#All],[資格区分]:[時間外単価]],4,FALSE) -> 573000 | O53: DC2300 | P53: インフラマネジメント事業部都市・交通計画部
B54: 14 | C54: 0 | D54: 技師３級扱 | E54: 3010 | F54: 22570 | G54: 455000 | H54: 5460000 | I54: 2340 | K54: K713 | L54: 技師１級扱 | M54: =VLOOKUP(T_資格[[#This Row],[資格名称]],T_賃率表[[#All],[資格区分]:[時間外単価]],4,FALSE) -> 573000 | O54: DC2600 | P54: 交通運輸事業部施設設計室
B55: 15 | C55: 0 | D55: 技師補扱 | E55: 2810 | F55: 21030 | G55: 424000 | H55: 5088000 | I55: 2230 | K55: K720 | L55: 主事２級扱 | M55: =VLOOKUP(T_資格[[#This Row],[資格名称]],T_賃率表[[#All],[資格区分]:[時間外単価]],4,FALSE) -> 512000 | O55: DC3100 | P55: 交通運輸事業部空港・港湾部
B56: 16 | C56: 0 | D56: 一般社員 | E56: 2470 | F56: 18500 | G56: 373000 | H56: 4476000 | I56: 2040 | K56: K730 | L56: 主事３級扱 | M56: =VLOOKUP(T_資格[[#This Row],[資格名称]],T_賃率表[[#All],[資格区分]:[時間外単価]],4,FALSE) -> 455000 | O56: DC5000 | P56: 流域・都市事業部地盤環境部
B57: 18 | C57: 1 | D57: 顧問 | E57: 5260 | F57: 39430 | G57: 795000 | H57: 9540000 | K57: K733 | L57: 技師３級扱 | M57: =VLOOKUP(T_資格[[#This Row],[資格名称]],T_賃率表[[#All],[資格区分]:[時間外単価]],4,FALSE) -> 455000 | O57: DC6400 | P57: 東京支店北関東事務所
B58: 19 | C58: 1 | D58: 嘱託 理事 | E58: 6230 | F58: 46720 | G58: 942000 | H58: 11304000 | K58: K740 | L58: 主事補扱 | M58: =VLOOKUP(T_資格[[#This Row],[資格名称]],T_賃率表[[#All],[資格区分]:[時間外単価]],4,FALSE) -> 424000 | O58: DC6700 | P58: 東京支店神奈川事務所
B59: 20 | C59: 1 | D59: 嘱託 副理事 | E59: 5010 | F59: 37540 | G59: 757000 | H59: 9084000 | O59: DC8100 | P59: 東京支店茨城営業所
B60: 21 | C60: 1 | D60: 嘱託 参事 | E60: 0 | F60: 0 | G60: 0 | H60: 0 | O60: DC8300 | P60: 東京支店群馬営業所
B61: 22 | C61: 1 | D61: 嘱託 副参事 | E61: 0 | F61: 0 | G61: 0 | H61: 0 | O61: DC8500 | P61: 東京支店千葉営業所
B62: 23 | C62: 1 | D62: 嘱託 その他 | E62: 2140 | F62: 16020 | G62: 323000 | H62: 3876000 | O62: DC8800 | P62: 東京支店甲府営業所
B63: 24 | C63: 1 | D63: 契約社員 理事 | E63: 5040 | F63: 37740 | G63: 761000 | H63: 9132000 | O63: DCB000 | P63: 流域・都市事業部
B64: 25 | C64: 1 | D64: 契約社員 副理事 | E64: 5980 | F64: 44830 | G64: 904000 | H64: 10848000 | O64: DCC000 | P64: 交通運輸事業部
B65: 26 | C65: 1 | D65: 契約社員 参事 | E65: 6540 | F65: 49000 | G65: 988000 | H65: 11856000 | O65: DCD000 | P65: 国土保全事業部
B66: 27 | C66: 1 | D66: 契約社員 副参事 | E66: 5290 | F66: 39620 | G66: 799000 | H66: 9588000 | O66: DCF000 | P66: 社会システム事業部
B67: 28 | C67: 1 | D67: 契約社員 その他 | E67: 3160 | F67: 23660 | G67: 477000 | H67: 5724000 | O67: DCG000 | P67: 東京支店
B68: 31 | C68: 1 | D68: 非常勤 | E68: 2090 | F68: 15670 | G68: 316000 | H68: 3792000 | O68: DCH000 | P68: インフラマネジメント事業部
B69: 32 | C69: 1 | D69: 臨時 | E69: 0 | F69: 0 | G69: 0 | H69: 0 | O69: DF0000 | P69: 仙台支店
B70: 16 | C70: 0 | D70: － | E70: 2470 | F70: 18500 | G70: 373000 | H70: 4476000 | I70: 2040 | O70: DF0100 | P70: 仙台支店営業企画部
O71: DF0200 | P71: 仙台支店積算室
O72: DF0400 | P72: 仙台支店技術第一部
O73: DF0500 | P73: 仙台支店技術第二部
O74: DF0600 | P74: 仙台支店プロポーザル推進室
O75: DF0800 | P75: 仙台支店ＣＭ推進室
O76: DF0900 | P76: 仙台支店震災復興室
O77: DF6200 | P77: 仙台支店北東北事務所
O78: DF8100 | P78: 仙台支店青森営業所
O79: DF8400 | P79: 仙台支店秋田営業所
O80: DF8600 | P80: 仙台支店福島営業所
O81: DG0000 | P81: 札幌支店
O82: DG0100 | P82: 札幌支店営業企画部
... O84: DG0400 | P84: 札幌支店技術第一部
C85: 個人賃率： | O85: DG0500 | P85: 札幌支店技術第二部
C86: 0=標準適用 | F86: 年間稼動日数 | G86: 242 | H86: 日 | O86: DH0000 | P86: 福岡支店
C87: 1=個人適用 | F87: 年間稼動時間 | G87: 1815 | H87: 時間 | O87: DH0100 | P87: 福岡支店営業企画部
O88: DH0200 | P88: 福岡支店積算室
O89: DH0400 | P89: 福岡支店技術第一部
O90: DH0500 | P90: 福岡支店技術第二部
O91: DH0600 | P91: 福岡支店プロポーザル推進室
O92: DH6300 | P92: 福岡支店長崎事務所
O93: DH6800 | P93: 福岡支店沖縄事務所
O94: DH8200 | P94: 福岡支店佐賀営業所
O95: DH8500 | P95: 福岡支店大分営業所
O96: DH8700 | P96: 福岡支店鹿児島営業所
O97: DJ0000 | P97: 大阪支店
O98: DJ0100 | P98: 大阪支店営業企画部
O99: DJ0200 | P99: 大阪支店積算室
... O220: PG5600 | P220: 福島事業所電力機器部

Sheet ⑧回覧書式
H2: 実行予算 回覧フォーム | S2: 予算区分 | W2: 予算種類
S3: □ | T3: 新規 | W3: □ | X3: 総括
B4: （プロジェクト番号） | E4: =プロジェクトコード -> JA15R1003P | S4: □ | T4: 変更 | W4: ☑ | X4: 単年度
W5: （ | Z5: 年度）
B6: （件名） | E6: =プロジェクト件名 -> ハノイ環状3号線マイジック～南タンロン区間実施設計
B9: 申請部 | M9: 業務種別 | T9: 計上基準 | X9: 計上基準
B10: J1 | D10: J2 | F10: J3 | H10: J4 | J10: ARD | M10: □ | N10: 調査 | P10: □ | T10: □ | U10: 完成 | X10: =完成基準 -> 出来高
B11: □ | C11: KE | D11: □ | E11: KR | F11: □ | G11: KL | H11: □ | I11: KW | J11: □ | K11: KU | M11: □ | N11: 設計 | P11: □ | T11: □ | U11: 部分完成
B12: □ | C12: KH | D12: □ | E12: KD | F12: □ | G12: KT | H12: □ | I12: KQ | M12: □ | N12: 施工監理 | P12: □ | T12: □ | U12: 出来高
D13: □ | E13: KX | H13: □ | I13: KG | M13: □ | N13: その他
M14: （ | R14: ）
B16: 回覧記録 | I16: *差戻し日/確認日を記入下さい
B17: 担当組織 | G17: 決裁区分 | I17: 所見欄 | O17: 捺印欄 ※適合の場合 | R17: コメント欄 （特に差戻しの場合は、記載下さる様お願いします。）
I18: 差戻し日 | L18: 確認日
B19: 《社長》 | D19: ※KZより提出致します
C20: 社長 | G20: A | H20: □ | I20: □ | J20: 不適合 | L20: □ | M20: 適合 | O20: （捺印）
B22: 《事業本部》
C23: 事業本部長 | G23: Ba | H23: □ | I23: □ | J23: 不適合 | L23: □ | M23: 適合 | O23: （捺印）
C25: 副事業本部長 | G25: Bb | H25: □ | I25: □ | J25: 不適合 | L25: □ | M25: 適合 | O25: （捺印）
C27: 副事業本部長 | I27: □ | J27: 不適合 | L27: □ | M27: 適合 | O27: （捺印）
B29: 《営業部》 | D29: ※確認後は、KZへ返却下さい。
C30: 営業部長 | I30: □ | J30: 不適合 | L30: □ | M30: 適合 | O30: （捺印）
B32: 《業務部》
C33: 業務部長 | I33: □ | J33: 不適合 | L33: □ | M33: 適合 | O33: （捺印）
C36: 担当者 | I36: □ | J36: 不適合 | L36: □ | M36: 確認 | O36: （捺印）
B38: 《事業部》
C39: 事業部長 | G39: Ca | H39: □ | I39: □ | J39: 不適合 | L39: □ | M39: 適合 | O39: （捺印）
B41: 《主管部》
C42: 部長 | L42: □ | M42: 確認 | O42: （捺印）
C44: 担当課長 | L44: □ | M44: 確認 | O44: （捺印）
B46: 《プロジェクト/調査団》
C47: 団長/ﾌﾟﾛｼﾞｪｸﾄﾏﾈｰｼﾞｬｰ | O47: （捺印）
C49: 担当者（申請者） | O49: （捺印）
B52: 業務部文書担当 | F52: ※承認済の書類は、複写を業務部にて保管する。
B53: 《業務部》 | I53: 受付日 | O53: 返却日 | U53: 受付番号 ※業務部記入
C54: 受付 | I54: □ | J54: 台帳記録 | L54: （捺印） | O54: □ | P54: 台帳記録 | R54: （捺印） | V54: - | X54: - | Z54: -
B57: 回覧上の注意事項
C58: 1．申請部は、申請書類の内容に応じて「総括」、「単年度」にチェックを入れて下さい。（単年度の場合は、申請予算の対象年度を記入下さい。）
C59: 2．申請部は、プロジェクト番号、件名等の記入、申請部署、業務種別、計上基準にチェックを入れて下さい。
C60: 3．申請者は、申請金額（売上高）にもとづいて対象の決裁区分欄にチェックを入れて下さい。 | P60: （注 ： 不明な場合は、業務部に確認下さい。）
D61: A稟議：10億円以上（但し、20億円以上は経営会議事項）、Ba稟議：3億円以上10億円未満、Bb稟議：1億円以上3億円未満、Ca稟議：1億円未満
C62: 4．主管部は事業部長までの確認を受領の上、業務部へ書類を提出下さい。 | N62: 業務部は主管部からの提出書類に受付場号を記録の上、回覧致します。
C63: 5．確認者は提出内容に指摘がある場合は、所見欄の「不適合」にチェックを入れ、差戻し日を記入の上で主管部長へ返信ください。
C64: 差し戻された実行予算については、コメントの内容を確認の上で実行予算を修正の上、差し戻された確認者へ返却下さい。
C65: 6．確認者は提出内容を適切と判断した場合は、所見欄の「適合」にチェックを入れ、確認日を記入し、次の確認者へ回覧下さい。
C66: 7．決裁区分が『Ca』稟議の場合には、業務部にて受付後に回覧書式と実行予算書類の１部を主管部へ返却致します。
C67: 8．決裁区分が『A』稟議の場合には、事業本部長の確認後、業務部より社長室へ提出致します。
C68: 9．手続きの完了した実行予算については１部を業務部保管とし、１部を主管部へ返却致します。
W69: （書式改定日） | Z69: 42055

Sheet 参考 勘定科目
D1: 勘定科目一覧表（国内・一般経費版） | E1: 勘定科目一覧表（海外版） | I1: 更新日：2012/07/24
A2: 発生 | B2: STTYM | C2: STTYCD | D2: STTYCD | E2: 摘要名 | F2: 証票 | G2: 勘定科目 | H2: 勘定科目名 | I2: メモ
B3: ◆◆◆材料費◆◆◆ | C3: 9001000 | D3: 9001000 | E3: ◆◆◆材料費◆◆◆
B4: 納入機材（国内調達分） | C4: 9001021 | D4: 9001021 | E4: 納入機材（国内調達分） | F4: ○ | G4: 90000102 | H4: 引渡機材 | I4: 日本国内で調達し、契約上、納入機材と明記され、契約相手に引渡されるもの（これに対する運搬費・梱包費含む） | L4: =H4&"（"&E4&":"&I4&"）" -> 引渡機材（納入機材（国内調達分）:日本国内で調達し、契約上、納入機材と明記され、契約相手に引渡されるもの（これに対する運搬費・梱包費含む））
A5: 3 | B5: 工事用消耗品 | C5: 9001121 | D5: 9001121 | E5: 工事用消耗品 | F5: ○ | G5: 90000112 | H5: 製品･工事用消耗品 | I5: 工具（ﾍﾟﾝﾁ・ﾄﾞﾗｲﾊﾞｰ等）、ﾍﾟﾝｷ、ｹｰﾌﾞﾙ、ｺﾝﾃﾅ,ｳｴｽ、ｶﾝﾀﾌﾞ、巻尺、土のう袋、、ﾃｰﾌﾞﾙﾀｯﾌﾟ、ｶﾞﾑﾃｰﾌﾟ、蛍光灯 | L5: =H5&"（"&E5&":"&I5&"）" -> 製品･工事用消耗品（工事用消耗品:工具（ﾍﾟﾝﾁ・ﾄﾞﾗｲﾊﾞｰ等）、ﾍﾟﾝｷ、ｹｰﾌﾞﾙ、ｺﾝﾃﾅ,ｳｴｽ、ｶﾝﾀﾌﾞ、巻尺、土のう袋、、ﾃｰﾌﾞﾙﾀｯﾌﾟ、ｶﾞﾑﾃｰﾌﾟ、蛍光灯）
A6: 27 | B6: 材料費（海外発生分） | C6: 9001601 | D6: 9001601 | E6: 材料費（海外発生分） | F6: ○ | G6: 90000160 | H6: 海外出張精算 | I6: 海外出張先にて調達した材料費 | L6: =H6&"（"&E6&":"&I6&"）" -> 海外出張精算（材料費（海外発生分）:海外出張先にて調達した材料費）
A7: 1 | B7: 納入機材（海外調達分） | C7: 9001621 | D7: 9001621 | E7: 納入機材（海外調達分） | F7: ○ | G7: 90000162 | H7: 引渡機材(海外調達分) | I7: 海外で調達分で契約上、納入機材と明記され、契約相手に引渡されるもの（これに対する運搬費・梱包費含む） | L7: =H7&"（"&E7&":"&I7&"）" -> 引渡機材(海外調達分)（納入機材（海外調達分）:海外で調達分で契約上、納入機材と明記され、契約相手に引渡されるもの（これに対する運搬費・梱包費含む））
B8: ◆◆◆外注費◆◆◆ | C8: 9002000 | D8: 9002000 | E8: ◆◆◆外注費◆◆◆ | L8: =H8&"（"&E8&":"&I8&"）" -> （◆◆◆外注費◆◆◆:）
B9: 現地再委託費（海外発生分） | C9: 9002601 | D9: 9002601 | E9: 現地再委託費（海外発生分） | F9: ○ | G9: 90000260 | H9: 海外旅費精算 | I9: 海外出張先にて支払った外注費 | L9: =H9&"（"&E9&":"&I9&"）" -> 海外旅費精算（現地再委託費（海外発生分）:海外出張先にて支払った外注費）
E10: 外注直接経費 | F10: ○ | G10: 90000277 | H10: 外注直接経費 | I10: 海外案件で国内外事業者・個人との人員借上契約に基づき支払う日当・宿泊費等（消費税対象外のみ適用） | L10: =H10&"（"&E10&":"&I10&"）" -> 外注直接経費（外注直接経費:海外案件で国内外事業者・個人との人員借上契約に基づき支払う日当・宿泊費等（消費税対象外のみ適用））
B11: ◆◆◆労務費◆◆◆ | C11: 9004000 | D11: 9004000 | E11: ◆◆◆労務費◆◆◆ | L11: =H11&"（"&E11&":"&I11&"）" -> （◆◆◆労務費◆◆◆:）
A12: 8 | B12: ローカルスタッフ賃金 | C12: 9004601 | D12: 9004601 | E12: ローカルスタッフ賃金 | F12: ○ | G12: 90000460 | H12: 海外出張精算 | I12: ローカルスタッフ、カウンターパート等の賃金 | L12: =H12&"（"&E12&":"&I12&"）" -> 海外出張精算（ローカルスタッフ賃金:ローカルスタッフ、カウンターパート等の賃金）
A13: 42 | B13: 現地傭人費（通訳・技術者等） | C13: 9004602 | D13: 9004602 | E13: 現地傭人費（通訳・技術者等） | F13: ○ | G13: 90000460 | H13: 海外出張精算 | I13: 通訳・ドライバー・エンジニア・オペレータ・現地秘書等の給与 | L13: =H13&"（"&E13&":"&I13&"）" -> 海外出張精算（現地傭人費（通訳・技術者等）:通訳・ドライバー・エンジニア・オペレータ・現地秘書等の給与）
B14: ◆◆◆通信交通費◆◆◆ | C14: 9005000 | D14: 9005000 | E14: ◆◆◆通信交通費◆◆◆ | L14: =H14&"（"&E14&":"&I14&"）" -> （◆◆◆通信交通費◆◆◆:）
A15: 1 | B15: 国内平日日当・宿泊手当 | C15: 9005011 | D15: 9005011 | E15: 国内平日日当・宿泊手当 | F15: - | G15: 90000501 | H15: 交 通 費 | I15: 国内出張の平日日当・宿泊手当 | L15: =H15&"（"&E15&":"&I15&"）" -> 交 通 費（国内平日日当・宿泊手当:国内出張の平日日当・宿泊手当）
A16: 126 | B16: 国内交通運賃（国内航空券含む） | C16: 9005012 | D16: 9005012 | E16: 国内交通運賃（国内航空券含む） | F16: ○ | G16: 90000501 | H16: 交 通 費 | I16: 国内移動のための電車、バス、タクシー、レンタカー、ガソリン代、国内航空料金 | L16: =H16&"（"&E16&":"&I16&"）" -> 交 通 費（国内交通運賃（国内航空券含む）:国内移動のための電車、バス、タクシー、レンタカー、ガソリン代、国内航空料金）
B17: レンカター・ガソリン代（円貨） | C17: 9005013 | D17: 9005013 | E17: レンカター・ガソリン代（円貨） | F17: ○ | G17: 90000501 | H17: 交 通 費 | I17: 国内移動のための電車、バス、タクシー、レンタカー、ガソリン代、国内航空料金 | L17: =H17&"（"&E17&":"&I17&"）" -> 交 通 費（レンカター・ガソリン代（円貨）:国内移動のための電車、バス、タクシー、レンタカー、ガソリン代、国内航空料金）
A18: 3 | B18: 休日日当 | C18: 9005021 | D18: 9005021 | E18: 休日日当 | F18: - | G18: 90000502 | H18: 休日日当 | I18: 国内出張に於ける休日日当 | L18: =H18&"（"&E18&":"&I18&"）" -> 休日日当（休日日当:国内出張に於ける休日日当）
A19: 15 | B19: 渡航支度金 | C19: 9005041 | D19: 9005041 | E19: 渡航支度金 | F19: - | G19: 90000504 | H19: 渡航支度金 | I19: 海外渡航支度金 | L19: =H19&"（"&E19&":"&I19&"）" -> 渡航支度金（渡航支度金:海外渡航支度金）
A20: 9 | B20: 渡航諸費（国内発生分） | C20: 9005051 | D20: 9005051 | E20: 渡航諸費（国内発生分） | F20: ○ | G20: 90000505 | H20: 渡航諸費 | I20: 海外渡航に伴う予防注射（現金払いのみ）、渡航用写真 ※印紙で支払った予防注射は「渡航諸費（パスポート、ビザ取得）」で処理 | L20: =H20&"（"&E20&":"&I20&"）" -> 渡航諸費（渡航諸費（国内発生分）:海外渡航に伴う予防注射（現金払いのみ）、渡航用写真 ※印紙で支払った予防注射は「渡航諸費（パスポート、ビザ取得）」で処理）
A21: 12 | B21: 研修生費用（国内発生分） | C21: 9005071 | D21: 9005071 | E21: 研修生費用（国内発生分） | F21: ○ | G21: 90000507 | H21: 研修生費用 | I21: 課税：契約上の海外研修生の国内宿泊日当・交通費 | L21: =H21&"（"&E21&":"&I21&"）" -> 研修生費用（研修生費用（国内発生分）:課税：契約上の海外研修生の国内宿泊日当・交通費）
A22: 1 | B22: 研修生費用（海外発生分） | C22: 9005072 | D22: 9005072 | E22: 研修生費用（海外発生分） | F22: ○ | G22: 90000567 | H22: 研修生費用 | I22: 非課税：契約上の海外研修生の国内宿泊日当・交通費 | L22: =H22&"（"&E22&":"&I22&"）" -> 研修生費用（研修生費用（海外発生分）:非課税：契約上の海外研修生の国内宿泊日当・交通費）
B23: 切手・葉書・郵便料金等（国内） | C23: 9005081 | D23: 9005081 | E23: 切手・葉書・郵便料金等（国内） | F23: ○ | G23: 90000508 | H23: 郵便料金 | I23: 切手・葉書・速達・書留等郵便料金 | L23: =H23&"（"&E23&":"&I23&"）" -> 郵便料金（切手・葉書・郵便料金等（国内）:切手・葉書・速達・書留等郵便料金）
A24: 19 | B24: 国内電信電話料 | C24: 9005101 | D24: 9005101 | E24: 電信電話料（国内発生分） | F24: ○ | G24: 90000510 | H24: 電信電話料 | I24: 電話料金、FAX料金、携帯料金・ﾃﾚﾎﾝｶｰﾄﾞ、ﾓﾊﾞｲﾗｰｽﾞﾁｪｯｸ、ＮＨＫ受信料、電報、インターネット使用料 | L24: =H24&"（"&E24&":"&I24&"）" -> 電信電話料（電信電話料（国内発生分）:電話料金、FAX料金、携帯料金・ﾃﾚﾎﾝｶｰﾄﾞ、ﾓﾊﾞｲﾗｰｽﾞﾁｪｯｸ、ＮＨＫ受信料、電報、インターネット使用料）
A25: 832 | B25: 宅急便・運搬費 | C25: 9005211 | D25: 9005211 | E25: 宅急便・運搬費 | F25: ○ | G25: 90000521 | H25: 運 搬 費 | I25: 宅配便 | L25: =H25&"（"&E25&":"&I25&"）" -> 運 搬 費（宅急便・運搬費:宅配便）
A26: 2190 | B26: 通信費・交通費（海外発生分） | C26: 9005601 | D26: 9005601 | E26: 通信費・交通費（海外発生分） | F26: ○ | G26: 90000560 | H26: 海外出張精算 | I26: 海外出張先にて使用した通信費、交通費 | L26: =H26&"（"&E26&":"&I26&"）" -> 海外出張精算（通信費・交通費（海外発生分）:海外出張先にて使用した通信費、交通費）
A27: 217 | B27: 現地使用レンタカー・ガソリン代 | C27: 9005602 | D27: 9005602 | E27: 現地使用レンタカー・ガソリン代 | F27: ○ | G27: 90000560 | H27: 海外出張精算 | I27: 海外出張先にて使用したレンタカー・ガソリン代 | L27: =H27&"（"&E27&":"&I27&"）" -> 海外出張精算（現地使用レンタカー・ガソリン代:海外出張先にて使用したレンタカー・ガソリン代）
A28: 906 | B28: 空港税・出国税 | C28: 9005603 | D28: 9005603 | E28: 空港税・出国税 | F28: ○ | G28: 90000560 | H28: 海外出張精算 | L28: =H28&"（"&E28&":"&I28&"）" -> 海外出張精算（空港税・出国税:）
A29: 5 | B29: 副参事以下差額手当 | C29: 9005611 | D29: 9005611 | E29: 副参事以下差額手当 | F29: - | G29: 90000562 | H29: 海外手当 | L29: =H29&"（"&E29&":"&I29&"）" -> 海外手当（副参事以下差額手当:）
A30: 15 | B30: 海外手当 | C30: 9005621 | D30: 9005621 | E30: 海外手当 | F30: ○ | G30: 90000562 | H30: 海外手当 | I30: 駐勤手当及び海外出張に於ける日当・宿泊その他諸手当 | L30: =H30&"（"&E30&":"&I30&"）" -> 海外手当（海外手当:駐勤手当及び海外出張に於ける日当・宿泊その他諸手当）
A31: 2658 | B31: 海外駐勤手当（長期含む） | C31: 9005622 | D31: 9005622 | E31: 海外駐勤手当（長期含む） | F31: - | G31: 90000562 | H31: 海外手当 | L31: =H31&"（"&E31&":"&I31&"）" -> 海外手当（海外駐勤手当（長期含む）:）
A32: 1037 | B32: ホテル代実費精算 | C32: 9005623 | D32: 9005623 | E32: ホテル代実費（規程超過分） | F32: ○ | G32: 90000562 | H32: 海外手当 | I32: 駐勤手当及び海外出張に於ける日当・宿泊その他諸手当 | L32: =H32&"（"&E32&":"&I32&"）" -> 海外手当（ホテル代実費（規程超過分）:駐勤手当及び海外出張に於ける日当・宿泊その他諸手当）
A33: 40 | B33: Dayuse（ホテル）代 | C33: 9005624 | D33: 9005624 | E33: Dayuse（ホテル）代 | F33: ○ | G33: 90000560 | H33: 海外出張精算 | I33: 乗継等で利用したDayuse(ホテル代) | L33: =H33&"（"&E33&":"&I33&"）" -> 海外出張精算（Dayuse（ホテル）代:乗継等で利用したDayuse(ホテル代)）
A34: 194 | B34: 海外航空料金 | C34: 9005631 | D34: 9005631 | E34: 海外航空料金 | F34: ○ | G34: 90000563 | H34: 海外航空料金 | I34: 国際線航空料金 | L34: =H34&"（"&E34&":"&I34&"）" -> 海外航空料金（海外航空料金:国際線航空料金）
A35: 155 | B35: パスポート・ビザ取得費 | C35: 9005651 | D35: 9005651 | E35: パスポート・ビザ取得費 | F35: ○ | G35: 90000565 | H35: 渡航諸費 | I35: ﾊﾟｽﾎﾟｰﾄ､ﾋﾞｻﾞ取得費 | L35: =H35&"（"&E35&":"&I35&"）" -> 渡航諸費（パスポート・ビザ取得費:ﾊﾟｽﾎﾟｰﾄ､ﾋﾞｻﾞ取得費）
A36: 1 | B36: 研修生費用 | C36: 9005671 | E36: 研修生費用 | G36: 90000567 | L36: =H36&"（"&E36&":"&I36&"）" -> （研修生費用:）
A37: 106 | B37: 国際電信電話料 | C37: 9005691 | D37: 9005691 | E37: 国際電信電話料 | F37: ○ | G37: 90000569 | H37: 国際電信電話料 | I37: 国際テレックス・ファックス・電話料金（非課税分）、海外用携帯電話通信料 | L37: =H37&"（"&E37&":"&I37&"）" -> 国際電信電話料（国際電信電話料:国際テレックス・ファックス・電話料金（非課税分）、海外用携帯電話通信料）
A38: 15 | B38: ＤＨＬ、国際郵便代・運送保険料 | C38: 9005711 | D38: 9005711 | E38: ＤＨＬ、国際郵便代・運送保険料 | F38: ○ | G38: 90000571 | H38: 運搬費及び諸経費 | I38: 会社書類の運搬費（ＤＨＬ、国際小包）及び運送保険料 | L38: =H38&"（"&E38&":"&I38&"）" -> 運搬費及び諸経費（ＤＨＬ、国際郵便代・運送保険料:会社書類の運搬費（ＤＨＬ、国際小包）及び運送保険料）
A39: 2 | B39: エアカーゴ・資機材輸出入関連費 | C39: 9005712 | D39: 9005712 | E39: エアカーゴ・資機材輸出入関連費 | F39: ○ | G39: 90000571 | H39: 運搬費及び諸経費 | I39: 資機材の輸出入に関する陸上・海上運賃・エアカーゴ代 | L39: =H39&"（"&E39&":"&I39&"）" -> 運搬費及び諸経費（エアカーゴ・資機材輸出入関連費:資機材の輸出入に関する陸上・海上運賃・エアカーゴ代）
A40: 213 | B40: エクセス代 | C40: 9005731 | D40: 9005731 | E40: エクセス代 | F40: ○ | G40: 90000573 | H40: ｴｸｾｽ代 | I40: エクセス代 | L40: =H40&"（"&E40&":"&I40&"）" -> ｴｸｾｽ代（エクセス代:エクセス代）
B41: ◆◆◆事務用品複写費◆◆◆ | C41: 9006000 | D41: 9006000 | E41: ◆◆◆事務用品複写費◆◆◆ | L41: =H41&"（"&E41&":"&I41&"）" -> （◆◆◆事務用品複写費◆◆◆:）
A42: 19 | B42: 写真代・複写費（国内発生分） | C42: 9006021 | D42: 9006021 | E42: 写真代・複写費（国内発生分） | F42: ○ | G42: 90000601 | H42: 印刷･複写費 | I42: コピー代・青焼き・写真・フィルム代、印刷物等 | L42: =H42&"（"&E42&":"&I42&"）" -> 印刷･複写費（写真代・複写費（国内発生分）:コピー代・青焼き・写真・フィルム代、印刷物等）
A43: 69 | B43: 消耗品代（国内発生分） | C43: 9006031 | D43: 9006031 | E43: 事務用消耗品費（国内発生分） | F43: ○ | G43: 90000603 | H43: 消耗品費 | I43: 鉛筆、消しゴム、野帳、その他一般事務消耗品 | L43: =H43&"（"&E43&":"&I43&"）" -> 消耗品費（事務用消耗品費（国内発生分）:鉛筆、消しゴム、野帳、その他一般事務消耗品）
A44: 16 | B44: 備品（国内購入１０万未満） | C44: 9006041 | D44: 9006041 | E44: 備品（国内購入１０万未満） | F44: ○ | G44: 90000604 | H44: 備 品 費 | I44: 机､椅子､ﾛｯｶｰ、携帯電話 | L44: =H44&"（"&E44&":"&I44&"）" -> 備 品 費（備品（国内購入１０万未満）:机､椅子､ﾛｯｶｰ、携帯電話）
A45: 38 | B45: OA用品（国内購入10万未満） | C45: 9006042 | D45: 9006042 | E45: OA用品（国内購入１０万未満） | F45: ○ | G45: 90000604 | H45: 備 品 費 | I45: OA・ｶﾒﾗ | L45: =H45&"（"&E45&":"&I45&"）" -> 備 品 費（OA用品（国内購入１０万未満）:OA・ｶﾒﾗ）
A46: 27 | B46: 備品（海外購入１０万未満） | C46: 9006043 | D46: 9006043 | E46: 備品（海外購入１０万未満） | F46: ○ | G46: 90000660 | H46: 海外出張精算 | I46: 机､椅子､ﾛｯｶｰ、携帯電話 | L46: =H46&"（"&E46&":"&I46&"）" -> 海外出張精算（備品（海外購入１０万未満）:机､椅子､ﾛｯｶｰ、携帯電話）
A47: 29 | B47: OA用品（海外購入１０万未満） | C47: 9006044 | D47: 9006044 | E47: OA用品（海外購入１０万未満） | F47: ○ | G47: 90000660 | H47: 海外出張精算 | I47: OA・ｶﾒﾗ | L47: =H47&"（"&E47&":"&I47&"）" -> 海外出張精算（OA用品（海外購入１０万未満）:OA・ｶﾒﾗ）
A48: 20 | B48: 新聞図書費（国内発生分） | C48: 9006051 | D48: 9006051 | E48: 新聞図書費（国内発生分） | F48: ○ | G48: 90000605 | H48: 新聞図書費 | I48: 書籍閲覧代、新聞、地図、参考図書、文献データ | L48: =H48&"（"&E48&":"&I48&"）" -> 新聞図書費（新聞図書費（国内発生分）:書籍閲覧代、新聞、地図、参考図書、文献データ）
A49: 1 | B49: ソフトウエア（国内10万未満） | C49: 9006081 | D49: 9006081 | E49: ソフトウエア（国内10万未満） | F49: ○ | G49: 90000608 | H49: ｿﾌﾄｳｴｱ | I49: ﾊﾞｰｼﾞｮﾝｱｯﾌﾟ代 | L49: =H49&"（"&E49&":"&I49&"）" -> ｿﾌﾄｳｴｱ（ソフトウエア（国内10万未満）:ﾊﾞｰｼﾞｮﾝｱｯﾌﾟ代）
A50: 4 | B50: ソフトウエア（海外10万未満） | C50: 9006082 | D50: 9006082 | E50: ソフトウエア（海外10万未満） | F50: ○ | G50: 90000668 | H50: 海外ｿﾌﾄｳｴｱ | I50: 海外で取得した１０万未満のソフトウエア | L50: =H50&"（"&E50&":"&I50&"）" -> 海外ｿﾌﾄｳｴｱ（ソフトウエア（海外10万未満）:海外で取得した１０万未満のソフトウエア）
A51: 316 | B51: 事務用品・複写費（海外発生分） | C51: 9006601 | D51: 9006601 | E51: 事務用品・複写費（海外発生分） | F51: ○ | G51: 90000660 | H51: 海外出張精算 | I51: 海外出張先にて支払った事務用品・複写費、新聞図書費 | L51: =H51&"（"&E51&":"&I51&"）" -> 海外出張精算（事務用品・複写費（海外発生分）:海外出張先にて支払った事務用品・複写費、新聞図書費）
B52: ◆◆◆福利厚生費◆◆◆ | C52: 9007000 | D52: 9007000 | E52: ◆◆◆福利厚生費◆◆◆ | L52: =H52&"（"&E52&":"&I52&"）" -> （◆◆◆福利厚生費◆◆◆:）
A53: 9 | B53: 医薬品・医療費（国内発生分） | C53: 9007011 | D53: 9007011 | E53: 医薬品・医療費（国内発生分） | F53: ○ | G53: 90000701 | H53: 保険衛生･医療費 | I53: 医薬品、医療費 | L53: =H53&"（"&E53&":"&I53&"）" -> 保険衛生･医療費（医薬品・医療費（国内発生分）:医薬品、医療費）
A54: 1 | B54: 厚生用雑品（国内発生分） | C54: 9007051 | D54: 9007051 | E54: 厚生用雑品（国内発生分） | F54: ○ | G54: 90000705 | H54: 厚生用雑品 | I54: 洗剤・衛生用品等、お茶 | L54: =H54&"（"&E54&":"&I54&"）" -> 厚生用雑品（厚生用雑品（国内発生分）:洗剤・衛生用品等、お茶）
A55: 12 | B55: 薬・水・厚生品（海外発生分） | C55: 9007601 | D55: 9007601 | E55: 薬・水・厚生品（海外発生分） | F55: ○ | G55: 90000760 | H55: 海外出張精算 | I55: 海外出張先にて支払った福利厚生費 | L55: =H55&"（"&E55&":"&I55&"）" -> 海外出張精算（薬・水・厚生品（海外発生分）:海外出張先にて支払った福利厚生費）
A56: 6 | B56: 医療費（海外発生分） | C56: 9007611 | D56: 9007611 | E56: 医療費（海外発生分） | F56: ○ | G56: 90000761 | H56: 海外医療費 | I56: 海外での健康診断等 | L56: =H56&"（"&E56&":"&I56&"）" -> 海外医療費（医療費（海外発生分）:海外での健康診断等）
B57: ◆◆◆会議費◆◆◆ | C57: 9008000 | D57: 9008000 | E57: ◆◆◆会議費【貼付】◆◆◆ | L57: =H57&"（"&E57&":"&I57&"）" -> （◆◆◆会議費【貼付】◆◆◆:）
A58: 4 | B58: 会議費・開催会場費（国内発生） | C58: 9008011 | D58: 9008011 | E58: 会議費・開催会場費（国内発生） | F58: ○ | G58: 90000801 | H58: 会 議 費 | I58: 【会議費請求書用紙貼付】通常会議を行う場所での茶菓子、弁当代、会場費 | L58: =H58&"（"&E58&":"&I58&"）" -> 会 議 費（会議費・開催会場費（国内発生）:【会議費請求書用紙貼付】通常会議を行う場所での茶菓子、弁当代、会場費）
A59: 109 | B59: 会議費・開催会場費（海外発生） | C59: 9008601 | D59: 9008601 | E59: 会議費・開催会場費（海外発生） | F59: ○ | G59: 90000860 | H59: 海外出張精算 | I59: 【会議費請求書用紙貼付】通常会議を行う場所での茶菓子、弁当代、会場費 | L59: =H59&"（"&E59&":"&I59&"）" -> 海外出張精算（会議費・開催会場費（海外発生）:【会議費請求書用紙貼付】通常会議を行う場所での茶菓子、弁当代、会場費）
B60: ◆◆◆交際費◆◆◆ | C60: 9009000 | D60: 9009000 | E60: ◆◆◆交際費◆◆◆ | L60: =H60&"（"&E60&":"&I60&"）" -> （◆◆◆交際費◆◆◆:）
A61: 45 | B61: 交際費（国内課税対象分） | C61: 9009011 | D61: 9009011 | E61: 交際費（国内課税対象分） | F61: ○ | G61: 90000901 | H61: 接 待 費 | I61: 飲食代、ゴルフプレー代（利用税除く）、客先宿泊料、懇親会費、手土産代、中元・歳暮、 ゴルフ会費・コンペ賞品代、客先交通費、祝い品、社外への花輪・生花 | L61: =H61&"（"&E61&":"&I61&"）" -> 接 待 費（交際費（国内課税対象分）:飲食代、ゴルフプレー代（利用税除く）、客先宿泊料、懇親会費、手土産代、中元・歳暮、 ゴルフ会費・コンペ賞品代、客先交通費、祝い品、社外への花輪・生花）
A62: 63 | B62: 交際費（国内非課税分） | C62: 9009022 | D62: 9009022 | E62: 交際費（国内非課税分） | F62: ○ | G62: 90000960 | H62: 海外出張精算 | I62: 国内非課税分（免税店購入）の土産代 | L62: =H62&"（"&E62&":"&I62&"）" -> 海外出張精算（交際費（国内非課税分）:国内非課税分（免税店購入）の土産代）
A63: 157 | B63: 交際費（海外発生分） | C63: 9009601 | D63: 9009601 | E63: 交際費（海外発生分） | F63: ○ | G63: 90000960 | H63: 海外出張精算 | I63: 海外出張先にて支払った交際費 | L63: =H63&"（"&E63&":"&I63&"）" -> 海外出張精算（交際費（海外発生分）:海外出張先にて支払った交際費）
B64: ◆◆◆修繕維持費◆◆◆ | C64: 9010000 | D64: 9010000 | E64: ◆◆◆修繕維持費◆◆◆ | L64: =H64&"（"&E64&":"&I64&"）" -> （◆◆◆修繕維持費◆◆◆:）
A65: 3 | B65: 修繕維持費（海外発生分） | C65: 9010601 | D65: 9010601 | E65: 修繕維持費（海外発生分） | F65: ○ | G65: 90001060 | H65: 海外出張精算 | I65: 海外出張先にて支払った修繕費 | L65: =H65&"（"&E65&":"&I65&"）" -> 海外出張精算（修繕維持費（海外発生分）:海外出張先にて支払った修繕費）
B66: ◆◆◆動力用水光熱費◆◆◆ | C66: 9011000 | D66: 9011000 | E66: ◆◆◆動力用水光熱費◆◆◆ | L66: =H66&"（"&E66&":"&I66&"）" -> （◆◆◆動力用水光熱費◆◆◆:）
B67: 水道光熱費（海外発生分） | C67: 9011602 | D67: 9011602 | E67: 水道光熱費（海外発生分） | F67: ○ | G67: 90001160 | H67: 海外出張精算 | I67: 海外出張先にて支払った水道・光熱費 | L67: =H67&"（"&E67&":"&I67&"）" -> 海外出張精算（水道光熱費（海外発生分）:海外出張先にて支払った水道・光熱費）
B68: ◆◆◆諸賃借料◆◆◆ | C68: 9013000 | D68: 9013000 | E68: ◆◆◆諸賃借料◆◆◆ | L68: =H68&"（"&E68&":"&I68&"）" -> （◆◆◆諸賃借料◆◆◆:）
A69: 3 | B69: 賃借料（国内発生分） | C69: 9013021 | D69: 9013021 | E69: 賃借料（国内発生分） | F69: ○ | G69: 90001301 | H69: 賃借料（レンタル料等） | I69: 機械・工具・損料・備品・特殊車両等レンタル料 ※作業に使用する特殊車両のレンタル料及び現場組立ハウス料含む 業務の都合により事務所内で作業ができずやむを得えず、旅館等での作業による宿泊料実費 注：保守・点検費用は修繕費で処理 （保管目的で賃貸契約した倉庫は｢1602｣、交通費目的のレンタルは｢0501｣ | L69: =H69&"（"&E69&":"&I69&"）" -> 賃借料（レンタル料等）（賃借料（国内発生分）:機械・工具・損料・備品・特殊車両等レンタル料 ※作業に使用する特殊車両のレンタル料及び現場組立ハウス料含む 業務の都合により事務所内で作業ができずやむを得えず、旅館等での作業による宿泊料実費 注：保守・点検費用は修繕費で処理 （保管目的で賃貸契約した倉庫は｢1602｣、交通費目的のレンタルは｢0501｣）
A70: 15 | B70: 賃借料、リース料（海外発生分） | C70: 9013601 | D70: 9013601 | E70: 賃借料、リース料（海外発生分） | F70: ○ | G70: 90001360 | H70: 海外出張精算 | I70: 海外出張先にて支払った備品レンタル、リース料、その他賃借料 | L70: =H70&"（"&E70&":"&I70&"）" -> 海外出張精算（賃借料、リース料（海外発生分）:海外出張先にて支払った備品レンタル、リース料、その他賃借料）
B71: ◆◆◆保険料◆◆◆ | C71: 9014000 | D71: 9014000 | E71: ◆◆◆保険料◆◆◆ | L71: =H71&"（"&E71&":"&I71&"）" -> （◆◆◆保険料◆◆◆:）
A72: 2 | B72: 傷害保険料（国内発生分） | C72: 9014031 | D72: 9014031 | E72: 傷害保険料（国内発生分） | F72: ○ | G72: 90001403 | H72: 傷害保険料 | I72: 海外出張に伴う海外旅行傷害保険料 | L72: =H72&"（"&E72&":"&I72&"）" -> 傷害保険料（傷害保険料（国内発生分）:海外出張に伴う海外旅行傷害保険料）
B73: ◆◆◆雑費◆◆◆ | C73: 9020000 | D73: 9020000 | E73: ◆◆◆雑費◆◆◆ | L73: =H73&"（"&E73&":"&I73&"）" -> （◆◆◆雑費◆◆◆:）
B74: ＯＪＴ関連費用（国内発生分） | C74: 9020031 | D74: 9020031 | E74: ＯＪＴ関連費用（国内発生分） | F74: ○ | G74: 90002003 | H74: 海外現場研修費 | I74: ＯＪＴに要する諸費用で国内にて発生する費用 | L74: =H74&"（"&E74&":"&I74&"）" -> 海外現場研修費（ＯＪＴ関連費用（国内発生分）:ＯＪＴに要する諸費用で国内にて発生する費用）
B75: 教育講習費（国内発生分） | C75: 9020101 | D75: 9020101 | E75: 教育講習費（国内発生分） | F75: ○ | G75: 90002001 | H75: 教育講習費 | L75: =H75&"（"&E75&":"&I75&"）" -> 教育講習費（教育講習費（国内発生分）:）
E76: 仮払戻入時の送金手数料 | F76: ○ | G76: 90002010 | H76: 送金手数料 | I76: 仮払戻入時に発生する振込手数料。作業科目は以下を指定してください。 日本工営の作業科目『XCA0070』、玉野の作業科目『XQA0000』 振り込みの際、振込人名には、『社員番号＋氏名』を入力してください。 | L76: =H76&"（"&E76&":"&I76&"）" -> 送金手数料（仮払戻入時の送金手数料:仮払戻入時に発生する振込手数料。作業科目は以下を指定してください。 日本工営の作業科目『XCA0070』、玉野の作業科目『XQA0000』 振り込みの際、振込人名には、『社員番号＋氏名』を入力してください。）
A77: 9 | B77: 送金手数料（国内現金送金のみ） | C77: 9020111 | D77: 9020111 | E77: 送金手数料（国内現金送金のみ） | F77: ○ | G77: 90002010 | H77: 送金手数料 | L77: =H77&"（"&E77&":"&I77&"）" -> 送金手数料（送金手数料（国内現金送金のみ）:）
A78: 20 | B78: 手数料・雑費（海外発生分） | C78: 9020601 | D78: 9020601 | E78: 手数料・雑費（海外発生分） | F78: ○ | G78: 90002060 | H78: 海外出張精算 | I78: 海外出張先にて支払った雑費 | L78: =H78&"（"&E78&":"&I78&"）" -> 海外出張精算（手数料・雑費（海外発生分）:海外出張先にて支払った雑費）
A79: 15 | B79: 教育講習費（海外発生分） | C79: 9020602 | D79: 9020602 | E79: 教育講習費（海外発生分） | F79: ○ | G79: 90002060 | H79: 海外出張精算 | I79: 海外出張先にて支払った雑費 | L79: =H79&"（"&E79&":"&I79&"）" -> 海外出張精算（教育講習費（海外発生分）:海外出張先にて支払った雑費）
B80: ＯＪＴ関連費用（海外発生分） | C80: 9020631 | D80: 9020631 | E80: ＯＪＴ関連費用（海外発生分） | F80: ○ | G80: 90002063 | H80: 海外現場研修費 | I80: ＯＪＴに要する諸費用で海外にて発生する費用 | L80: =H80&"（"&E80&":"&I80&"）" -> 海外現場研修費（ＯＪＴ関連費用（海外発生分）:ＯＪＴに要する諸費用で海外にて発生する費用）
A81: 2 | B81: 国内発生分その他雑費 | C81: 9020603 | D81: 9020603 | E81: 国内発生分その他雑費 | F81: ○ | G81: 90002089 | H81: その他雑費 | I81: 国内で発生したその他雑費(コインロッカー等） | L81: =H81&"（"&E81&":"&I81&"）" -> その他雑費（国内発生分その他雑費:国内で発生したその他雑費(コインロッカー等））
